Workbook

Sheet д) финансирование
A4: План финансирования капитальных вложений по инвестиционным проектам
A6: Инвестиционная программа Акционерного Общества "Вологодская Областная Энергетическая компания" на 2015-2019 г.
A7: полное наименование субъекта электроэнергетики
A9: Год раскрытия информации: 2017 год
A10: Инвестиционные проекты на 2018 - 2019 годы
A11: Утвержденные плановые значения показателей приведены в соответствии с Инвестиционной программой АО "Вологдаоблэнерго" на 2015-2019 гг, утвержденной Департаментом ТЭК Вологодской области 31.12.2014 г.
A12: реквизиты решения органа исполнительной власти, утвердившего инвестиционную программу
A14: Номер группы инвести-ционных проектов | B14: Наименование инвестиционного проекта (группы инвестиционных проектов) | C14: Идентификатор инвестицион-ного проекта | D14: Текущая стадия реализации инвестиционного проекта | E14: Год начала реализации инвестиционного проекта | F14: Год окончания реализации инвестицион-ного проекта | H14: Полная сметная стоимость инвестиционного проекта в соответствии с утвержденной проектной документацией | N14: Размер платы за технологическое присоединение (подключение), млн рублей | O14: Фактический объем финансирования на 01.01.2017 года, млн рублей (с НДС) | P14: Оценка полной стоимости инвестиционного проекта в соответствии с укрупненными нормативами цены типовых технологических решений капитального строительства объектов электроэнергетики | T14: Оценка полной стоимости инвестиционного проекта в прогнозных ценах соответствующих лет, млн рублей (с НДС) | V14: Остаток финансирования капитальных вложений в прогнозных ценах соответствующих лет, млн рублей (с НДС) | Y14: Финансирование капитальных вложений 2018 года в прогнозных ценах, млн рублей (с НДС) | AI14: Финансирование капитальных вложений в прогнозных ценах соответствующих лет, млн рублей (с НДС) | BM14: Краткое обоснование корректировки утвержденного плана
H15: План | K15: Предложение по корректировке утвержденного плана | P15: План | R15: Предложение по корректировке утвержденного плана | Y15: Утвержденный план | AD15: Предложение по корректировке утвержденного плана | AI15: Утвержденный план 2018 года | AN15: Предложение по корректировке утвержденного плана 2018 года | AS15: Утвержденный план 2019 года | AX15: Предложение по корректировке утвержденного плана 2019 года | BC15: Итого за период реализации инвестиционной программы (план) | BH15: Итого за период реализации инвестиционной программы (с учетом предложений по корректировке утвержденного плана)
F16: План | G16: Предложение по корректировке утвержденного плана | H16: в базисном уровне цен, млн рублей (с НДС) | I16: в ценах, сложившихся ко времени составления сметной документации, млн рублей (с НДС) | J16: месяц и год составления сметной документации | K16: в базисном уровне цен, млн рублей (с НДС) | L16: в ценах, сложившихся ко времени составления сметной документации, млн рублей (с НДС) | M16: месяц и год составления сметной документации | P16: в текущих ценах, млн рублей (с НДС) | Q16: в прогнозных ценах соответствующих лет, млн рублей (с НДС) | R16: в текущих ценах, млн рублей (с НДС) | S16: в прогнозных ценах соответствующих лет, млн рублей (с НДС) | T16: План | U16: Предложение по корректировке утвержденного плана | V16: План на 01.01.2017 | W16: План на 01.01.2018 | X16: Предложение по корректировке утвержденного плана на 01.01.2019 | Y16: Общий объем финансирования, в том числе за счет: | Z16: федерального бюджета | AA16: бюджетов субъектов Российской Федерации и муниципальных образований | AB16: средств, полученных от оказания услуг, реализации товаров по регулируемым государством ценам (тарифам) | AC16: иных источников финансирования | AD16: Общий объем финансирования, в том числе за счет: | AE16: федерального бюджета | AF16: бюджетов субъектов Российской Федерации и муниципальных образований | AG16: средств, полученных от оказания услуг, реализации товаров по регулируемым государством ценам (тарифам) | AH16: иных источников финансирования | AI16: Общий объем финансирования, в том числе за счет: | AJ16: федерального бюджета | AK16: бюджетов субъектов Российской Федерации и муниципальных образований | AL16: средств, полученных от оказания услуг, реализации товаров по регулируемым государством ценам (тарифам) | AM16: иных источников финансирования | AN16: Общий объем финансирования, в том числе за счет: | AO16: федерального бюджета | AP16: бюджетов субъектов Российской Федерации и муниципальных образований | AQ16: средств, полученных от оказания услуг, реализации товаров по регулируемым государством ценам (тарифам) | AR16: иных источников финансирования | AS16: Общий объем финансирования, в том числе за счет: | AT16: федерального бюджета | AU16: бюджетов субъектов Российской Федерации и муниципальных образований | AV16: средств, полученных от оказания услуг, реализации товаров по регулируемым государством ценам (тарифам) | AW16: иных источников финансирования | AX16: Общий объем финансирования, в том числе за счет: | AY16: федерального бюджета | AZ16: бюджетов субъектов Российской Федерации и муниципальных образований | BA16: средств, полученных от оказания услуг, реализации товаров по регулируемым государством ценам (тарифам) | BB16: иных источников финансирования | BC16: Общий объем финансирования, в том числе за счет: | BD16: федерального бюджета | BE16: бюджетов субъектов Российской Федерации и муниципальных образований | BF16: средств, полученных от оказания услуг, реализации товаров по регулируемым государством ценам (тарифам) | BG16: иных источников финансирования | BH16: Общий объем финансирования, в том числе за счет: | BI16: федерального бюджета | BJ16: бюджетов субъектов Российской Федерации и муниципальных образований | BK16: средств, полученных от оказания услуг, реализации товаров по регулируемым государством ценам (тарифам) | BL16: иных источников финансирования
A17: 1 | B17: 2 | C17: 3 | D17: 4 | E17: 5 | F17: 6 | G17: 7 | H17: 8 | I17: 9 | J17: 10 | K17: 11 | L17: 12 | M17: 13 | N17: 14 | O17: 15 | P17: 16.1 | Q17: 16.2 | R17: 16.3 | S17: 16.4 | T17: 17 | U17: 18 | V17: 19 | W17: 20 | X17: 21 | Y17: 22 | Z17: 23 | AA17: 24 | AB17: 25 | AC17: 26 | AD17: 27 | AE17: 28 | AF17: 29 | AG17: 30 | AH17: 31 | AI17: 32.1 | AJ17: 32.2 | AK17: 32.3 | AL17: 32.4 | AM17: 32.5 | AN17: 32.6 | AO17: 32.7 | AP17: 32.8 | AQ17: 32.9 | AR17: 32.10 | AS17: 32.11 | AT17: 32.12 | AU17: 32.13 | AV17: 32.14 | AW17: 32.15 | AX17: 32.16 | AY17: 32.17 | AZ17: 32.18 | BA17: 32.19 | BB17: 32.20 | BC17: 33 | BD17: 34 | BE17: 35 | BF17: 36 | BG17: 37 | BH17: 38 | BI17: 39 | BJ17: 40 | BK17: 41 | BL17: 42 | BM17: 43
A18: 0 | B18: ВСЕГО по инвестиционной программе, в том числе: | C18: нд | D18: нд | E18: нд | F18: нд | G18: нд | H18: нд | I18: =156.241+164.053 -> 320.294 | J18: нд | K18: нд | L18: =SUM(L19:L24,L132) -> 734.9405 | M18: нд | N18: нд | O18: нд | P18: нд | Q18: нд | R18: =SUM(R19:R24,R132) -> 734.9405 | S18: =R18*1.0494 -> 771.24656 | T18: нд | U18: 771.24656 | V18: нд | W18: =W20+W22+W132 -> 350.02107 | X18: =X20+X22+X132 -> 421.24595 | Y18: нд | Z18: нд | AA18: нд | AB18: нд | AC18: нд | AD18: 350.02107 | AE18: нд | AF18: нд | AG18: 350.02107 | AH18: нд | AI18: нд | AJ18: нд | AK18: нд | AL18: нд | AM18: нд | AN18: 350.02107 | AO18: нд | AP18: нд | AQ18: 350.02107 | AR18: нд | AS18: нд | AT18: нд | AU18: нд | AV18: нд | AW18: нд | AX18: 421.24595 | AY18: нд | AZ18: нд | BA18: 421.24595 | BB18: нд | BC18: нд | BD18: нд | BE18: нд | BF18: нд | BG18: нд | BH18: 771.24656 | BI18: нд | BJ18: нд | BK18: 771.24656 | BL18: нд | BM18: нд
A19: 0.1 | B19: Технологическое присоединение, всего | C19: нд | D19: нд | E19: нд | F19: нд | G19: нд | H19: нд | I19: нд | J19: нд | K19: нд | L19: нд | M19: нд | N19: нд | O19: нд | P19: нд | Q19: нд | R19: нд | S19: нд | T19: нд | U19: нд | V19: нд | W19: нд | X19: нд | Y19: нд | Z19: нд | AA19: нд | AB19: нд | AC19: нд | AD19: нд | AE19: нд | AF19: нд | AG19: нд | AH19: нд | AI19: нд | AJ19: нд | AK19: нд | AL19: нд | AM19: нд | AN19: нд | AO19: нд | AP19: нд | AQ19: нд | AR19: нд | AS19: нд | AT19: нд | AU19: нд | AV19: нд | AW19: нд | AX19: нд | AY19: нд | AZ19: нд | BA19: нд | BB19: нд | BC19: нд | BD19: нд | BE19: нд | BF19: нд | BG19: нд | BH19: нд | BI19: нд | BJ19: нд | BK19: нд | BL19: нд | BM19: нд
A20: 0.2 | B20: Реконструкция, модернизация, техническое перевооружение, всего | C20: нд | D20: нд | E20: нд | F20: нд | G20: нд | H20: нд | I20: нд | J20: нд | K20: нд | L20: =L47 -> 342.6745 | M20: нд | N20: нд | O20: нд | P20: нд | Q20: нд | R20: =R47 -> 342.6745 | S20: =R20*1.0494 -> 359.60262 | T20: нд | U20: 359.60262 | V20: нд | W20: =W47 -> 147.22662 | X20: =X47 -> 212.38177 | Y20: нд | Z20: нд | AA20: нд | AB20: нд | AC20: нд | AD20: 147.22662 | AE20: нд | AF20: нд | AG20: 147.22662 | AH20: нд | AI20: нд | AJ20: нд | AK20: нд | AL20: нд | AM20: нд | AN20: 147.22662 | AO20: нд | AP20: нд | AQ20: 147.22662 | AR20: нд | AS20: нд | AT20: нд | AU20: нд | AV20: нд | AW20: нд | AX20: 212.38177 | AY20: нд | AZ20: нд | BA20: 212.38177 | BB20: нд | BC20: нд | BD20: нд | BE20: нд | BF20: нд | BG20: нд | BH20: 359.60262 | BI20: нд | BJ20: нд | BK20: 359.60262 | BL20: нд | BM20: нд
A21: 0.3 | B21: Инвестиционные проекты, реализация которых обуславливается схемами и программами перспективного развития электроэнергетики, всего | C21: нд | D21: нд | E21: нд | F21: нд | G21: нд | H21: нд | I21: нд | J21: нд | K21: нд | L21: нд | M21: нд | N21: нд | O21: нд | P21: нд | Q21: нд | R21: нд | S21: нд | T21: нд | U21: нд | V21: нд | W21: нд | X21: нд | Y21: нд | Z21: нд | AA21: нд | AB21: нд | AC21: нд | AD21: нд | AE21: нд | AF21: нд | AG21: нд | AH21: нд | AI21: нд | AJ21: нд | AK21: нд | AL21: нд | AM21: нд | AN21: нд | AO21: нд | AP21: нд | AQ21: нд | AR21: нд | AS21: нд | AT21: нд | AU21: нд | AV21: нд | AW21: нд | AX21: нд | AY21: нд | AZ21: нд | BA21: нд | BB21: нд | BC21: нд | BD21: нд | BE21: нд | BF21: нд | BG21: нд | BH21: нд | BI21: нд | BJ21: нд | BK21: нд | BL21: нд | BM21: нд
A22: 0.4 | B22: Прочее новое строительство объектов электросетевого хозяйства, всего | C22: нд | D22: нд | E22: нд | F22: нд | G22: нд | H22: нд | I22: нд | J22: нд | K22: нд | L22: =L110 -> 344.679 | M22: нд | N22: нд | O22: нд | P22: нд | Q22: нд | R22: =R110 -> 344.679 | S22: =R22*1.0494 -> 361.70614 | T22: нд | U22: 361.70614 | V22: нд | W22: =W110 -> 180.68359 | X22: =X110 -> 181.04459 | Y22: нд | Z22: нд | AA22: нд | AB22: нд | AC22: нд | AD22: 180.68359 | AE22: нд | AF22: нд | AG22: 180.68359 | AH22: нд | AI22: нд | AJ22: нд | AK22: нд | AL22: нд | AM22: нд | AN22: 180.68359 | AO22: нд | AP22: нд | AQ22: 180.68359 | AR22: нд | AS22: нд | AT22: нд | AU22: нд | AV22: нд | AW22: нд | AX22: 181.04459 | AY22: нд | AZ22: нд | BA22: 181.04459 | BB22: нд | BC22: нд | BD22: нд | BE22: нд | BF22: нд | BG22: нд | BH22: 361.70614 | BI22: нд | BJ22: нд | BK22: 361.70614 | BL22: нд | BM22: нд
A23: 0.5 | B23: Покупка земельных участков для целей реализации инвестиционных проектов, всего | C23: нд | D23: нд | E23: нд | F23: нд | G23: нд | H23: нд | I23: нд | J23: нд | K23: нд | L23: нд | M23: нд | N23: нд | O23: нд | P23: нд | Q23: нд | R23: нд | S23: нд | T23: нд | U23: нд | V23: нд | W23: нд | X23: нд | Y23: нд | Z23: нд | AA23: нд | AB23: нд | AC23: нд | AD23: нд | AE23: нд | AF23: нд | AG23: нд | AH23: нд | AI23: нд | AJ23: нд | AK23: нд | AL23: нд | AM23: нд | AN23: нд | AO23: нд | AP23: нд | AQ23: нд | AR23: нд | AS23: нд | AT23: нд | AU23: нд | AV23: нд | AW23: нд | AX23: нд | AY23: нд | AZ23: нд | BA23: нд | BB23: нд | BC23: нд | BD23: нд | BE23: нд | BF23: нд | BG23: нд | BH23: нд | BI23: нд | BJ23: нд | BK23: нд | BL23: нд | BM23: нд
A24: 0.6 | B24: Прочие инвестиционные проекты, всего | C24: нд | D24: нд | E24: нд | F24: нд | G24: нд | H24: нд | I24: нд | J24: нд | K24: нд | L24: нд | M24: нд | N24: нд | O24: нд | P24: нд | Q24: нд | R24: нд | S24: нд | T24: нд | U24: нд | V24: нд | W24: нд | X24: нд | Y24: нд | Z24: нд | AA24: нд | AB24: нд | AC24: нд | AD24: нд | AE24: нд | AF24: нд | AG24: нд | AH24: нд | AI24: нд | AJ24: нд | AK24: нд | AL24: нд | AM24: нд | AN24: нд | AO24: нд | AP24: нд | AQ24: нд | AR24: нд | AS24: нд | AT24: нд | AU24: нд | AV24: нд | AW24: нд | AX24: нд | AY24: нд | AZ24: нд | BA24: нд | BB24: нд | BC24: нд | BD24: нд | BE24: нд | BF24: нд | BG24: нд | BH24: нд | BI24: нд | BJ24: нд | BK24: нд | BL24: нд | BM24: нд
C25: нд | D25: нд | E25: нд | F25: нд | G25: нд | H25: нд | I25: нд | J25: нд | K25: нд | L25: нд | M25: нд | N25: нд | O25: нд | P25: нд | Q25: нд | R25: нд | S25: нд | T25: нд | U25: нд | V25: нд | W25: нд | X25: нд | Y25: нд | Z25: нд | AA25: нд | AB25: нд | AC25: нд | AD25: нд | AE25: нд | AF25: нд | AG25: нд | AH25: нд | AI25: нд | AJ25: нд | AK25: нд | AL25: нд | AM25: нд | AN25: нд | AO25: нд | AP25: нд | AQ25: нд | AR25: нд | AS25: нд | AT25: нд | AU25: нд | AV25: нд | AW25: нд | AX25: нд | AY25: нд | AZ25: нд | BA25: нд | BB25: нд | BC25: нд | BD25: нд | BE25: нд | BF25: нд | BG25: нд | BH25: нд | BI25: нд | BJ25: нд | BK25: нд | BL25: нд | BM25: нд
A26: 1 | B26: Вологодская область | C26: нд | D26: нд | E26: нд | F26: нд | G26: нд | H26: нд | I26: нд | J26: нд | K26: нд | L26: нд | M26: нд | N26: нд | O26: нд | P26: нд | Q26: нд | R26: нд | S26: нд | T26: нд | U26: нд | V26: нд | W26: нд | X26: нд | Y26: нд | Z26: нд | AA26: нд | AB26: нд | AC26: нд | AD26: нд | AE26: нд | AF26: нд | AG26: нд | AH26: нд | AI26: нд | AJ26: нд | AK26: нд | AL26: нд | AM26: нд | AN26: нд | AO26: нд | AP26: нд | AQ26: нд | AR26: нд | AS26: нд | AT26: нд | AU26: нд | AV26: нд | AW26: нд | AX26: нд | AY26: нд | AZ26: нд | BA26: нд | BB26: нд | BC26: нд | BD26: нд | BE26: нд | BF26: нд | BG26: нд | BH26: нд | BI26: нд | BJ26: нд | BK26: нд | BL26: нд | BM26: нд
A27: 1.1 | B27: Технологическое присоединение, всего, в том числе: | C27: нд | D27: нд | E27: нд | F27: нд | G27: нд | H27: нд | I27: нд | J27: нд | K27: нд | L27: нд | M27: нд | N27: нд | O27: нд | P27: нд | Q27: нд | R27: нд | S27: нд | T27: нд | U27: нд | V27: нд | W27: нд | X27: нд | Y27: нд | Z27: нд | AA27: нд | AB27: нд | AC27: нд | AD27: нд | AE27: нд | AF27: нд | AG27: нд | AH27: нд | AI27: нд | AJ27: нд | AK27: нд | AL27: нд | AM27: нд | AN27: нд | AO27: нд | AP27: нд | AQ27: нд | AR27: нд | AS27: нд | AT27: нд | AU27: нд | AV27: нд | AW27: нд | AX27: нд | AY27: нд | AZ27: нд | BA27: нд | BB27: нд | BC27: нд | BD27: нд | BE27: нд | BF27: нд | BG27: нд | BH27: нд | BI27: нд | BJ27: нд | BK27: нд | BL27: нд | BM27: нд
A28: 1.1.1 | B28: Технологическое присоединение энергопринимающих устройств потребителей, всего, в том числе: | C28: нд | D28: нд | E28: нд | F28: нд | G28: нд | H28: нд | I28: нд | J28: нд | K28: нд | L28: нд | M28: нд | N28: нд | O28: нд | P28: нд | Q28: нд | R28: нд | S28: нд | T28: нд | U28: нд | V28: нд | W28: нд | X28: нд | Y28: нд | Z28: нд | AA28: нд | AB28: нд | AC28: нд | AD28: нд | AE28: нд | AF28: нд | AG28: нд | AH28: нд | AI28: нд | AJ28: нд | AK28: нд | AL28: нд | AM28: нд | AN28: нд | AO28: нд | AP28: нд | AQ28: нд | AR28: нд | AS28: нд | AT28: нд | AU28: нд | AV28: нд | AW28: нд | AX28: нд | AY28: нд | AZ28: нд | BA28: нд | BB28: нд | BC28: нд | BD28: нд | BE28: нд | BF28: нд | BG28: нд | BH28: нд | BI28: нд | BJ28: нд | BK28: нд | BL28: нд | BM28: нд
A29: 1.1.1.1 | B29: Технологическое присоединение энергопринимающих устройств потребителей максимальной мощностью до 15 кВт включительно, всего | C29: нд | D29: С | E29: 2018 | F29: 2019 | G29: 2019 | H29: нд | I29: нд | J29: нд | K29: нд | L29: нд | M29: 2018 | N29: нд | O29: нд | P29: нд | Q29: нд | R29: нд | S29: нд | T29: нд | U29: нд | V29: нд | W29: нд | X29: нд | Y29: нд | Z29: нд | AA29: нд | AB29: нд | AC29: нд | AD29: нд | AE29: нд | AF29: нд | AG29: нд | AH29: нд | AI29: нд | AJ29: нд | AK29: нд | AL29: нд | AM29: нд | AN29: нд | AO29: нд | AP29: нд | AQ29: нд | AR29: нд | AS29: нд | AT29: нд | AU29: нд | AV29: нд | AW29: нд | AX29: нд | AY29: нд | AZ29: нд | BA29: нд | BB29: нд | BC29: нд | BD29: нд | BE29: нд | BF29: нд | BG29: нд | BH29: нд | BI29: нд | BJ29: нд | BK29: нд | BL29: нд | BM29: нд
A30: 1.1.1.2 | B30: Технологическое присоединение энергопринимающих устройств потребителей максимальной мощностью до 150 кВт включительно, всего | C30: нд | D30: нд | E30: нд | F30: нд | G30: нд | H30: нд | I30: нд | J30: нд | K30: нд | L30: нд | M30: нд | N30: нд | O30: нд | P30: нд | Q30: нд | R30: нд | S30: нд | T30: нд | U30: нд | V30: нд | W30: нд | X30: нд | Y30: нд | Z30: нд | AA30: нд | AB30: нд | AC30: нд | AD30: нд | AE30: нд | AF30: нд | AG30: нд | AH30: нд | AI30: нд | AJ30: нд | AK30: нд | AL30: нд | AM30: нд | AN30: нд | AO30: нд | AP30: нд | AQ30: нд | AR30: нд | AS30: нд | AT30: нд | AU30: нд | AV30: нд | AW30: нд | AX30: нд | AY30: нд | AZ30: нд | BA30: нд | BB30: нд | BC30: нд | BD30: нд | BE30: нд | BF30: нд | BG30: нд | BH30: нд | BI30: нд | BJ30: нд | BK30: нд | BL30: нд | BM30: нд
A31: 1.1.1.3 | B31: Технологическое присоединение энергопринимающих устройств потребителей свыше 150 кВт, всего, в том числе: | C31: нд | D31: нд | E31: нд | F31: нд | G31: нд | H31: нд | I31: нд | J31: нд | K31: нд | L31: нд | M31: нд | N31: нд | O31: нд | P31: нд | Q31: нд | R31: нд | S31: нд | T31: нд | U31: нд | V31: нд | W31: нд | X31: нд | Y31: нд | Z31: нд | AA31: нд | AB31: нд | AC31: нд | AD31: нд | AE31: нд | AF31: нд | AG31: нд | AH31: нд | AI31: нд | AJ31: нд | AK31: нд | AL31: нд | AM31: нд | AN31: нд | AO31: нд | AP31: нд | AQ31: нд | AR31: нд | AS31: нд | AT31: нд | AU31: нд | AV31: нд | AW31: нд | AX31: нд | AY31: нд | AZ31: нд | BA31: нд | BB31: нд | BC31: нд | BD31: нд | BE31: нд | BF31: нд | BG31: нд | BH31: нд | BI31: нд | BJ31: нд | BK31: нд | BL31: нд | BM31: нд
A32: 1.1.2 | B32: Технологическое присоединение объектов электросетевого хозяйства, всего, в том числе: | C32: нд | D32: нд | E32: нд | F32: нд | G32: нд | H32: нд | I32: нд | J32: нд | K32: нд | L32: нд | M32: нд | N32: нд | O32: нд | P32: нд | Q32: нд | R32: нд | S32: нд | T32: нд | U32: нд | V32: нд | W32: нд | X32: нд | Y32: нд | Z32: нд | AA32: нд | AB32: нд | AC32: нд | AD32: нд | AE32: нд | AF32: нд | AG32: нд | AH32: нд | AI32: нд | AJ32: нд | AK32: нд | AL32: нд | AM32: нд | AN32: нд | AO32: нд | AP32: нд | AQ32: нд | AR32: нд | AS32: нд | AT32: нд | AU32: нд | AV32: нд | AW32: нд | AX32: нд | AY32: нд | AZ32: нд | BA32: нд | BB32: нд | BC32: нд | BD32: нд | BE32: нд | BF32: нд | BG32: нд | BH32: нд | BI32: нд | BJ32: нд | BK32: нд | BL32: нд | BM32: нд
A33: 1.1.2.1 | B33: Технологическое присоединение объектов электросетевого хозяйства, принадлежащих иным сетевым организациям и иным лицам, всего, в том числе: | C33: нд | D33: нд | E33: нд | F33: нд | G33: нд | H33: нд | I33: нд | J33: нд | K33: нд | L33: нд | M33: нд | N33: нд | O33: нд | P33: нд | Q33: нд | R33: нд | S33: нд | T33: нд | U33: нд | V33: нд | W33: нд | X33: нд | Y33: нд | Z33: нд | AA33: нд | AB33: нд | AC33: нд | AD33: нд | AE33: нд | AF33: нд | AG33: нд | AH33: нд | AI33: нд | AJ33: нд | AK33: нд | AL33: нд | AM33: нд | AN33: нд | AO33: нд | AP33: нд | AQ33: нд | AR33: нд | AS33: нд | AT33: нд | AU33: нд | AV33: нд | AW33: нд | AX33: нд | AY33: нд | AZ33: нд | BA33: нд | BB33: нд | BC33: нд | BD33: нд | BE33: нд | BF33: нд | BG33: нд | BH33: нд | BI33: нд | BJ33: нд | BK33: нд | BL33: нд | BM33: нд
A34: 1.1.2.2 | B34: Технологическое присоединение к электрическим сетям иных сетевых организаций, всего, в том числе: | C34: нд | D34: нд | E34: нд | F34: нд | G34: нд | H34: нд | I34: нд | J34: нд | K34: нд | L34: нд | M34: нд | N34: нд | O34: нд | P34: нд | Q34: нд | R34: нд | S34: нд | T34: нд | U34: нд | V34: нд | W34: нд | X34: нд | Y34: нд | Z34: нд | AA34: нд | AB34: нд | AC34: нд | AD34: нд | AE34: нд | AF34: нд | AG34: нд | AH34: нд | AI34: нд | AJ34: нд | AK34: нд | AL34: нд | AM34: нд | AN34: нд | AO34: нд | AP34: нд | AQ34: нд | AR34: нд | AS34: нд | AT34: нд | AU34: нд | AV34: нд | AW34: нд | AX34: нд | AY34: нд | AZ34: нд | BA34: нд | BB34: нд | BC34: нд | BD34: нд | BE34: нд | BF34: нд | BG34: нд | BH34: нд | BI34: нд | BJ34: нд | BK34: нд | BL34: нд | BM34: нд
A35: 1.1.3 | B35: Технологическое присоединение объектов по производству электрической энергии всего, в том числе: | C35: нд | D35: нд | E35: нд | F35: нд | G35: нд | H35: нд | I35: нд | J35: нд | K35: нд | L35: нд | M35: нд | N35: нд | O35: нд | P35: нд | Q35: нд | R35: нд | S35: нд | T35: нд | U35: нд | V35: нд | W35: нд | X35: нд | Y35: нд | Z35: нд | AA35: нд | AB35: нд | AC35: нд | AD35: нд | AE35: нд | AF35: нд | AG35: нд | AH35: нд | AI35: нд | AJ35: нд | AK35: нд | AL35: нд | AM35: нд | AN35: нд | AO35: нд | AP35: нд | AQ35: нд | AR35: нд | AS35: нд | AT35: нд | AU35: нд | AV35: нд | AW35: нд | AX35: нд | AY35: нд | AZ35: нд | BA35: нд | BB35: нд | BC35: нд | BD35: нд | BE35: нд | BF35: нд | BG35: нд | BH35: нд | BI35: нд | BJ35: нд | BK35: нд | BL35: нд | BM35: нд
A36: 1.1.3.1 | B36: Наименование объекта по производству электрической энергии, всего, в том числе: | C36: нд | D36: нд | E36: нд | F36: нд | G36: нд | H36: нд | I36: нд | J36: нд | K36: нд | L36: нд | M36: нд | N36: нд | O36: нд | P36: нд | Q36: нд | R36: нд | S36: нд | T36: нд | U36: нд | V36: нд | W36: нд | X36: нд | Y36: нд | Z36: нд | AA36: нд | AB36: нд | AC36: нд | AD36: нд | AE36: нд | AF36: нд | AG36: нд | AH36: нд | AI36: нд | AJ36: нд | AK36: нд | AL36: нд | AM36: нд | AN36: нд | AO36: нд | AP36: нд | AQ36: нд | AR36: нд | AS36: нд | AT36: нд | AU36: нд | AV36: нд | AW36: нд | AX36: нд | AY36: нд | AZ36: нд | BA36: нд | BB36: нд | BC36: нд | BD36: нд | BE36: нд | BF36: нд | BG36: нд | BH36: нд | BI36: нд | BJ36: нд | BK36: нд | BL36: нд | BM36: нд
A37: 1.1.3.1 | B37: Строительство новых объектов электросетевого хозяйства (за исключением усиления существующей электрической сети) в целях осуществления технологического присоединения объекта по производству электрической энергии, всего, в том числе: | C37: нд | D37: нд | E37: нд | F37: нд | G37: нд | H37: нд | I37: нд | J37: нд | K37: нд | L37: нд | M37: нд | N37: нд | O37: нд | P37: нд | Q37: нд | R37: нд | S37: нд | T37: нд | U37: нд | V37: нд | W37: нд | X37: нд | Y37: нд | Z37: нд | AA37: нд | AB37: нд | AC37: нд | AD37: нд | AE37: нд | AF37: нд | AG37: нд | AH37: нд | AI37: нд | AJ37: нд | AK37: нд | AL37: нд | AM37: нд | AN37: нд | AO37: нд | AP37: нд | AQ37: нд | AR37: нд | AS37: нд | AT37: нд | AU37: нд | AV37: нд | AW37: нд | AX37: нд | AY37: нд | AZ37: нд | BA37: нд | BB37: нд | BC37: нд | BD37: нд | BE37: нд | BF37: нд | BG37: нд | BH37: нд | BI37: нд | BJ37: нд | BK37: нд | BL37: нд | BM37: нд
A38: 1.1.3.1 | B38: Строительство новых объектов электросетевого хозяйства для усиления электрической сети в целях осуществления технологического присоединения объекта по производству электрической энергии, всего, в том числе: | C38: нд | D38: нд | E38: нд | F38: нд | G38: нд | H38: нд | I38: нд | J38: нд | K38: нд | L38: нд | M38: нд | N38: нд | O38: нд | P38: нд | Q38: нд | R38: нд | S38: нд | T38: нд | U38: нд | V38: нд | W38: нд | X38: нд | Y38: нд | Z38: нд | AA38: нд | AB38: нд | AC38: нд | AD38: нд | AE38: нд | AF38: нд | AG38: нд | AH38: нд | AI38: нд | AJ38: нд | AK38: нд | AL38: нд | AM38: нд | AN38: нд | AO38: нд | AP38: нд | AQ38: нд | AR38: нд | AS38: нд | AT38: нд | AU38: нд | AV38: нд | AW38: нд | AX38: нд | AY38: нд | AZ38: нд | BA38: нд | BB38: нд | BC38: нд | BD38: нд | BE38: нд | BF38: нд | BG38: нд | BH38: нд | BI38: нд | BJ38: нд | BK38: нд | BL38: нд | BM38: нд
A39: 1.1.3.1 | B39: Реконструкция существующих объектов электросетевого хозяйства для усиления электрической сети в целях осуществления технологического присоединения объекта по производству электрической энергии всего, в том числе: | C39: нд | D39: нд | E39: нд | F39: нд | G39: нд | H39: нд | I39: нд | J39: нд | K39: нд | L39: нд | M39: нд | N39: нд | O39: нд | P39: нд | Q39: нд | R39: нд | S39: нд | T39: нд | U39: нд | V39: нд | W39: нд | X39: нд | Y39: нд | Z39: нд | AA39: нд | AB39: нд | AC39: нд | AD39: нд | AE39: нд | AF39: нд | AG39: нд | AH39: нд | AI39: нд | AJ39: нд | AK39: нд | AL39: нд | AM39: нд | AN39: нд | AO39: нд | AP39: нд | AQ39: нд | AR39: нд | AS39: нд | AT39: нд | AU39: нд | AV39: нд | AW39: нд | AX39: нд | AY39: нд | AZ39: нд | BA39: нд | BB39: нд | BC39: нд | BD39: нд | BE39: нд | BF39: нд | BG39: нд | BH39: нд | BI39: нд | BJ39: нд | BK39: нд | BL39: нд | BM39: нд
A40: 1.1.3.2 | B40: Наименование объекта по производству электрической энергии, всего, в том числе: | C40: нд | D40: нд | E40: нд | F40: нд | G40: нд | H40: нд | I40: нд | J40: нд | K40: нд | L40: нд | M40: нд | N40: нд | O40: нд | P40: нд | Q40: нд | R40: нд | S40: нд | T40: нд | U40: нд | V40: нд | W40: нд | X40: нд | Y40: нд | Z40: нд | AA40: нд | AB40: нд | AC40: нд | AD40: нд | AE40: нд | AF40: нд | AG40: нд | AH40: нд | AI40: нд | AJ40: нд | AK40: нд | AL40: нд | AM40: нд | AN40: нд | AO40: нд | AP40: нд | AQ40: нд | AR40: нд | AS40: нд | AT40: нд | AU40: нд | AV40: нд | AW40: нд | AX40: нд | AY40: нд | AZ40: нд | BA40: нд | BB40: нд | BC40: нд | BD40: нд | BE40: нд | BF40: нд | BG40: нд | BH40: нд | BI40: нд | BJ40: нд | BK40: нд | BL40: нд | BM40: нд
A41: 1.1.3.2 | B41: Строительство новых объектов электросетевого хозяйства (за исключением усиления существующей электрической сети) в целях осуществления технологического присоединения объекта по производству электрической энергии, всего, в том числе: | C41: нд | D41: нд | E41: нд | F41: нд | G41: нд | H41: нд | I41: нд | J41: нд | K41: нд | L41: нд | M41: нд | N41: нд | O41: нд | P41: нд | Q41: нд | R41: нд | S41: нд | T41: нд | U41: нд | V41: нд | W41: нд | X41: нд | Y41: нд | Z41: нд | AA41: нд | AB41: нд | AC41: нд | AD41: нд | AE41: нд | AF41: нд | AG41: нд | AH41: нд | AI41: нд | AJ41: нд | AK41: нд | AL41: нд | AM41: нд | AN41: нд | AO41: нд | AP41: нд | AQ41: нд | AR41: нд | AS41: нд | AT41: нд | AU41: нд | AV41: нд | AW41: нд | AX41: нд | AY41: нд | AZ41: нд | BA41: нд | BB41: нд | BC41: нд | BD41: нд | BE41: нд | BF41: нд | BG41: нд | BH41: нд | BI41: нд | BJ41: нд | BK41: нд | BL41: нд | BM41: нд
... A46: 1.1.4.2 | B46: Реконструкция существующих объектов электросетевого хозяйства для усиления электрической сети в целях осуществления технологического присоединения, всего, в том числе: | C46: нд | D46: нд | E46: нд | F46: нд | G46: нд | H46: нд | I46: нд | J46: нд | K46: нд | L46: нд | M46: нд | N46: нд | O46: нд | P46: нд | Q46: нд | R46: нд | S46: нд | T46: нд | U46: нд | V46: нд | W46: нд | X46: нд | Y46: нд | Z46: нд | AA46: нд | AB46: нд | AC46: нд | AD46: нд | AE46: нд | AF46: нд | AG46: нд | AH46: нд | AI46: нд | AJ46: нд | AK46: нд | AL46: нд | AM46: нд | AN46: нд | AO46: нд | AP46: нд | AQ46: нд | AR46: нд | AS46: нд | AT46: нд | AU46: нд | AV46: нд | AW46: нд | AX46: нд | AY46: нд | AZ46: нд | BA46: нд | BB46: нд | BC46: нд | BD46: нд | BE46: нд | BF46: нд | BG46: нд | BH46: нд | BI46: нд | BJ46: нд | BK46: нд | BL46: нд | BM46: нд
A47: 1.2.2 | B47: Техническое перевооружение и реконструкция | C47: нд | D47: нд | E47: нд | F47: нд | G47: нд | H47: нд | I47: нд | J47: нд | K47: нд | L47: 342.6745 | M47: нд | N47: нд | O47: нд | P47: нд | Q47: нд | R47: 342.6745 | S47: =R47*1.0494 -> 359.60262 | T47: нд | U47: 359.60262 | V47: нд | W47: =W48+W59+W67+W83+W93+W107 -> 147.22662 | X47: =X48+X59+X67+X83+X93+X107 -> 212.38177 | Y47: нд | Z47: нд | AA47: нд | AB47: нд | AC47: нд | AD47: 147.22662 | AE47: нд | AF47: нд | AG47: 147.22662 | AH47: нд | AI47: нд | AJ47: нд | AK47: нд | AL47: нд | AM47: нд | AN47: 147.22662 | AO47: нд | AP47: нд | AQ47: 147.22662 | AR47: нд | AS47: нд | AT47: нд | AU47: нд | AV47: нд | AW47: нд | AX47: 212.38177 | AY47: нд | AZ47: нд | BA47: 212.38177 | BB47: нд | BC47: нд | BD47: нд | BE47: нд | BF47: нд | BG47: нд | BH47: 359.60262 | BI47: нд | BJ47: нд | BK47: 359.60262 | BL47: нд | BM47: нд
B48: Кабельные линии 0,4 кВ. | C48: нд | D48: нд | E48: нд | F48: нд | G48: нд | H48: нд | I48: нд | J48: нд | K48: нд | L48: 3.959 | M48: нд | N48: нд | O48: нд | P48: нд | Q48: нд | R48: 3.959 | S48: =R48*1.0494 -> 4.1545746 | T48: нд | U48: 4.1545746 | V48: нд | W48: =SUM(W49:W52) -> 2.0064528 | X48: =SUM(X53:X58) -> 2.1481218 | Y48: нд | Z48: нд | AA48: нд | AB48: нд | AC48: нд | AD48: 2.0064528 | AE48: нд | AF48: нд | AG48: 2.0064528 | AH48: нд | AI48: нд | AJ48: нд | AK48: нд | AL48: нд | AM48: нд | AN48: 2.0064528 | AO48: нд | AP48: нд | AQ48: 2.0064528 | AR48: нд | AS48: нд | AT48: нд | AU48: нд | AV48: нд | AW48: нд | AX48: 2.1481218 | AY48: нд | AZ48: нд | BA48: 2.1481218 | BB48: нд | BC48: нд | BD48: нд | BE48: нд | BF48: нд | BG48: нд | BH48: 4.1545746 | BI48: нд | BJ48: нд | BK48: 4.1545746 | BL48: нд | BM48: нд
A49: 1.2.2.1 | B49: КЛ 0,4 кВ "ТП103-ВРУ ж/дома, Набережная VIАрмии, д.207а", г.Вологда | C49: ='д) план ввода ОС'!C51 -> I_KL04_1.2.2.1 | D49: С | E49: 2018 | F49: 2018 | G49: 2018 | H49: нд | I49: нд | J49: нд | K49: нд | L49: 0.633 | M49: 2018 | N49: нд | O49: нд | P49: нд | Q49: нд | R49: 0.633 | S49: =R49*1.0494 -> 0.6642702 | T49: нд | U49: 0.6642702 | V49: нд | W49: 0.6642702 | X49: нд | Y49: нд | Z49: нд | AA49: нд | AB49: нд | AC49: нд | AD49: 0.6642702 | AE49: нд | AF49: нд | AG49: 0.6642702 | AH49: нд | AI49: нд | AJ49: нд | AK49: нд | AL49: нд | AM49: нд | AN49: 0.6642702 | AO49: нд | AP49: нд | AQ49: 0.6642702 | AR49: нд | AS49: нд | AT49: нд | AU49: нд | AV49: нд | AW49: нд | AX49: нд | AY49: нд | AZ49: нд | BA49: нд | BB49: нд | BC49: нд | BD49: нд | BE49: нд | BF49: нд | BG49: нд | BH49: 0.6642702 | BI49: нд | BJ49: нд | BK49: 0.6642702 | BL49: нд | BM49: нд
A50: 1.2.2.2 | B50: КЛ 0,4 кВ "ТП103-ВРУ ж/дома, ул.Машиностроительная, д.4", г.Вологда | C50: ='д) план ввода ОС'!C52 -> I_KL04_1.2.2.2 | D50: С | E50: 2018 | F50: 2018 | G50: 2018 | H50: нд | I50: нд | J50: нд | K50: нд | L50: 0.707 | M50: 2018 | N50: нд | O50: нд | P50: нд | Q50: нд | R50: 0.707 | S50: =R50*1.0494 -> 0.7419258 | T50: нд | U50: 0.7419258 | V50: нд | W50: 0.7419258 | X50: нд | Y50: нд | Z50: нд | AA50: нд | AB50: нд | AC50: нд | AD50: 0.7419258 | AE50: нд | AF50: нд | AG50: 0.7419258 | AH50: нд | AI50: нд | AJ50: нд | AK50: нд | AL50: нд | AM50: нд | AN50: 0.7419258 | AO50: нд | AP50: нд | AQ50: 0.7419258 | AR50: нд | AS50: нд | AT50: нд | AU50: нд | AV50: нд | AW50: нд | AX50: нд | AY50: нд | AZ50: нд | BA50: нд | BB50: нд | BC50: нд | BD50: нд | BE50: нд | BF50: нд | BG50: нд | BH50: 0.7419258 | BI50: нд | BJ50: нд | BK50: 0.7419258 | BL50: нд | BM50: нд
A51: 1.2.2.3 | B51: КЛ 0,4 кВ "ТП 48-ВРУ 60 кв.ж/дома, ул.Советская,55", г.Сокол | C51: ='д) план ввода ОС'!C53 -> I_KL04_1.2.2.3 | D51: С | E51: 2018 | F51: 2018 | G51: 2018 | H51: нд | I51: нд | J51: нд | K51: нд | L51: 0.264 | M51: 2018 | N51: нд | O51: нд | P51: нд | Q51: нд | R51: 0.264 | S51: =R51*1.0494 -> 0.2770416 | T51: нд | U51: 0.2770416 | V51: нд | W51: 0.2770416 | X51: нд | Y51: нд | Z51: нд | AA51: нд | AB51: нд | AC51: нд | AD51: 0.2770416 | AE51: нд | AF51: нд | AG51: 0.2770416 | AH51: нд | AI51: нд | AJ51: нд | AK51: нд | AL51: нд | AM51: нд | AN51: 0.2770416 | AO51: нд | AP51: нд | AQ51: 0.2770416 | AR51: нд | AS51: нд | AT51: нд | AU51: нд | AV51: нд | AW51: нд | AX51: нд | AY51: нд | AZ51: нд | BA51: нд | BB51: нд | BC51: нд | BD51: нд | BE51: нд | BF51: нд | BG51: нд | BH51: 0.2770416 | BI51: нд | BJ51: нд | BK51: 0.2770416 | BL51: нд | BM51: нд
A52: 1.2.2.4 | B52: КЛ 0,4 кВ "ТП 48 - ВРУ 70 кв.жилого дома, ул.Кирова,38", г.Сокол | C52: ='д) план ввода ОС'!C54 -> I_KL04_1.2.2.4 | D52: С | E52: 2018 | F52: 2018 | G52: 2018 | H52: нд | I52: нд | J52: нд | K52: нд | L52: 0.308 | M52: 2018 | N52: нд | O52: нд | P52: нд | Q52: нд | R52: 0.308 | S52: =R52*1.0494 -> 0.3232152 | T52: нд | U52: 0.3232152 | V52: нд | W52: 0.3232152 | X52: нд | Y52: нд | Z52: нд | AA52: нд | AB52: нд | AC52: нд | AD52: 0.3232152 | AE52: нд | AF52: нд | AG52: 0.3232152 | AH52: нд | AI52: нд | AJ52: нд | AK52: нд | AL52: нд | AM52: нд | AN52: 0.3232152 | AO52: нд | AP52: нд | AQ52: 0.3232152 | AR52: нд | AS52: нд | AT52: нд | AU52: нд | AV52: нд | AW52: нд | AX52: нд | AY52: нд | AZ52: нд | BA52: нд | BB52: нд | BC52: нд | BD52: нд | BE52: нд | BF52: нд | BG52: нд | BH52: 0.3232152 | BI52: нд | BJ52: нд | BK52: 0.3232152 | BL52: нд | BM52: нд
A53: 1.2.2.5 | B53: КЛ 0,4 кВ направлением "ТП5 - здание хирургии, ул.Колхозная", с.Устье | C53: ='д) план ввода ОС'!C55 -> J_KL04_1.2.2.5 | D53: С | E53: 2019 | F53: 2019 | G53: 2019 | H53: нд | I53: нд | J53: нд | K53: нд | L53: 0.021 | M53: 2019 | N53: нд | O53: нд | P53: нд | Q53: нд | R53: 0.021 | S53: =R53*1.0494 -> 0.0220374 | T53: нд | U53: 0.0220374 | V53: нд | W53: нд | X53: 0.0220374 | Y53: нд | Z53: нд | AA53: нд | AB53: нд | AC53: нд | AD53: нд | AE53: нд | AF53: нд | AG53: нд | AH53: нд | AI53: нд | AJ53: нд | AK53: нд | AL53: нд | AM53: нд | AN53: нд | AO53: нд | AP53: нд | AQ53: нд | AR53: нд | AS53: нд | AT53: нд | AU53: нд | AV53: нд | AW53: нд | AX53: 0.0220374 | AY53: нд | AZ53: нд | BA53: 0.0220374 | BB53: нд | BC53: нд | BD53: нд | BE53: нд | BF53: нд | BG53: нд | BH53: 0.0220374 | BI53: нд | BJ53: нд | BK53: 0.0220374 | BL53: нд | BM53: нд
A54: 1.2.2.6 | B54: КЛ 0,4 кВ направлением "ТП5 - ВРУ поликлиника, ул.Советская", с.Устье | C54: ='д) план ввода ОС'!C56 -> J_KL04_1.2.2.6 | D54: С | E54: 2019 | F54: 2019 | G54: 2019 | H54: нд | I54: нд | J54: нд | K54: нд | L54: 0.299 | M54: 2019 | N54: нд | O54: нд | P54: нд | Q54: нд | R54: 0.299 | S54: =R54*1.0494 -> 0.3137706 | T54: нд | U54: 0.3137706 | V54: нд | W54: нд | X54: 0.3137706 | Y54: нд | Z54: нд | AA54: нд | AB54: нд | AC54: нд | AD54: нд | AE54: нд | AF54: нд | AG54: нд | AH54: нд | AI54: нд | AJ54: нд | AK54: нд | AL54: нд | AM54: нд | AN54: нд | AO54: нд | AP54: нд | AQ54: нд | AR54: нд | AS54: нд | AT54: нд | AU54: нд | AV54: нд | AW54: нд | AX54: 0.3137706 | AY54: нд | AZ54: нд | BA54: 0.3137706 | BB54: нд | BC54: нд | BD54: нд | BE54: нд | BF54: нд | BG54: нд | BH54: 0.3137706 | BI54: нд | BJ54: нд | BK54: 0.3137706 | BL54: нд | BM54: нд
A55: 1.2.2.7 | B55: КЛ 0,4 кВ направлением "ТП5 - ВРУ здания, ул.Лебедевой", с.Устье | C55: ='д) план ввода ОС'!C57 -> J_KL04_1.2.2.7 | D55: С | E55: 2019 | F55: 2019 | G55: 2019 | H55: нд | I55: нд | J55: нд | K55: нд | L55: 0.042 | M55: 2019 | N55: нд | O55: нд | P55: нд | Q55: нд | R55: 0.042 | S55: =R55*1.0494 -> 0.0440748 | T55: нд | U55: 0.0440748 | V55: нд | W55: нд | X55: 0.0440748 | Y55: нд | Z55: нд | AA55: нд | AB55: нд | AC55: нд | AD55: нд | AE55: нд | AF55: нд | AG55: нд | AH55: нд | AI55: нд | AJ55: нд | AK55: нд | AL55: нд | AM55: нд | AN55: нд | AO55: нд | AP55: нд | AQ55: нд | AR55: нд | AS55: нд | AT55: нд | AU55: нд | AV55: нд | AW55: нд | AX55: 0.0440748 | AY55: нд | AZ55: нд | BA55: 0.0440748 | BB55: нд | BC55: нд | BD55: нд | BE55: нд | BF55: нд | BG55: нд | BH55: 0.0440748 | BI55: нд | BJ55: нд | BK55: 0.0440748 | BL55: нд | BM55: нд
A56: 1.2.2.8 | B56: КЛ 0,4 кВ направлением "ТП5 - ВРУ терап.отделение, ул.Колхозная" с.Устье | C56: ='д) план ввода ОС'!C58 -> J_KL04_1.2.2.8 | D56: С | E56: 2019 | F56: 2019 | G56: 2019 | H56: нд | I56: нд | J56: нд | K56: нд | L56: 0.136 | M56: 2019 | N56: нд | O56: нд | P56: нд | Q56: нд | R56: 0.136 | S56: =R56*1.0494 -> 0.1427184 | T56: нд | U56: 0.1427184 | V56: нд | W56: нд | X56: 0.1427184 | Y56: нд | Z56: нд | AA56: нд | AB56: нд | AC56: нд | AD56: нд | AE56: нд | AF56: нд | AG56: нд | AH56: нд | AI56: нд | AJ56: нд | AK56: нд | AL56: нд | AM56: нд | AN56: нд | AO56: нд | AP56: нд | AQ56: нд | AR56: нд | AS56: нд | AT56: нд | AU56: нд | AV56: нд | AW56: нд | AX56: 0.1427184 | AY56: нд | AZ56: нд | BA56: 0.1427184 | BB56: нд | BC56: нд | BD56: нд | BE56: нд | BF56: нд | BG56: нд | BH56: 0.1427184 | BI56: нд | BJ56: нд | BK56: 0.1427184 | BL56: нд | BM56: нд
A57: 1.2.2.9 | B57: КЛ 0,4 кВ направлением "ТП193 - ВРУ жилого дома, Гагарина, 51, 53, 55" г.Вологда | C57: ='д) план ввода ОС'!C59 -> J_KL04_1.2.2.9 | D57: С | E57: 2019 | F57: 2019 | G57: 2019 | H57: нд | I57: нд | J57: нд | K57: нд | L57: 0.404 | M57: 2019 | N57: нд | O57: нд | P57: нд | Q57: нд | R57: 0.404 | S57: =R57*1.0494 -> 0.4239576 | T57: нд | U57: 0.4239576 | V57: нд | W57: нд | X57: 0.4239576 | Y57: нд | Z57: нд | AA57: нд | AB57: нд | AC57: нд | AD57: нд | AE57: нд | AF57: нд | AG57: нд | AH57: нд | AI57: нд | AJ57: нд | AK57: нд | AL57: нд | AM57: нд | AN57: нд | AO57: нд | AP57: нд | AQ57: нд | AR57: нд | AS57: нд | AT57: нд | AU57: нд | AV57: нд | AW57: нд | AX57: 0.4239576 | AY57: нд | AZ57: нд | BA57: 0.4239576 | BB57: нд | BC57: нд | BD57: нд | BE57: нд | BF57: нд | BG57: нд | BH57: 0.4239576 | BI57: нд | BJ57: нд | BK57: 0.4239576 | BL57: нд | BM57: нд
A58: 1.2.2.10 | B58: КЛ 0,4 кВ направлением "ТП23, ф.7,8 - ВРУ жилого дома, Воровского,58а; ул.Благовещенская, 65-65а" г.Вологда | C58: ='д) план ввода ОС'!C60 -> J_KL04_1.2.2.10 | D58: С | E58: 2019 | F58: 2019 | G58: 2019 | H58: нд | I58: нд | J58: нд | K58: нд | L58: 1.145 | M58: 2019 | N58: нд | O58: нд | P58: нд | Q58: нд | R58: 1.145 | S58: =R58*1.0494 -> 1.201563 | T58: нд | U58: 1.201563 | V58: нд | W58: нд | X58: 1.201563 | Y58: нд | Z58: нд | AA58: нд | AB58: нд | AC58: нд | AD58: нд | AE58: нд | AF58: нд | AG58: нд | AH58: нд | AI58: нд | AJ58: нд | AK58: нд | AL58: нд | AM58: нд | AN58: нд | AO58: нд | AP58: нд | AQ58: нд | AR58: нд | AS58: нд | AT58: нд | AU58: нд | AV58: нд | AW58: нд | AX58: 1.201563 | AY58: нд | AZ58: нд | BA58: 1.201563 | BB58: нд | BC58: нд | BD58: нд | BE58: нд | BF58: нд | BG58: нд | BH58: 1.201563 | BI58: нд | BJ58: нд | BK58: 1.201563 | BL58: нд | BM58: нд
B59: Кабельные линии 6-10 кВ. | C59: ='д) план ввода ОС'!C61 -> 0 | D59: нд | E59: нд | F59: нд | G59: нд | H59: нд | I59: нд | J59: нд | K59: нд | L59: 12.437 | M59: нд | N59: нд | O59: нд | P59: нд | Q59: нд | R59: 12.437 | S59: =R59*1.0494 -> 13.051388 | T59: нд | U59: 13.051388 | V59: нд | W59: =SUM(W60:W62) -> 7.875747 | X59: =SUM(X63:X66) -> 5.1756408 | Y59: нд | Z59: нд | AA59: нд | AB59: нд | AC59: нд | AD59: 7.875747 | AE59: нд | AF59: нд | AG59: 7.875747 | AH59: нд | AI59: нд | AJ59: нд | AK59: нд | AL59: нд | AM59: нд | AN59: 7.875747 | AO59: нд | AP59: нд | AQ59: 7.875747 | AR59: нд | AS59: нд | AT59: нд | AU59: нд | AV59: нд | AW59: нд | AX59: 5.1756408 | AY59: нд | AZ59: нд | BA59: 5.1756408 | BB59: нд | BC59: нд | BD59: нд | BE59: нд | BF59: нд | BG59: нд | BH59: 13.051388 | BI59: нд | BJ59: нд | BK59: 13.051388 | BL59: нд | BM59: нд
A60: 1.2.2.10 | B60: КЛ-10 кВ "ТП27 - Л5, Л6", г.Белозерск | C60: ='д) план ввода ОС'!C62 -> I_KL10_1.2.2.11 | D60: С | E60: 2018 | F60: 2018 | G60: 2018 | H60: нд | I60: нд | J60: нд | K60: нд | L60: 2.19 | M60: 2018 | N60: нд | O60: нд | P60: нд | Q60: нд | R60: 2.19 | S60: =R60*1.0494 -> 2.298186 | T60: нд | U60: 2.298186 | V60: нд | W60: 2.298186 | X60: нд | Y60: нд | Z60: нд | AA60: нд | AB60: нд | AC60: нд | AD60: 2.298186 | AE60: нд | AF60: нд | AG60: 2.298186 | AH60: нд | AI60: нд | AJ60: нд | AK60: нд | AL60: нд | AM60: нд | AN60: 2.298186 | AO60: нд | AP60: нд | AQ60: 2.298186 | AR60: нд | AS60: нд | AT60: нд | AU60: нд | AV60: нд | AW60: нд | AX60: нд | AY60: нд | AZ60: нд | BA60: нд | BB60: нд | BC60: нд | BD60: нд | BE60: нд | BF60: нд | BG60: нд | BH60: 2.298186 | BI60: нд | BJ60: нд | BK60: 2.298186 | BL60: нд | BM60: нд
A61: 1.2.2.11 | B61: КЛ-6 кВ "ЗРУ - ТП-164" г.Вологда | C61: ='д) план ввода ОС'!C63 -> I_KL10_1.2.2.12 | D61: С | E61: 2018 | F61: 2018 | G61: 2018 | H61: нд | I61: нд | J61: нд | K61: нд | L61: 3.492 | M61: 2018 | N61: нд | O61: нд | P61: нд | Q61: нд | R61: 3.492 | S61: =R61*1.0494 -> 3.6645048 | T61: нд | U61: 3.6645048 | V61: нд | W61: 3.6645048 | X61: нд | Y61: нд | Z61: нд | AA61: нд | AB61: нд | AC61: нд | AD61: 3.6645048 | AE61: нд | AF61: нд | AG61: 3.6645048 | AH61: нд | AI61: нд | AJ61: нд | AK61: нд | AL61: нд | AM61: нд | AN61: 3.6645048 | AO61: нд | AP61: нд | AQ61: 3.6645048 | AR61: нд | AS61: нд | AT61: нд | AU61: нд | AV61: нд | AW61: нд | AX61: нд | AY61: нд | AZ61: нд | BA61: нд | BB61: нд | BC61: нд | BD61: нд | BE61: нд | BF61: нд | BG61: нд | BH61: 3.6645048 | BI61: нд | BJ61: нд | BK61: 3.6645048 | BL61: нд | BM61: нд
A62: 1.2.2.12 | B62: КЛ 6 кВ "ТП-32 - ТП-132", г.Вологда | C62: ='д) план ввода ОС'!C64 -> I_KL10_1.2.2.13 | D62: нд | E62: 2018 | F62: 2018 | G62: 2018 | H62: нд | I62: нд | J62: нд | K62: нд | L62: 1.823 | M62: 2018 | N62: нд | O62: нд | P62: нд | Q62: нд | R62: 1.823 | S62: =R62*1.0494 -> 1.9130562 | T62: нд | U62: 1.9130562 | V62: нд | W62: 1.9130562 | X62: нд | Y62: нд | Z62: нд | AA62: нд | AB62: нд | AC62: нд | AD62: 1.9130562 | AE62: нд | AF62: нд | AG62: 1.9130562 | AH62: нд | AI62: нд | AJ62: нд | AK62: нд | AL62: нд | AM62: нд | AN62: 1.9130562 | AO62: нд | AP62: нд | AQ62: 1.9130562 | AR62: нд | AS62: нд | AT62: нд | AU62: нд | AV62: нд | AW62: нд | AX62: нд | AY62: нд | AZ62: нд | BA62: нд | BB62: нд | BC62: нд | BD62: нд | BE62: нд | BF62: нд | BG62: нд | BH62: 1.9130562 | BI62: нд | BJ62: нд | BK62: 1.9130562 | BL62: нд | BM62: нд
A63: 1.2.2.13 | B63: КЛ 10 кВ направлением "ПС Белозерск - ТП31", г.Белозерск | C63: ='д) план ввода ОС'!C65 -> J_KL10_1.2.2.14 | D63: С | E63: 2019 | F63: 2019 | G63: 2019 | H63: нд | I63: нд | J63: нд | K63: нд | L63: 1.51 | M63: 2019 | N63: нд | O63: нд | P63: нд | Q63: нд | R63: 1.51 | S63: =R63*1.0494 -> 1.584594 | T63: нд | U63: 1.584594 | V63: нд | W63: нд | X63: 1.584594 | Y63: нд | Z63: нд | AA63: нд | AB63: нд | AC63: нд | AD63: нд | AE63: нд | AF63: нд | AG63: нд | AH63: нд | AI63: нд | AJ63: нд | AK63: нд | AL63: нд | AM63: нд | AN63: нд | AO63: нд | AP63: нд | AQ63: нд | AR63: нд | AS63: нд | AT63: нд | AU63: нд | AV63: нд | AW63: нд | AX63: 1.584594 | AY63: нд | AZ63: нд | BA63: 1.584594 | BB63: нд | BC63: нд | BD63: нд | BE63: нд | BF63: нд | BG63: нд | BH63: 1.584594 | BI63: нд | BJ63: нд | BK63: 1.584594 | BL63: нд | BM63: нд
A64: 1.2.2.14 | B64: КЛ 10 кВ направлением "ТП7 - Л3", г.Белозерск | C64: ='д) план ввода ОС'!C66 -> J_KL10_1.2.2.15 | D64: С | E64: 2019 | F64: 2019 | G64: 2019 | H64: нд | I64: нд | J64: нд | K64: нд | L64: 0.345 | M64: 2019 | N64: нд | O64: нд | P64: нд | Q64: нд | R64: 0.345 | S64: =R64*1.0494 -> 0.362043 | T64: нд | U64: 0.362043 | V64: нд | W64: нд | X64: 0.362043 | Y64: нд | Z64: нд | AA64: нд | AB64: нд | AC64: нд | AD64: нд | AE64: нд | AF64: нд | AG64: нд | AH64: нд | AI64: нд | AJ64: нд | AK64: нд | AL64: нд | AM64: нд | AN64: нд | AO64: нд | AP64: нд | AQ64: нд | AR64: нд | AS64: нд | AT64: нд | AU64: нд | AV64: нд | AW64: нд | AX64: 0.362043 | AY64: нд | AZ64: нд | BA64: 0.362043 | BB64: нд | BC64: нд | BD64: нд | BE64: нд | BF64: нд | BG64: нд | BH64: 0.362043 | BI64: нд | BJ64: нд | BK64: 0.362043 | BL64: нд | BM64: нд
A65: 1.2.2.15 | B65: КЛ 10 кВ направлением "ТП-488 - ТП-128", г.Вологда | C65: ='д) план ввода ОС'!C67 -> J_KL10_1.2.2.16 | D65: нд | E65: 2019 | F65: 2019 | G65: 2019 | H65: нд | I65: нд | J65: нд | K65: нд | L65: 1.489 | M65: 2019 | N65: нд | O65: нд | P65: нд | Q65: нд | R65: 1.489 | S65: =R65*1.0494 -> 1.5625566 | T65: нд | U65: 1.5625566 | V65: нд | W65: нд | X65: 1.5625566 | Y65: нд | Z65: нд | AA65: нд | AB65: нд | AC65: нд | AD65: нд | AE65: нд | AF65: нд | AG65: нд | AH65: нд | AI65: нд | AJ65: нд | AK65: нд | AL65: нд | AM65: нд | AN65: нд | AO65: нд | AP65: нд | AQ65: нд | AR65: нд | AS65: нд | AT65: нд | AU65: нд | AV65: нд | AW65: нд | AX65: 1.5625566 | AY65: нд | AZ65: нд | BA65: 1.5625566 | BB65: нд | BC65: нд | BD65: нд | BE65: нд | BF65: нд | BG65: нд | BH65: 1.5625566 | BI65: нд | BJ65: нд | BK65: 1.5625566 | BL65: нд | BM65: нд
A66: 1.2.2.16 | B66: КЛ 10 кВ направлением "РП13, ф.8 - ТП-40", г.Вологда | C66: ='д) план ввода ОС'!C68 -> J_KL10_1.2.2.17 | D66: С | E66: 2019 | F66: 2019 | G66: 2019 | H66: нд | I66: нд | J66: нд | K66: нд | L66: 1.588 | M66: 2019 | N66: нд | O66: нд | P66: нд | Q66: нд | R66: 1.588 | S66: =R66*1.0494 -> 1.6664472 | T66: нд | U66: 1.6664472 | V66: нд | W66: нд | X66: 1.6664472 | Y66: нд | Z66: нд | AA66: нд | AB66: нд | AC66: нд | AD66: нд | AE66: нд | AF66: нд | AG66: нд | AH66: нд | AI66: нд | AJ66: нд | AK66: нд | AL66: нд | AM66: нд | AN66: нд | AO66: нд | AP66: нд | AQ66: нд | AR66: нд | AS66: нд | AT66: нд | AU66: нд | AV66: нд | AW66: нд | AX66: 1.6664472 | AY66: нд | AZ66: нд | BA66: 1.6664472 | BB66: нд | BC66: нд | BD66: нд | BE66: нд | BF66: нд | BG66: нд | BH66: 1.6664472 | BI66: нд | BJ66: нд | BK66: 1.6664472 | BL66: нд | BM66: нд
B67: Воздушные линии 0,4 кВ. | C67: ='д) план ввода ОС'!C69 -> 0 | D67: нд | E67: нд | F67: нд | G67: нд | H67: нд | I67: нд | J67: нд | K67: нд | L67: 23.257 | M67: нд | N67: нд | O67: нд | P67: нд | Q67: нд | R67: 23.257 | S67: =R67*1.0494 -> 24.405896 | T67: нд | U67: 24.405896 | V67: нд | W67: =SUM(W68:W78) -> 19.02877 | X67: =SUM(X79:X82) -> 5.3771256 | Y67: нд | Z67: нд | AA67: нд | AB67: нд | AC67: нд | AD67: 19.02877 | AE67: нд | AF67: нд | AG67: 19.02877 | AH67: нд | AI67: нд | AJ67: нд | AK67: нд | AL67: нд | AM67: нд | AN67: 19.02877 | AO67: нд | AP67: нд | AQ67: 19.02877 | AR67: нд | AS67: нд | AT67: нд | AU67: нд | AV67: нд | AW67: нд | AX67: 5.3771256 | AY67: нд | AZ67: нд | BA67: 5.3771256 | BB67: нд | BC67: нд | BD67: нд | BE67: нд | BF67: нд | BG67: нд | BH67: 24.405896 | BI67: нд | BJ67: нд | BK67: 24.405896 | BL67: нд | BM67: нд
A68: 1.2.2.16 | B68: ВЛ 0,4 кВ от ТП1-07, ф.Вянгинская, г.Вытегра | C68: ='д) план ввода ОС'!C70 -> I_VL04_1.2.2.18 | D68: С | E68: 2018 | F68: 2018 | G68: 2018 | H68: нд | I68: нд | J68: нд | K68: нд | L68: 2.984 | M68: 2018 | N68: нд | O68: нд | P68: нд | Q68: нд | R68: 2.984 | S68: =R68*1.0494 -> 3.1314096 | T68: нд | U68: 3.1314096 | V68: нд | W68: 3.1314096 | X68: нд | Y68: нд | Z68: нд | AA68: нд | AB68: нд | AC68: нд | AD68: 3.1314096 | AE68: нд | AF68: нд | AG68: 3.1314096 | AH68: нд | AI68: нд | AJ68: нд | AK68: нд | AL68: нд | AM68: нд | AN68: 3.1314096 | AO68: нд | AP68: нд | AQ68: 3.1314096 | AR68: нд | AS68: нд | AT68: нд | AU68: нд | AV68: нд | AW68: нд | AX68: нд | AY68: нд | AZ68: нд | BA68: нд | BB68: нд | BC68: нд | BD68: нд | BE68: нд | BF68: нд | BG68: нд | BH68: 3.1314096 | BI68: нд | BJ68: нд | BK68: 3.1314096 | BL68: нд | BM68: нд
A69: 1.2.2.17 | B69: ВЛ 0,4кВ от ТП1-26 ф.Пенсионный фонд, г.Вытегра | C69: ='д) план ввода ОС'!C71 -> I_VL04_1.2.2.19 | D69: С | E69: 2018 | F69: 2018 | G69: 2018 | H69: нд | I69: нд | J69: нд | K69: нд | L69: 1.457 | M69: 2018 | N69: нд | O69: нд | P69: нд | Q69: нд | R69: 1.457 | S69: =R69*1.0494 -> 1.5289758 | T69: нд | U69: 1.5289758 | V69: нд | W69: 1.5289758 | X69: нд | Y69: нд | Z69: нд | AA69: нд | AB69: нд | AC69: нд | AD69: 1.5289758 | AE69: нд | AF69: нд | AG69: 1.5289758 | AH69: нд | AI69: нд | AJ69: нд | AK69: нд | AL69: нд | AM69: нд | AN69: 1.5289758 | AO69: нд | AP69: нд | AQ69: 1.5289758 | AR69: нд | AS69: нд | AT69: нд | AU69: нд | AV69: нд | AW69: нд | AX69: нд | AY69: нд | AZ69: нд | BA69: нд | BB69: нд | BC69: нд | BD69: нд | BE69: нд | BF69: нд | BG69: нд | BH69: 1.5289758 | BI69: нд | BJ69: нд | BK69: 1.5289758 | BL69: нд | BM69: нд
A70: 1.2.2.18 | B70: ВЛ 0,4 кВ от ТП-107, г.Харовск, ул.Зеленая | C70: ='д) план ввода ОС'!C72 -> I_VL04_1.2.2.20 | D70: С | E70: 2018 | F70: 2018 | G70: 2018 | H70: нд | I70: нд | J70: нд | K70: нд | L70: 2.189 | M70: 2018 | N70: нд | O70: нд | P70: нд | Q70: нд | R70: 2.189 | S70: =R70*1.0494 -> 2.2971366 | T70: нд | U70: 2.2971366 | V70: нд | W70: 2.2971366 | X70: нд | Y70: нд | Z70: нд | AA70: нд | AB70: нд | AC70: нд | AD70: 2.2971366 | AE70: нд | AF70: нд | AG70: 2.2971366 | AH70: нд | AI70: нд | AJ70: нд | AK70: нд | AL70: нд | AM70: нд | AN70: 2.2971366 | AO70: нд | AP70: нд | AQ70: 2.2971366 | AR70: нд | AS70: нд | AT70: нд | AU70: нд | AV70: нд | AW70: нд | AX70: нд | AY70: нд | AZ70: нд | BA70: нд | BB70: нд | BC70: нд | BD70: нд | BE70: нд | BF70: нд | BG70: нд | BH70: 2.2971366 | BI70: нд | BJ70: нд | BK70: 2.2971366 | BL70: нд | BM70: нд
A71: 1.2.2.19 | B71: ВЛ 0,4 кВ от ТП-107, г.Харовск, ул.Советская | C71: ='д) план ввода ОС'!C73 -> I_VL04_1.2.2.21 | D71: С | E71: 2018 | F71: 2018 | G71: 2018 | H71: нд | I71: нд | J71: нд | K71: нд | L71: 2.342 | M71: 2018 | N71: нд | O71: нд | P71: нд | Q71: нд | R71: 2.342 | S71: =R71*1.0494 -> 2.4576948 | T71: нд | U71: 2.4576948 | V71: нд | W71: 2.4576948 | X71: нд | Y71: нд | Z71: нд | AA71: нд | AB71: нд | AC71: нд | AD71: 2.4576948 | AE71: нд | AF71: нд | AG71: 2.4576948 | AH71: нд | AI71: нд | AJ71: нд | AK71: нд | AL71: нд | AM71: нд | AN71: 2.4576948 | AO71: нд | AP71: нд | AQ71: 2.4576948 | AR71: нд | AS71: нд | AT71: нд | AU71: нд | AV71: нд | AW71: нд | AX71: нд | AY71: нд | AZ71: нд | BA71: нд | BB71: нд | BC71: нд | BD71: нд | BE71: нд | BF71: нд | BG71: нд | BH71: 2.4576948 | BI71: нд | BJ71: нд | BK71: 2.4576948 | BL71: нд | BM71: нд
A72: 1.2.2.20 | B72: ВЛ 0,4 кВ от ТП-72, г.Сокол, ул.Пушкинская… | C72: ='д) план ввода ОС'!C74 -> I_VL04_1.2.2.22 | D72: С | E72: 2018 | F72: 2018 | G72: 2018 | H72: нд | I72: нд | J72: нд | K72: нд | L72: 0.662 | M72: 2018 | N72: нд | O72: нд | P72: нд | Q72: нд | R72: 0.662 | S72: =R72*1.0494 -> 0.6947028 | T72: нд | U72: 0.6947028 | V72: нд | W72: 0.6947028 | X72: нд | Y72: нд | Z72: нд | AA72: нд | AB72: нд | AC72: нд | AD72: 0.6947028 | AE72: нд | AF72: нд | AG72: 0.6947028 | AH72: нд | AI72: нд | AJ72: нд | AK72: нд | AL72: нд | AM72: нд | AN72: 0.6947028 | AO72: нд | AP72: нд | AQ72: 0.6947028 | AR72: нд | AS72: нд | AT72: нд | AU72: нд | AV72: нд | AW72: нд | AX72: нд | AY72: нд | AZ72: нд | BA72: нд | BB72: нд | BC72: нд | BD72: нд | BE72: нд | BF72: нд | BG72: нд | BH72: 0.6947028 | BI72: нд | BJ72: нд | BK72: 0.6947028 | BL72: нд | BM72: нд
A73: 1.2.2.21 | B73: ВЛ-0,4кВ №1, №2, от ТП "Поселок" д.Поповка Череповецкого р-на | C73: ='д) план ввода ОС'!C75 -> I_VL04_1.2.2.23 | D73: С | E73: 2018 | F73: 2018 | G73: 2018 | H73: нд | I73: нд | J73: нд | K73: нд | L73: 1.656 | M73: 2018 | N73: нд | O73: нд | P73: нд | Q73: нд | R73: 1.656 | S73: =R73*1.0494 -> 1.7378064 | T73: нд | U73: 1.7378064 | V73: нд | W73: 1.7378064 | X73: нд | Y73: нд | Z73: нд | AA73: нд | AB73: нд | AC73: нд | AD73: 1.7378064 | AE73: нд | AF73: нд | AG73: 1.7378064 | AH73: нд | AI73: нд | AJ73: нд | AK73: нд | AL73: нд | AM73: нд | AN73: 1.7378064 | AO73: нд | AP73: нд | AQ73: 1.7378064 | AR73: нд | AS73: нд | AT73: нд | AU73: нд | AV73: нд | AW73: нд | AX73: нд | AY73: нд | AZ73: нд | BA73: нд | BB73: нд | BC73: нд | BD73: нд | BE73: нд | BF73: нд | BG73: нд | BH73: 1.7378064 | BI73: нд | BJ73: нд | BK73: 1.7378064 | BL73: нд | BM73: нд
A74: 1.2.2.22 | B74: ВЛ-0,4 кВ ф. 3 от ТП№32 г. Бабаево | C74: ='д) план ввода ОС'!C76 -> I_VL04_1.2.2.24 | D74: С | E74: 2018 | F74: 2018 | G74: 2018 | H74: нд | I74: нд | J74: нд | K74: нд | L74: 1.656 | M74: 2018 | N74: нд | O74: нд | P74: нд | Q74: нд | R74: 1.656 | S74: =R74*1.0494 -> 1.7378064 | T74: нд | U74: 1.7378064 | V74: нд | W74: 1.7378064 | X74: нд | Y74: нд | Z74: нд | AA74: нд | AB74: нд | AC74: нд | AD74: 1.7378064 | AE74: нд | AF74: нд | AG74: 1.7378064 | AH74: нд | AI74: нд | AJ74: нд | AK74: нд | AL74: нд | AM74: нд | AN74: 1.7378064 | AO74: нд | AP74: нд | AQ74: 1.7378064 | AR74: нд | AS74: нд | AT74: нд | AU74: нд | AV74: нд | AW74: нд | AX74: нд | AY74: нд | AZ74: нд | BA74: нд | BB74: нд | BC74: нд | BD74: нд | BE74: нд | BF74: нд | BG74: нд | BH74: 1.7378064 | BI74: нд | BJ74: нд | BK74: 1.7378064 | BL74: нд | BM74: нд
A75: 1.2.2.23 | B75: ВЛ-0,4кВ "Очистные" от КТП-№10 п.Хохлово | C75: ='д) план ввода ОС'!C77 -> I_VL04_1.2.2.25 | D75: С | E75: 2018 | F75: 2018 | G75: 2018 | H75: нд | I75: нд | J75: нд | K75: нд | L75: 0.883 | M75: 2018 | N75: нд | O75: нд | P75: нд | Q75: нд | R75: 0.883 | S75: =R75*1.0494 -> 0.9266202 | T75: нд | U75: 0.9266202 | V75: нд | W75: 0.9266202 | X75: нд | Y75: нд | Z75: нд | AA75: нд | AB75: нд | AC75: нд | AD75: 0.9266202 | AE75: нд | AF75: нд | AG75: 0.9266202 | AH75: нд | AI75: нд | AJ75: нд | AK75: нд | AL75: нд | AM75: нд | AN75: 0.9266202 | AO75: нд | AP75: нд | AQ75: 0.9266202 | AR75: нд | AS75: нд | AT75: нд | AU75: нд | AV75: нд | AW75: нд | AX75: нд | AY75: нд | AZ75: нд | BA75: нд | BB75: нд | BC75: нд | BD75: нд | BE75: нд | BF75: нд | BG75: нд | BH75: 0.9266202 | BI75: нд | BJ75: нд | BK75: 0.9266202 | BL75: нд | BM75: нд
A76: 1.2.2.24 | B76: ВЛ-0,4кВ ул.50лет Победы от КТП-№61 п.Сазоново | C76: ='д) план ввода ОС'!C78 -> I_VL04_1.2.2.26 | D76: С | E76: 2018 | F76: 2018 | G76: 2018 | H76: нд | I76: нд | J76: нд | K76: нд | L76: 1.656 | M76: 2018 | N76: нд | O76: нд | P76: нд | Q76: нд | R76: 1.656 | S76: =R76*1.0494 -> 1.7378064 | T76: нд | U76: 1.7378064 | V76: нд | W76: 1.7378064 | X76: нд | Y76: нд | Z76: нд | AA76: нд | AB76: нд | AC76: нд | AD76: 1.7378064 | AE76: нд | AF76: нд | AG76: 1.7378064 | AH76: нд | AI76: нд | AJ76: нд | AK76: нд | AL76: нд | AM76: нд | AN76: 1.7378064 | AO76: нд | AP76: нд | AQ76: 1.7378064 | AR76: нд | AS76: нд | AT76: нд | AU76: нд | AV76: нд | AW76: нд | AX76: нд | AY76: нд | AZ76: нд | BA76: нд | BB76: нд | BC76: нд | BD76: нд | BE76: нд | BF76: нд | BG76: нд | BH76: 1.7378064 | BI76: нд | BJ76: нд | BK76: 1.7378064 | BL76: нд | BM76: нд
A77: 1.2.2.25 | B77: ВЛ-0,4кВ ф.Исполкомовская, ВЛ-0,4кВ ф.Райисполкомовская от КТП-№5 п.Шексна | C77: ='д) план ввода ОС'!C79 -> I_VL04_1.2.2.27 | D77: С | E77: 2018 | F77: 2018 | G77: 2018 | H77: нд | I77: нд | J77: нд | K77: нд | L77: 1.765 | M77: 2018 | N77: нд | O77: нд | P77: нд | Q77: нд | R77: 1.765 | S77: =R77*1.0494 -> 1.852191 | T77: нд | U77: 1.852191 | V77: нд | W77: 1.852191 | X77: нд | Y77: нд | Z77: нд | AA77: нд | AB77: нд | AC77: нд | AD77: 1.852191 | AE77: нд | AF77: нд | AG77: 1.852191 | AH77: нд | AI77: нд | AJ77: нд | AK77: нд | AL77: нд | AM77: нд | AN77: 1.852191 | AO77: нд | AP77: нд | AQ77: 1.852191 | AR77: нд | AS77: нд | AT77: нд | AU77: нд | AV77: нд | AW77: нд | AX77: нд | AY77: нд | AZ77: нд | BA77: нд | BB77: нд | BC77: нд | BD77: нд | BE77: нд | BF77: нд | BG77: нд | BH77: 1.852191 | BI77: нд | BJ77: нд | BK77: 1.852191 | BL77: нд | BM77: нд
A78: 1.2.2.26 | B78: ВЛ-0,4кВ ф.Типография от КТП-№26 п.Шексна | C78: ='д) план ввода ОС'!C80 -> I_VL04_1.2.2.28 | D78: С | E78: 2018 | F78: 2018 | G78: 2018 | H78: нд | I78: нд | J78: нд | K78: нд | L78: 0.883 | M78: 2018 | N78: нд | O78: нд | P78: нд | Q78: нд | R78: 0.883 | S78: =R78*1.0494 -> 0.9266202 | T78: нд | U78: 0.9266202 | V78: нд | W78: 0.9266202 | X78: нд | Y78: нд | Z78: нд | AA78: нд | AB78: нд | AC78: нд | AD78: 0.9266202 | AE78: нд | AF78: нд | AG78: 0.9266202 | AH78: нд | AI78: нд | AJ78: нд | AK78: нд | AL78: нд | AM78: нд | AN78: 0.9266202 | AO78: нд | AP78: нд | AQ78: 0.9266202 | AR78: нд | AS78: нд | AT78: нд | AU78: нд | AV78: нд | AW78: нд | AX78: нд | AY78: нд | AZ78: нд | BA78: нд | BB78: нд | BC78: нд | BD78: нд | BE78: нд | BF78: нд | BG78: нд | BH78: 0.9266202 | BI78: нд | BJ78: нд | BK78: 0.9266202 | BL78: нд | BM78: нд
A79: 1.2.2.27 | B79: ВЛ - 0,4 кВ ф.№1 от ТП№8 г. Бабаево | C79: ='д) план ввода ОС'!C81 -> J_VL04_1.2.2.29 | D79: С | E79: 2019 | F79: 2019 | G79: 2019 | H79: нд | I79: нд | J79: нд | K79: нд | L79: 2.208 | M79: 2019 | N79: нд | O79: нд | P79: нд | Q79: нд | R79: 2.208 | S79: =R79*1.0494 -> 2.3170752 | T79: нд | U79: 2.3170752 | V79: нд | W79: нд | X79: 2.3170752 | Y79: нд | Z79: нд | AA79: нд | AB79: нд | AC79: нд | AD79: нд | AE79: нд | AF79: нд | AG79: нд | AH79: нд | AI79: нд | AJ79: нд | AK79: нд | AL79: нд | AM79: нд | AN79: нд | AO79: нд | AP79: нд | AQ79: нд | AR79: нд | AS79: нд | AT79: нд | AU79: нд | AV79: нд | AW79: нд | AX79: 2.3170752 | AY79: нд | AZ79: нд | BA79: 2.3170752 | BB79: нд | BC79: нд | BD79: нд | BE79: нд | BF79: нд | BG79: нд | BH79: 2.3170752 | BI79: нд | BJ79: нд | BK79: 2.3170752 | BL79: нд | BM79: нд
A80: 1.2.2.28 | B80: ВЛ-0,4 ТП1-109 ф.Никонова, Вытегра | C80: ='д) план ввода ОС'!C82 -> J_VL04_1.2.2.30 | D80: С | E80: 2019 | F80: 2019 | G80: 2019 | H80: нд | I80: нд | J80: нд | K80: нд | L80: 1.49 | M80: 2019 | N80: нд | O80: нд | P80: нд | Q80: нд | R80: 1.49 | S80: =R80*1.0494 -> 1.563606 | T80: нд | U80: 1.563606 | V80: нд | W80: нд | X80: 1.563606 | Y80: нд | Z80: нд | AA80: нд | AB80: нд | AC80: нд | AD80: нд | AE80: нд | AF80: нд | AG80: нд | AH80: нд | AI80: нд | AJ80: нд | AK80: нд | AL80: нд | AM80: нд | AN80: нд | AO80: нд | AP80: нд | AQ80: нд | AR80: нд | AS80: нд | AT80: нд | AU80: нд | AV80: нд | AW80: нд | AX80: 1.563606 | AY80: нд | AZ80: нд | BA80: 1.563606 | BB80: нд | BC80: нд | BD80: нд | BE80: нд | BF80: нд | BG80: нд | BH80: 1.563606 | BI80: нд | BJ80: нд | BK80: 1.563606 | BL80: нд | BM80: нд
A81: 1.2.2.29 | B81: ВЛ 0,4 кВ направлением "ТП8 - ф.Заречная-1, ф.Заречная-2", с.Шуйское | C81: ='д) план ввода ОС'!C83 -> J_VL04_1.2.2.31 | D81: С | E81: 2019 | F81: 2019 | G81: 2019 | H81: нд | I81: нд | J81: нд | K81: нд | L81: 0.509 | M81: 2019 | N81: нд | O81: нд | P81: нд | Q81: нд | R81: 0.509 | S81: =R81*1.0494 -> 0.5341446 | T81: нд | U81: 0.5341446 | V81: нд | W81: нд | X81: 0.5341446 | Y81: нд | Z81: нд | AA81: нд | AB81: нд | AC81: нд | AD81: нд | AE81: нд | AF81: нд | AG81: нд | AH81: нд | AI81: нд | AJ81: нд | AK81: нд | AL81: нд | AM81: нд | AN81: нд | AO81: нд | AP81: нд | AQ81: нд | AR81: нд | AS81: нд | AT81: нд | AU81: нд | AV81: нд | AW81: нд | AX81: 0.5341446 | AY81: нд | AZ81: нд | BA81: 0.5341446 | BB81: нд | BC81: нд | BD81: нд | BE81: нд | BF81: нд | BG81: нд | BH81: 0.5341446 | BI81: нд | BJ81: нд | BK81: 0.5341446 | BL81: нд | BM81: нд
A82: 1.2.2.30 | B82: ВЛ 0,4 кВ направлением от КТП-42, г.Тотьма | C82: ='д) план ввода ОС'!C84 -> J_VL04_1.2.2.32 | D82: С | E82: 2019 | F82: 2019 | G82: 2019 | H82: нд | I82: нд | J82: нд | K82: нд | L82: 0.917 | M82: 2019 | N82: нд | O82: нд | P82: нд | Q82: нд | R82: 0.917 | S82: =R82*1.0494 -> 0.9622998 | T82: нд | U82: 0.9622998 | V82: нд | W82: нд | X82: 0.9622998 | Y82: нд | Z82: нд | AA82: нд | AB82: нд | AC82: нд | AD82: нд | AE82: нд | AF82: нд | AG82: нд | AH82: нд | AI82: нд | AJ82: нд | AK82: нд | AL82: нд | AM82: нд | AN82: нд | AO82: нд | AP82: нд | AQ82: нд | AR82: нд | AS82: нд | AT82: нд | AU82: нд | AV82: нд | AW82: нд | AX82: 0.9622998 | AY82: нд | AZ82: нд | BA82: 0.9622998 | BB82: нд | BC82: нд | BD82: нд | BE82: нд | BF82: нд | BG82: нд | BH82: 0.9622998 | BI82: нд | BJ82: нд | BK82: 0.9622998 | BL82: нд | BM82: нд
B83: Воздушные линии 6-10 кВ. | C83: ='д) план ввода ОС'!C85 -> 0 | D83: нд | E83: нд | F83: нд | G83: нд | H83: нд | I83: нд | J83: нд | K83: нд | L83: 58.128 | M83: нд | N83: нд | O83: нд | P83: нд | Q83: нд | R83: 58.128 | S83: =R83*1.0494 -> 60.999523 | T83: нд | U83: 60.999523 | V83: нд | W83: =SUM(W84:W90) -> 41.367348 | X83: =SUM(X91:X92) -> 19.632175 | Y83: нд | Z83: нд | AA83: нд | AB83: нд | AC83: нд | AD83: 41.367348 | AE83: нд | AF83: нд | AG83: 41.367348 | AH83: нд | AI83: нд | AJ83: нд | AK83: нд | AL83: нд | AM83: нд | AN83: 41.367348 | AO83: нд | AP83: нд | AQ83: 41.367348 | AR83: нд | AS83: нд | AT83: нд | AU83: нд | AV83: нд | AW83: нд | AX83: 19.632175 | AY83: нд | AZ83: нд | BA83: 19.632175 | BB83: нд | BC83: нд | BD83: нд | BE83: нд | BF83: нд | BG83: нд | BH83: 60.999523 | BI83: нд | BJ83: нд | BK83: 60.999523 | BL83: нд | BM83: нд
A84: 1.2.2.30 | B84: ВЛ-10кВ фидер «город Тотьма» от районной ПС 110/35/10 кВ «Тотьма-1» до РП-1 г. Тотьма | C84: ='д) план ввода ОС'!C86 -> I_VL10_1.2.2.33 | D84: С | E84: 2018 | F84: 2018 | G84: 2018 | H84: нд | I84: нд | J84: нд | K84: нд | L84: 12.095 | M84: 2018 | N84: нд | O84: нд | P84: нд | Q84: нд | R84: 12.095 | S84: =R84*1.0494 -> 12.692493 | T84: нд | U84: 12.692493 | V84: нд | W84: 12.692493 | X84: нд | Y84: нд | Z84: нд | AA84: нд | AB84: нд | AC84: нд | AD84: 12.692493 | AE84: нд | AF84: нд | AG84: 12.692493 | AH84: нд | AI84: нд | AJ84: нд | AK84: нд | AL84: нд | AM84: нд | AN84: 12.692493 | AO84: нд | AP84: нд | AQ84: 12.692493 | AR84: нд | AS84: нд | AT84: нд | AU84: нд | AV84: нд | AW84: нд | AX84: нд | AY84: нд | AZ84: нд | BA84: нд | BB84: нд | BC84: нд | BD84: нд | BE84: нд | BF84: нд | BG84: нд | BH84: 12.692493 | BI84: нд | BJ84: нд | BK84: 12.692493 | BL84: нд | BM84: нд
A85: 1.2.2.31 | B85: ВЛ-10 кВ "Колошма" Бабаевского р-на | C85: ='д) план ввода ОС'!C87 -> I_VL10_1.2.2.34 | D85: С | E85: 2018 | F85: 2018 | G85: 2018 | H85: нд | I85: нд | J85: нд | K85: нд | L85: 8.995 | M85: 2018 | N85: нд | O85: нд | P85: нд | Q85: нд | R85: 8.995 | S85: =R85*1.0494 -> 9.439353 | T85: нд | U85: 9.439353 | V85: нд | W85: 9.439353 | X85: нд | Y85: нд | Z85: нд | AA85: нд | AB85: нд | AC85: нд | AD85: 9.439353 | AE85: нд | AF85: нд | AG85: 9.439353 | AH85: нд | AI85: нд | AJ85: нд | AK85: нд | AL85: нд | AM85: нд | AN85: 9.439353 | AO85: нд | AP85: нд | AQ85: 9.439353 | AR85: нд | AS85: нд | AT85: нд | AU85: нд | AV85: нд | AW85: нд | AX85: нд | AY85: нд | AZ85: нд | BA85: нд | BB85: нд | BC85: нд | BD85: нд | BE85: нд | BF85: нд | BG85: нд | BH85: 9.439353 | BI85: нд | BJ85: нд | BK85: 9.439353 | BL85: нд | BM85: нд
A86: 1.2.2.32 | B86: ВЛ-10 кВ на КТП №61 п.Сазоново Чагодощенского р-на | C86: ='д) план ввода ОС'!C88 -> I_VL10_1.2.2.35 | D86: С | E86: 2018 | F86: 2018 | G86: 2018 | H86: нд | I86: нд | J86: нд | K86: нд | L86: 0.853 | M86: 2018 | N86: нд | O86: нд | P86: нд | Q86: нд | R86: 0.853 | S86: =R86*1.0494 -> 0.8951382 | T86: нд | U86: 0.8951382 | V86: нд | W86: 0.8951382 | X86: нд | Y86: нд | Z86: нд | AA86: нд | AB86: нд | AC86: нд | AD86: 0.8951382 | AE86: нд | AF86: нд | AG86: 0.8951382 | AH86: нд | AI86: нд | AJ86: нд | AK86: нд | AL86: нд | AM86: нд | AN86: 0.8951382 | AO86: нд | AP86: нд | AQ86: 0.8951382 | AR86: нд | AS86: нд | AT86: нд | AU86: нд | AV86: нд | AW86: нд | AX86: нд | AY86: нд | AZ86: нд | BA86: нд | BB86: нд | BC86: нд | BD86: нд | BE86: нд | BF86: нд | BG86: нд | BH86: 0.8951382 | BI86: нд | BJ86: нд | BK86: 0.8951382 | BL86: нд | BM86: нд
A87: 1.2.2.33 | B87: ВЛ-10 кВ на ТП "Поселок" д.Поповка Череповецкого р-на | C87: ='д) план ввода ОС'!C89 -> I_VL10_1.2.2.36 | D87: С | E87: 2018 | F87: 2018 | G87: 2018 | H87: нд | I87: нд | J87: нд | K87: нд | L87: 0.853 | M87: 2018 | N87: нд | O87: нд | P87: нд | Q87: нд | R87: 0.853 | S87: =R87*1.0494 -> 0.8951382 | T87: нд | U87: 0.8951382 | V87: нд | W87: 0.8951382 | X87: нд | Y87: нд | Z87: нд | AA87: нд | AB87: нд | AC87: нд | AD87: 0.8951382 | AE87: нд | AF87: нд | AG87: 0.8951382 | AH87: нд | AI87: нд | AJ87: нд | AK87: нд | AL87: нд | AM87: нд | AN87: 0.8951382 | AO87: нд | AP87: нд | AQ87: 0.8951382 | AR87: нд | AS87: нд | AT87: нд | AU87: нд | AV87: нд | AW87: нд | AX87: нд | AY87: нд | AZ87: нд | BA87: нд | BB87: нд | BC87: нд | BD87: нд | BE87: нд | BF87: нд | BG87: нд | BH87: 0.8951382 | BI87: нд | BJ87: нд | BK87: 0.8951382 | BL87: нд | BM87: нд
A88: 1.2.2.34 | B88: ЛЭП №2 (г.Вологда, ул.8-я Садовая, Цветочная) | C88: ='д) план ввода ОС'!C90 -> I_VL10_1.2.2.37 | D88: С | E88: 2018 | F88: 2018 | G88: 2018 | H88: нд | I88: нд | J88: нд | K88: нд | L88: 5.589 | M88: 2018 | N88: нд | O88: нд | P88: нд | Q88: нд | R88: 5.589 | S88: =R88*1.0494 -> 5.8650966 | T88: нд | U88: 5.8650966 | V88: нд | W88: 5.8650966 | X88: нд | Y88: нд | Z88: нд | AA88: нд | AB88: нд | AC88: нд | AD88: 5.8650966 | AE88: нд | AF88: нд | AG88: 5.8650966 | AH88: нд | AI88: нд | AJ88: нд | AK88: нд | AL88: нд | AM88: нд | AN88: 5.8650966 | AO88: нд | AP88: нд | AQ88: 5.8650966 | AR88: нд | AS88: нд | AT88: нд | AU88: нд | AV88: нд | AW88: нд | AX88: нд | AY88: нд | AZ88: нд | BA88: нд | BB88: нд | BC88: нд | BD88: нд | BE88: нд | BF88: нд | BG88: нд | BH88: 5.8650966 | BI88: нд | BJ88: нд | BK88: 5.8650966 | BL88: нд | BM88: нд
A89: 1.2.2.35 | B89: ЛЭП №3 (г.Вологда, ул.Луначарского) | C89: ='д) план ввода ОС'!C91 -> I_VL10_1.2.2.38 | D89: С | E89: 2018 | F89: 2018 | G89: 2018 | H89: нд | I89: нд | J89: нд | K89: нд | L89: 2.04 | M89: 2018 | N89: нд | O89: нд | P89: нд | Q89: нд | R89: 2.04 | S89: =R89*1.0494 -> 2.140776 | T89: нд | U89: 2.140776 | V89: нд | W89: 2.140776 | X89: нд | Y89: нд | Z89: нд | AA89: нд | AB89: нд | AC89: нд | AD89: 2.140776 | AE89: нд | AF89: нд | AG89: 2.140776 | AH89: нд | AI89: нд | AJ89: нд | AK89: нд | AL89: нд | AM89: нд | AN89: 2.140776 | AO89: нд | AP89: нд | AQ89: 2.140776 | AR89: нд | AS89: нд | AT89: нд | AU89: нд | AV89: нд | AW89: нд | AX89: нд | AY89: нд | AZ89: нд | BA89: нд | BB89: нд | BC89: нд | BD89: нд | BE89: нд | BF89: нд | BG89: нд | BH89: 2.140776 | BI89: нд | BJ89: нд | BK89: 2.140776 | BL89: нд | BM89: нд
A90: 1.2.2.36 | B90: ВЛ-10кВ "Колошма" Бабаевского р-на | C90: ='д) план ввода ОС'!C92 -> I_VL10_1.2.2.39 | D90: С | E90: 2018 | F90: 2019 | G90: 2019 | H90: нд | I90: нд | J90: нд | K90: нд | L90: 8.995 | M90: 2018 | N90: нд | O90: нд | P90: нд | Q90: нд | R90: 8.995 | S90: =R90*1.0494 -> 9.439353 | T90: нд | U90: 9.439353 | V90: нд | W90: 9.439353 | X90: нд | Y90: нд | Z90: нд | AA90: нд | AB90: нд | AC90: нд | AD90: 9.439353 | AE90: нд | AF90: нд | AG90: 9.439353 | AH90: нд | AI90: нд | AJ90: нд | AK90: нд | AL90: нд | AM90: нд | AN90: 9.439353 | AO90: нд | AP90: нд | AQ90: 9.439353 | AR90: нд | AS90: нд | AT90: нд | AU90: нд | AV90: нд | AW90: нд | AX90: нд | AY90: нд | AZ90: нд | BA90: нд | BB90: нд | BC90: нд | BD90: нд | BE90: нд | BF90: нд | BG90: нд | BH90: 9.439353 | BI90: нд | BJ90: нд | BK90: 9.439353 | BL90: нд | BM90: нд
A91: 1.2.2.37 | B91: ВЛ-6кВ ф.9 с ПС Белоусово г.Вытегра | C91: ='д) план ввода ОС'!C93 -> J_VL10_1.2.2.40 | D91: С | E91: 2019 | F91: 2019 | G91: 2019 | H91: нд | I91: нд | J91: нд | K91: нд | L91: 5.395 | M91: 2019 | N91: нд | O91: нд | P91: нд | Q91: нд | R91: 5.395 | S91: =R91*1.0494 -> 5.661513 | T91: нд | U91: 5.661513 | V91: нд | W91: нд | X91: 5.661513 | Y91: нд | Z91: нд | AA91: нд | AB91: нд | AC91: нд | AD91: нд | AE91: нд | AF91: нд | AG91: нд | AH91: нд | AI91: нд | AJ91: нд | AK91: нд | AL91: нд | AM91: нд | AN91: нд | AO91: нд | AP91: нд | AQ91: нд | AR91: нд | AS91: нд | AT91: нд | AU91: нд | AV91: нд | AW91: нд | AX91: 5.661513 | AY91: нд | AZ91: нд | BA91: 5.661513 | BB91: нд | BC91: нд | BD91: нд | BE91: нд | BF91: нд | BG91: нд | BH91: 5.661513 | BI91: нд | BJ91: нд | BK91: 5.661513 | BL91: нд | BM91: нд
A92: 1.2.2.38 | B92: ЛЭП 10 кВ ф."Липин Бор" от ПС 110/35/10 кВ "Вашки" | C92: ='д) план ввода ОС'!C94 -> J_VL10_1.2.2.41 | D92: С | E92: 2019 | F92: 2019 | G92: 2019 | H92: нд | I92: нд | J92: нд | K92: нд | L92: 13.313 | M92: 2019 | N92: нд | O92: нд | P92: нд | Q92: нд | R92: 13.313 | S92: =R92*1.0494 -> 13.970662 | T92: нд | U92: 13.970662 | V92: нд | W92: нд | X92: 13.970662 | Y92: нд | Z92: нд | AA92: нд | AB92: нд | AC92: нд | AD92: нд | AE92: нд | AF92: нд | AG92: нд | AH92: нд | AI92: нд | AJ92: нд | AK92: нд | AL92: нд | AM92: нд | AN92: нд | AO92: нд | AP92: нд | AQ92: нд | AR92: нд | AS92: нд | AT92: нд | AU92: нд | AV92: нд | AW92: нд | AX92: 13.970662 | AY92: нд | AZ92: нд | BA92: 13.970662 | BB92: нд | BC92: нд | BD92: нд | BE92: нд | BF92: нд | BG92: нд | BH92: 13.970662 | BI92: нд | BJ92: нд | BK92: 13.970662 | BL92: нд | BM92: нд
B93: ТП, РП, ПС. | C93: ='д) план ввода ОС'!C95 -> 0 | D93: нд | E93: нд | F93: нд | G93: нд | H93: нд | I93: нд | J93: нд | K93: нд | L93: 202.899 | M93: нд | N93: нд | O93: нд | P93: нд | Q93: нд | R93: 202.899 | S93: =R93*1.0494 -> 212.92221 | T93: нд | U93: 212.92221 | V93: нд | W93: =SUM(W94:W99) -> 57.408476 | X93: =SUM(X100:X106) -> 155.51373 | Y93: нд | Z93: нд | AA93: нд | AB93: нд | AC93: нд | AD93: 57.408476 | AE93: нд | AF93: нд | AG93: 57.408476 | AH93: нд | AI93: нд | AJ93: нд | AK93: нд | AL93: нд | AM93: нд | AN93: 57.408476 | AO93: нд | AP93: нд | AQ93: 57.408476 | AR93: нд | AS93: нд | AT93: нд | AU93: нд | AV93: нд | AW93: нд | AX93: 155.51373 | AY93: нд | AZ93: нд | BA93: 155.51373 | BB93: нд | BC93: нд | BD93: нд | BE93: нд | BF93: нд | BG93: нд | BH93: 212.92221 | BI93: нд | BJ93: нд | BK93: 212.92221 | BL93: нд | BM93: нд
A94: 1.2.2.38 | B94: Реконструкция РТП-27 с заменой оборудования, КСО на I с.ш., г.Вологда | C94: ='д) план ввода ОС'!C96 -> I_RP_1.2.2.42 | D94: С | E94: 2018 | F94: 2018 | G94: 2018 | H94: нд | I94: нд | J94: нд | K94: нд | L94: 18.097 | M94: 2018 | N94: нд | O94: нд | P94: нд | Q94: нд | R94: 18.097 | S94: =R94*1.0494 -> 18.990992 | T94: нд | U94: 18.990992 | V94: нд | W94: 18.990992 | X94: нд | Y94: нд | Z94: нд | AA94: нд | AB94: нд | AC94: нд | AD94: 18.990992 | AE94: нд | AF94: нд | AG94: 18.990992 | AH94: нд | AI94: нд | AJ94: нд | AK94: нд | AL94: нд | AM94: нд | AN94: 18.990992 | AO94: нд | AP94: нд | AQ94: 18.990992 | AR94: нд | AS94: нд | AT94: нд | AU94: нд | AV94: нд | AW94: нд | AX94: нд | AY94: нд | AZ94: нд | BA94: нд | BB94: нд | BC94: нд | BD94: нд | BE94: нд | BF94: нд | BG94: нд | BH94: 18.990992 | BI94: нд | BJ94: нд | BK94: 18.990992 | BL94: нд | BM94: нд
A95: 1.2.2.39 | B95: Реконструкция РТП-7с заменой оборудования КСО на I с.ш., г.Сокол | C95: ='д) план ввода ОС'!C97 -> I_RP_1.2.2.43 | D95: С | E95: 2018 | F95: 2018 | G95: 2018 | H95: нд | I95: нд | J95: нд | K95: нд | L95: 13.191 | M95: 2018 | N95: нд | O95: нд | P95: нд | Q95: нд | R95: 13.191 | S95: =R95*1.0494 -> 13.842635 | T95: нд | U95: 13.842635 | V95: нд | W95: 13.842635 | X95: нд | Y95: нд | Z95: нд | AA95: нд | AB95: нд | AC95: нд | AD95: 13.842635 | AE95: нд | AF95: нд | AG95: 13.842635 | AH95: нд | AI95: нд | AJ95: нд | AK95: нд | AL95: нд | AM95: нд | AN95: 13.842635 | AO95: нд | AP95: нд | AQ95: 13.842635 | AR95: нд | AS95: нд | AT95: нд | AU95: нд | AV95: нд | AW95: нд | AX95: нд | AY95: нд | AZ95: нд | BA95: нд | BB95: нд | BC95: нд | BD95: нд | BE95: нд | BF95: нд | BG95: нд | BH95: 13.842635 | BI95: нд | BJ95: нд | BK95: 13.842635 | BL95: нд | BM95: нд
A96: 1.2.2.40 | B96: Реконструкция РП 10 кВ с заменой оборудования, КСО, I с.ш. г.Белозерск | C96: ='д) план ввода ОС'!C98 -> I_RP_1.2.2.44 | D96: С | E96: 2018 | F96: 2018 | G96: 2018 | H96: нд | I96: нд | J96: нд | K96: нд | L96: 13.191 | M96: 2018 | N96: нд | O96: нд | P96: нд | Q96: нд | R96: 13.191 | S96: =R96*1.0494 -> 13.842635 | T96: нд | U96: 13.842635 | V96: нд | W96: 13.842635 | X96: нд | Y96: нд | Z96: нд | AA96: нд | AB96: нд | AC96: нд | AD96: 13.842635 | AE96: нд | AF96: нд | AG96: 13.842635 | AH96: нд | AI96: нд | AJ96: нд | AK96: нд | AL96: нд | AM96: нд | AN96: 13.842635 | AO96: нд | AP96: нд | AQ96: 13.842635 | AR96: нд | AS96: нд | AT96: нд | AU96: нд | AV96: нд | AW96: нд | AX96: нд | AY96: нд | AZ96: нд | BA96: нд | BB96: нд | BC96: нд | BD96: нд | BE96: нд | BF96: нд | BG96: нд | BH96: 13.842635 | BI96: нд | BJ96: нд | BK96: 13.842635 | BL96: нд | BM96: нд
A97: 1.2.2.41 | B97: Реконструкция ТП-34, г.Сокол (перевод нагрузки на проект.РТП 10/0,4 кВ). Проектные работы. | C97: ='д) план ввода ОС'!C99 -> I_RP_1.2.2.45 | D97: С | E97: 2018 | F97: 2018 | G97: 2018 | H97: нд | I97: нд | J97: нд | K97: нд | L97: 0.692 | M97: 2018 | N97: нд | O97: нд | P97: нд | Q97: нд | R97: 0.692 | S97: =R97*1.0494 -> 0.7261848 | T97: нд | U97: 0.7261848 | V97: нд | W97: 0.7261848 | X97: нд | Y97: нд | Z97: нд | AA97: нд | AB97: нд | AC97: нд | AD97: 0.7261848 | AE97: нд | AF97: нд | AG97: 0.7261848 | AH97: нд | AI97: нд | AJ97: нд | AK97: нд | AL97: нд | AM97: нд | AN97: 0.7261848 | AO97: нд | AP97: нд | AQ97: 0.7261848 | AR97: нд | AS97: нд | AT97: нд | AU97: нд | AV97: нд | AW97: нд | AX97: нд | AY97: нд | AZ97: нд | BA97: нд | BB97: нд | BC97: нд | BD97: нд | BE97: нд | BF97: нд | BG97: нд | BH97: 0.7261848 | BI97: нд | BJ97: нд | BK97: 0.7261848 | BL97: нд | BM97: нд
A98: 1.2.2.42 | B98: Реконструкция РП-1, п.Шексна | C98: ='д) план ввода ОС'!C100 -> I_RP_1.2.2.46 | D98: С | E98: 2018 | F98: 2018 | G98: 2018 | H98: нд | I98: нд | J98: нд | K98: нд | L98: 2.968 | M98: 2018 | N98: нд | O98: нд | P98: нд | Q98: нд | R98: 2.968 | S98: =R98*1.0494 -> 3.1146192 | T98: нд | U98: 3.1146192 | V98: нд | W98: 3.1146192 | X98: нд | Y98: нд | Z98: нд | AA98: нд | AB98: нд | AC98: нд | AD98: 3.1146192 | AE98: нд | AF98: нд | AG98: 3.1146192 | AH98: нд | AI98: нд | AJ98: нд | AK98: нд | AL98: нд | AM98: нд | AN98: 3.1146192 | AO98: нд | AP98: нд | AQ98: 3.1146192 | AR98: нд | AS98: нд | AT98: нд | AU98: нд | AV98: нд | AW98: нд | AX98: нд | AY98: нд | AZ98: нд | BA98: нд | BB98: нд | BC98: нд | BD98: нд | BE98: нд | BF98: нд | BG98: нд | BH98: 3.1146192 | BI98: нд | BJ98: нд | BK98: 3.1146192 | BL98: нд | BM98: нд
A99: 1.2.2.43 | B99: Реконструкция ПС 35/6 кВ "Северная". Проектные работы. | C99: ='д) план ввода ОС'!C101 -> I_PS_1.2.2.47 | D99: П | E99: 2018 | F99: 2018 | G99: 2018 | H99: нд | I99: нд | J99: нд | K99: нд | L99: 6.567 | M99: 2018 | N99: нд | O99: нд | P99: нд | Q99: нд | R99: 6.567 | S99: =R99*1.0494 -> 6.8914098 | T99: нд | U99: 6.8914098 | V99: нд | W99: 6.8914098 | X99: нд | Y99: нд | Z99: нд | AA99: нд | AB99: нд | AC99: нд | AD99: 6.8914098 | AE99: нд | AF99: нд | AG99: 6.8914098 | AH99: нд | AI99: нд | AJ99: нд | AK99: нд | AL99: нд | AM99: нд | AN99: 6.8914098 | AO99: нд | AP99: нд | AQ99: 6.8914098 | AR99: нд | AS99: нд | AT99: нд | AU99: нд | AV99: нд | AW99: нд | AX99: нд | AY99: нд | AZ99: нд | BA99: нд | BB99: нд | BC99: нд | BD99: нд | BE99: нд | BF99: нд | BG99: нд | BH99: 6.8914098 | BI99: нд | BJ99: нд | BK99: 6.8914098 | BL99: нд | BM99: нд
A100: 1.2.2.44 | B100: ПС Городская 35/6 кВ (2 этап) | C100: ='д) план ввода ОС'!C102 -> J_PS_1.2.2.48 | D100: С | E100: 2019 | F100: 2019 | G100: 2019 | H100: нд | I100: нд | J100: нд | K100: нд | L100: 19.478 | M100: 2019 | N100: нд | O100: нд | P100: нд | Q100: нд | R100: 19.478 | S100: =R100*1.0494 -> 20.440213 | T100: нд | U100: 20.440213 | V100: нд | W100: нд | X100: 20.440213 | Y100: нд | Z100: нд | AA100: нд | AB100: нд | AC100: нд | AD100: нд | AE100: нд | AF100: нд | AG100: нд | AH100: нд | AI100: нд | AJ100: нд | AK100: нд | AL100: нд | AM100: нд | AN100: нд | AO100: нд | AP100: нд | AQ100: нд | AR100: нд | AS100: нд | AT100: нд | AU100: нд | AV100: нд | AW100: нд | AX100: 20.440213 | AY100: нд | AZ100: нд | BA100: 20.440213 | BB100: нд | BC100: нд | BD100: нд | BE100: нд | BF100: нд | BG100: нд | BH100: 20.440213 | BI100: нд | BJ100: нд | BK100: 20.440213 | BL100: нд | BM100: нд
A101: 1.2.2.45 | B101: ПС Городская 35/6 кВ (3 этап) | C101: ='д) план ввода ОС'!C103 -> J_PS_1.2.2.49 | D101: С | E101: 2019 | F101: 2019 | G101: 2019 | H101: нд | I101: нд | J101: нд | K101: нд | L101: 76.544 | M101: 2019 | N101: нд | O101: нд | P101: нд | Q101: нд | R101: 76.544 | S101: =R101*1.0494 -> 80.325274 | T101: нд | U101: 80.325274 | V101: нд | W101: нд | X101: 80.325274 | Y101: нд | Z101: нд | AA101: нд | AB101: нд | AC101: нд | AD101: нд | AE101: нд | AF101: нд | AG101: нд | AH101: нд | AI101: нд | AJ101: нд | AK101: нд | AL101: нд | AM101: нд | AN101: нд | AO101: нд | AP101: нд | AQ101: нд | AR101: нд | AS101: нд | AT101: нд | AU101: нд | AV101: нд | AW101: нд | AX101: 80.325274 | AY101: нд | AZ101: нд | BA101: 80.325274 | BB101: нд | BC101: нд | BD101: нд | BE101: нд | BF101: нд | BG101: нд | BH101: 80.325274 | BI101: нд | BJ101: нд | BK101: 80.325274 | BL101: нд | BM101: нд
A102: 1.2.2.46 | B102: РП-27 II секция, г.Вологда | C102: ='д) план ввода ОС'!C104 -> J_RP_1.2.2.50 | D102: С | E102: 2019 | F102: 2019 | G102: 2019 | H102: нд | I102: нд | J102: нд | K102: нд | L102: 18.097 | M102: 2019 | N102: нд | O102: нд | P102: нд | Q102: нд | R102: 18.097 | S102: =R102*1.0494 -> 18.990992 | T102: нд | U102: 18.990992 | V102: нд | W102: нд | X102: 18.990992 | Y102: нд | Z102: нд | AA102: нд | AB102: нд | AC102: нд | AD102: нд | AE102: нд | AF102: нд | AG102: нд | AH102: нд | AI102: нд | AJ102: нд | AK102: нд | AL102: нд | AM102: нд | AN102: нд | AO102: нд | AP102: нд | AQ102: нд | AR102: нд | AS102: нд | AT102: нд | AU102: нд | AV102: нд | AW102: нд | AX102: 18.990992 | AY102: нд | AZ102: нд | BA102: 18.990992 | BB102: нд | BC102: нд | BD102: нд | BE102: нд | BF102: нд | BG102: нд | BH102: 18.990992 | BI102: нд | BJ102: нд | BK102: 18.990992 | BL102: нд | BM102: нд
A103: 1.2.2.47 | B103: РП-7 II секция, г.Сокол | C103: ='д) план ввода ОС'!C105 -> J_RP_1.2.2.51 | D103: С | E103: 2019 | F103: 2019 | G103: 2019 | H103: нд | I103: нд | J103: нд | K103: нд | L103: 13.192 | M103: 2019 | N103: нд | O103: нд | P103: нд | Q103: нд | R103: 13.192 | S103: =R103*1.0494 -> 13.843685 | T103: нд | U103: 13.843685 | V103: нд | W103: нд | X103: 13.843685 | Y103: нд | Z103: нд | AA103: нд | AB103: нд | AC103: нд | AD103: нд | AE103: нд | AF103: нд | AG103: нд | AH103: нд | AI103: нд | AJ103: нд | AK103: нд | AL103: нд | AM103: нд | AN103: нд | AO103: нд | AP103: нд | AQ103: нд | AR103: нд | AS103: нд | AT103: нд | AU103: нд | AV103: нд | AW103: нд | AX103: 13.843685 | AY103: нд | AZ103: нд | BA103: 13.843685 | BB103: нд | BC103: нд | BD103: нд | BE103: нд | BF103: нд | BG103: нд | BH103: 13.843685 | BI103: нд | BJ103: нд | BK103: 13.843685 | BL103: нд | BM103: нд
A104: 1.2.2.48 | B104: РП 10 кВ II секция, г.Белозерск | C104: ='д) план ввода ОС'!C106 -> J_RP_1.2.2.52 | D104: С | E104: 2019 | F104: 2019 | G104: 2019 | H104: нд | I104: нд | J104: нд | K104: нд | L104: 13.192 | M104: 2019 | N104: нд | O104: нд | P104: нд | Q104: нд | R104: 13.192 | S104: =R104*1.0494 -> 13.843685 | T104: нд | U104: 13.843685 | V104: нд | W104: нд | X104: 13.843685 | Y104: нд | Z104: нд | AA104: нд | AB104: нд | AC104: нд | AD104: нд | AE104: нд | AF104: нд | AG104: нд | AH104: нд | AI104: нд | AJ104: нд | AK104: нд | AL104: нд | AM104: нд | AN104: нд | AO104: нд | AP104: нд | AQ104: нд | AR104: нд | AS104: нд | AT104: нд | AU104: нд | AV104: нд | AW104: нд | AX104: 13.843685 | AY104: нд | AZ104: нд | BA104: 13.843685 | BB104: нд | BC104: нд | BD104: нд | BE104: нд | BF104: нд | BG104: нд | BH104: 13.843685 | BI104: нд | BJ104: нд | BK104: 13.843685 | BL104: нд | BM104: нд
A105: 1.2.2.49 | B105: Замена ТП-1 г.Белозерск | C105: ='д) план ввода ОС'!C107 -> J_TP_1.2.2.53 | D105: С | E105: 2019 | F105: 2019 | G105: 2019 | H105: нд | I105: нд | J105: нд | K105: нд | L105: 1.693 | M105: 2019 | N105: нд | O105: нд | P105: нд | Q105: нд | R105: 1.693 | S105: =R105*1.0494 -> 1.7766342 | T105: нд | U105: 1.7766342 | V105: нд | W105: нд | X105: 1.7766342 | Y105: нд | Z105: нд | AA105: нд | AB105: нд | AC105: нд | AD105: нд | AE105: нд | AF105: нд | AG105: нд | AH105: нд | AI105: нд | AJ105: нд | AK105: нд | AL105: нд | AM105: нд | AN105: нд | AO105: нд | AP105: нд | AQ105: нд | AR105: нд | AS105: нд | AT105: нд | AU105: нд | AV105: нд | AW105: нд | AX105: 1.7766342 | AY105: нд | AZ105: нд | BA105: 1.7766342 | BB105: нд | BC105: нд | BD105: нд | BE105: нд | BF105: нд | BG105: нд | BH105: 1.7766342 | BI105: нд | BJ105: нд | BK105: 1.7766342 | BL105: нд | BM105: нд
A106: 1.2.2.50 | B106: РП-84 Октябрьское п.Новые углы инв. 100146 (ПО Череповецкое) | C106: ='д) план ввода ОС'!C108 -> J_RP_1.2.2.54 | D106: С | E106: 2019 | F106: 2019 | G106: 2019 | H106: нд | I106: нд | J106: нд | K106: нд | L106: 5.997 | M106: 2019 | N106: нд | O106: нд | P106: нд | Q106: нд | R106: 5.997 | S106: =R106*1.0494 -> 6.2932518 | T106: нд | U106: 6.2932518 | V106: нд | W106: нд | X106: 6.2932518 | Y106: нд | Z106: нд | AA106: нд | AB106: нд | AC106: нд | AD106: нд | AE106: нд | AF106: нд | AG106: нд | AH106: нд | AI106: нд | AJ106: нд | AK106: нд | AL106: нд | AM106: нд | AN106: нд | AO106: нд | AP106: нд | AQ106: нд | AR106: нд | AS106: нд | AT106: нд | AU106: нд | AV106: нд | AW106: нд | AX106: 6.2932518 | AY106: нд | AZ106: нд | BA106: 6.2932518 | BB106: нд | BC106: нд | BD106: нд | BE106: нд | BF106: нд | BG106: нд | BH106: 6.2932518 | BI106: нд | BJ106: нд | BK106: 6.2932518 | BL106: нд | BM106: нд
A107: 1.2.3. | B107: Оборудование, не входящее в сметы строек | C107: ='д) план ввода ОС'!C109 -> 0 | D107: нд | E107: нд | F107: нд | G107: нд | H107: нд | I107: нд | J107: нд | K107: нд | L107: 41.9945 | M107: нд | N107: нд | O107: нд | P107: нд | Q107: нд | R107: 41.9945 | S107: =R107*1.0494 -> 44.069028 | T107: нд | U107: 44.069028 | V107: нд | W107: =W108+W109 -> 19.539828 | X107: =X108+X109 -> 24.534972 | Y107: нд | Z107: нд | AA107: нд | AB107: нд | AC107: нд | AD107: 19.539828 | AE107: нд | AF107: нд | AG107: 19.539828 | AH107: нд | AI107: нд | AJ107: нд | AK107: нд | AL107: нд | AM107: нд | AN107: 19.539828 | AO107: нд | AP107: нд | AQ107: 19.539828 | AR107: нд | AS107: нд | AT107: нд | AU107: нд | AV107: нд | AW107: нд | AX107: 24.534972 | AY107: нд | AZ107: нд | BA107: 24.534972 | BB107: нд | BC107: нд | BD107: нд | BE107: нд | BF107: нд | BG107: нд | BH107: 44.069028 | BI107: нд | BJ107: нд | BK107: 44.069028 | BL107: нд | BM107: нд
A108: 1.2.3.1 | B108: Оборудование, инструмент, средства механизации | C108: ='д) план ввода ОС'!C110 -> I_INSTR_1.2.3.1 | D108: нд | E108: 2018 | F108: 2019 | G108: 2019 | H108: нд | I108: нд | J108: нд | K108: нд | L108: 6.0045 | M108: 2018 | N108: нд | O108: нд | P108: нд | Q108: нд | R108: 6.0045 | S108: =R108*1.0494 -> 6.3011223 | T108: нд | U108: 6.3011223 | V108: нд | W108: =2.1*1.0494 -> 2.20374 | X108: =3.91*1.0494 -> 4.103154 | Y108: нд | Z108: нд | AA108: нд | AB108: нд | AC108: нд | AD108: 2.20374 | AE108: нд | AF108: нд | AG108: 2.20374 | AH108: нд | AI108: нд | AJ108: нд | AK108: нд | AL108: нд | AM108: нд | AN108: 2.20374 | AO108: нд | AP108: нд | AQ108: 2.20374 | AR108: нд | AS108: нд | AT108: нд | AU108: нд | AV108: нд | AW108: нд | AX108: 4.103154 | AY108: нд | AZ108: нд | BA108: 4.103154 | BB108: нд | BC108: нд | BD108: нд | BE108: нд | BF108: нд | BG108: нд | BH108: 6.3011223 | BI108: нд | BJ108: нд | BK108: 6.3011223 | BL108: нд | BM108: нд
A109: 1.2.3.2 | B109: Создание и модернизация систем телемеханики и связи, оргтехника, програмное обеспечение | C109: ='д) план ввода ОС'!C111 -> I_TEL_1.2.3.2 | D109: нд | E109: 2018 | F109: 2019 | G109: 2019 | H109: нд | I109: нд | J109: нд | K109: нд | L109: 35.99 | M109: 2018 | N109: нд | O109: нд | P109: нд | Q109: нд | R109: 35.99 | S109: =R109*1.0494 -> 37.767906 | T109: нд | U109: 37.767906 | V109: нд | W109: =16.52*1.0494 -> 17.336088 | X109: =19.47*1.0494 -> 20.431818 | Y109: нд | Z109: нд | AA109: нд | AB109: нд | AC109: нд | AD109: 17.336088 | AE109: нд | AF109: нд | AG109: 17.336088 | AH109: нд | AI109: нд | AJ109: нд | AK109: нд | AL109: нд | AM109: нд | AN109: 17.336088 | AO109: нд | AP109: нд | AQ109: 17.336088 | AR109: нд | AS109: нд | AT109: нд | AU109: нд | AV109: нд | AW109: нд | AX109: 20.431818 | AY109: нд | AZ109: нд | BA109: 20.431818 | BB109: нд | BC109: нд | BD109: нд | BE109: нд | BF109: нд | BG109: нд | BH109: 37.767906 | BI109: нд | BJ109: нд | BK109: 37.767906 | BL109: нд | BM109: нд
A110: 1.2.4 | B110: Новое строительство | C110: ='д) план ввода ОС'!C112 | D110: нд | E110: нд | F110: нд | G110: нд | H110: нд | I110: нд | J110: нд | K110: нд | L110: 344.679 | M110: нд | N110: нд | O110: нд | P110: нд | Q110: нд | R110: 344.679 | S110: =R110*1.0494 -> 361.70614 | T110: нд | U110: 361.70614 | V110: нд | W110: =W111+W114+W120 -> 180.68359 | X110: =X111+X114+X120 -> 181.04459 | Y110: нд | Z110: нд | AA110: нд | AB110: нд | AC110: нд | AD110: 180.68359 | AE110: нд | AF110: нд | AG110: 180.68359 | AH110: нд | AI110: нд | AJ110: нд | AK110: нд | AL110: нд | AM110: нд | AN110: 180.68359 | AO110: нд | AP110: нд | AQ110: 180.68359 | AR110: нд | AS110: нд | AT110: нд | AU110: нд | AV110: нд | AW110: нд | AX110: 181.04459 | AY110: нд | AZ110: нд | BA110: 181.04459 | BB110: нд | BC110: нд | BD110: нд | BE110: нд | BF110: нд | BG110: нд | BH110: 361.70614 | BI110: нд | BJ110: нд | BK110: 361.70614 | BL110: нд | BM110: нд
...

Sheet б) освоение кап.вл.
A4: План освоения капитальных вложений по инвестиционным проектам
A6: Инвестиционная программа АО "Вологдаоблэнерго"
A7: полное наименование субъекта электроэнергетики
A9: Год раскрытия информации: 2017 год
A11: Утвержденные плановые значения показателей приведены в соответствии с Инвестиционной программой АО "Вологдаоблэнерго" на 2015-2019 гг, утвержденной Департаментом ТЭК Вологодской области 31.12.2014 г.
A12: реквизиты решения органа исполнительной власти, утвердившего инвестиционную программу
A14: Номер группы инвести-ционных проектов | B14: Наименование инвестиционного проекта (группы инвестиционных проектов) | C14: Идентифика-тор инвестицион-ного проекта | D14: Текущая стадия реализации инвестиционного проекта | E14: Год начала реализации инвестиционного проекта | F14: Год окончания реализации инвестиционного проекта | H14: Полная сметная стоимость инвестиционного проекта в соответствии с утвержденной проектной документацией в базисном уровне цен, млн рублей (без НДС) | J14: Фактический объем освоения капитальных вложений на 01.01.2017года, млн рублей (без НДС) | K14: Оценка полной стоимости в прогнозных ценах соответствующих лет, млн рублей (без НДС) | U14: Остаток освоения капитальных вложений, млн рублей (без НДС) | AA14: Освоение капитальных вложений года 2017 в прогнозных ценах соответствующих лет, млн рублей (без НДС) | AC14: Освоение капитальных вложений в прогнозных ценах соответствующих лет, млн рублей (без НДС) | AK14: Краткое обоснование корректировки утвержденного плана
K15: План | P15: Предложение по корректировке утвержденного плана | U15: План на 01.01.2017 | W15: План на 01.01.2018 | Y15: Предложение по корректировке утвержденного плана на 01.01.2019 | AC15: 2017 год | AE15: 2018 год | AG15: 2019 год | AI15: Итого за период реализации инвестиционной программы (план) | AJ15: Итого за период реализации инвестиционной программы (предложение по корректировке утвержденного плана)
F16: План | G16: Предложение по корректировке утвержденного плана | H16: План | I16: Предложение по корректировке утвержденного плана | K16: Всего, в т.ч.: | L16: проектно-изыскательские работы | M16: строительные работы, реконструкция, монтаж оборудования | N16: оборудование | O16: прочие затраты | P16: Всего, в т.ч.: | Q16: проектно-изыскательские работы | R16: строительные работы, реконструкция, монтаж оборудования | S16: оборудование | T16: прочие затраты | U16: в базисном уровне цен | V16: в прогнозных ценах соответствующих лет | W16: в базисном уровне цен | X16: в прогнозных ценах соответствующих лет | Y16: в базисном уровне цен | Z16: в прогнозных ценах соответствующих лет | AA16: План (Утвержденный план) | AB16: Факт (Предложение по корректировке утвержденного плана) | AC16: План (Утвержденный план) | AD16: Факт (Предложение по корректировке утвержденного плана) | AE16: План (Утвержденный план) | AF16: Факт (Предложение по корректировке плана) | AG16: План (Утвержденный план) | AH16: Факт (Предложение по корректировке плана)
A17: 1 | B17: 2 | C17: 3 | D17: 4 | E17: 5 | F17: 6 | G17: 7 | H17: 8 | I17: 9 | J17: 10 | K17: 11 | L17: 12 | M17: 13 | N17: 14 | O17: 15 | P17: 16 | Q17: 17 | R17: 18 | S17: 19 | T17: 20 | U17: 21 | V17: 22 | W17: 23 | X17: 24 | Y17: 25 | Z17: 26 | AA17: 27 | AB17: 28 | AC17: 29.1 | AD17: 29.2 | AE17: 29.3 | AF17: 29.4 | AG17: 29.5 | AH17: 29.6 | AI17: 30 | AJ17: 31 | AK17: 32
A18: 0 | B18: ВСЕГО по инвестиционной программе, в том числе: | C18: нд | D18: нд | E18: нд | F18: нд | G18: нд | H18: =156.241+164.053 -> 320.294 | I18: 622.83093 | J18: нд | K18: нд | L18: нд | M18: нд | N18: нд | O18: нд | P18: 622.83093 | Q18: =Q20 -> 0.58644068 | R18: =R20+R22 -> 442.79873 | S18: =S22+T132 -> 179.44576 | T18: нд | U18: нд | V18: нд | W18: нд | X18: нд | Y18: нд | Z18: 622.83093 | AA18: нд | AB18: нд | AC18: нд | AD18: нд | AE18: нд | AF18: 296.62803 | AG18: нд | AH18: 356.98809 | AI18: нд | AJ18: 653.59878 | AK18: нд
A19: 0.1 | B19: Технологическое присоединение, всего | C19: нд | D19: нд | E19: нд | F19: нд | G19: нд | H19: нд | I19: нд | J19: нд | K19: нд | L19: нд | M19: нд | N19: нд | O19: нд | P19: нд | Q19: нд | R19: нд | S19: нд | T19: нд | U19: нд | V19: нд | W19: нд | X19: нд | Y19: нд | Z19: нд | AA19: нд | AB19: нд | AC19: нд | AD19: нд | AE19: нд | AF19: 0 | AG19: нд | AH19: 0 | AI19: нд | AJ19: 0 | AK19: нд
A20: 0.2 | B20: Реконструкция, модернизация, техническое перевооружение, всего | C20: нд | D20: нд | E20: нд | F20: нд | G20: нд | H20: нд | I20: 290.40212 | J20: нд | K20: нд | L20: нд | M20: нд | N20: нд | O20: нд | P20: 290.40212 | Q20: =Q97 -> 0.58644068 | R20: =R47-Q20 -> 289.81568 | S20: =S47 -> нд | T20: =T47 -> нд | U20: нд | V20: нд | W20: нд | X20: нд | Y20: нд | Z20: 290.40212 | AA20: нд | AB20: нд | AC20: нд | AD20: нд | AE20: нд | AF20: 124.76832 | AG20: нд | AH20: 179.98455 | AI20: нд | AJ20: 304.74798 | AK20: нд
A21: 0.3 | B21: Инвестиционные проекты, реализация которых обуславливается схемами и программами перспективного развития электроэнергетики, всего | C21: нд | D21: нд | E21: нд | F21: нд | G21: нд | H21: нд | I21: нд | J21: нд | K21: нд | L21: нд | M21: нд | N21: нд | O21: нд | P21: нд | Q21: нд | R21: нд | S21: нд | T21: нд | U21: нд | V21: нд | W21: нд | X21: нд | Y21: нд | Z21: нд | AA21: нд | AB21: нд | AC21: нд | AD21: нд | AE21: нд | AF21: 0 | AG21: нд | AH21: 0 | AI21: нд | AJ21: 0 | AK21: нд
A22: 0.4 | B22: Прочее новое строительство объектов электросетевого хозяйства, всего | C22: нд | D22: нд | E22: нд | F22: нд | G22: нд | H22: нд | I22: 292.10085 | J22: нд | K22: нд | L22: нд | M22: нд | N22: нд | O22: нд | P22: 292.10085 | Q22: нд | R22: =R110 -> 152.98305 | S22: =S110 -> 139.1178 | T22: =T110 -> нд | U22: нд | V22: нд | W22: нд | X22: нд | Y22: нд | Z22: 292.10085 | AA22: нд | AB22: нд | AC22: нд | AD22: нд | AE22: нд | AF22: 153.12169 | AG22: нд | AH22: 153.42762 | AI22: нд | AJ22: 306.53063 | AK22: нд
A23: 0.5 | B23: Покупка земельных участков для целей реализации инвестиционных проектов, всего | C23: нд | D23: нд | E23: нд | F23: нд | G23: нд | H23: нд | I23: нд | J23: нд | K23: нд | L23: нд | M23: нд | N23: нд | O23: нд | P23: нд | Q23: нд | R23: нд | S23: нд | T23: нд | U23: нд | V23: нд | W23: нд | X23: нд | Y23: нд | Z23: нд | AA23: нд | AB23: нд | AC23: нд | AD23: нд | AE23: нд | AF23: 0 | AG23: нд | AH23: 0 | AI23: нд | AJ23: 0 | AK23: нд
A24: 0.6 | B24: Прочие инвестиционные проекты, всего | C24: нд | D24: нд | E24: нд | F24: нд | G24: нд | H24: нд | I24: нд | J24: нд | K24: нд | L24: нд | M24: нд | N24: нд | O24: нд | P24: нд | Q24: нд | R24: нд | S24: нд | T24: нд | U24: нд | V24: нд | W24: нд | X24: нд | Y24: нд | Z24: нд | AA24: нд | AB24: нд | AC24: нд | AD24: нд | AE24: нд | AF24: 0 | AG24: нд | AH24: 0 | AI24: нд | AJ24: 0 | AK24: нд
C25: нд | D25: нд | E25: нд | F25: нд | G25: нд | H25: нд | I25: нд | J25: нд | K25: нд | L25: нд | M25: нд | N25: нд | O25: нд | P25: нд | Q25: нд | R25: нд | S25: нд | T25: нд | U25: нд | V25: нд | W25: нд | X25: нд | Y25: нд | Z25: нд | AA25: нд | AB25: нд | AC25: нд | AD25: нд | AE25: нд | AF25: 0 | AG25: нд | AH25: 0 | AI25: нд | AJ25: 0 | AK25: нд
A26: 1 | B26: Вологодская область | C26: нд | D26: нд | E26: нд | F26: нд | G26: нд | H26: нд | I26: нд | J26: нд | K26: нд | L26: нд | M26: нд | N26: нд | O26: нд | P26: нд | Q26: нд | R26: нд | S26: нд | T26: нд | U26: нд | V26: нд | W26: нд | X26: нд | Y26: нд | Z26: нд | AA26: нд | AB26: нд | AC26: нд | AD26: нд | AE26: нд | AF26: 0 | AG26: нд | AH26: 0 | AI26: нд | AJ26: 0 | AK26: нд
A27: 1.1 | B27: Технологическое присоединение, всего, в том числе: | C27: нд | D27: нд | E27: нд | F27: нд | G27: нд | H27: нд | I27: нд | J27: нд | K27: нд | L27: нд | M27: нд | N27: нд | O27: нд | P27: нд | Q27: нд | R27: нд | S27: нд | T27: нд | U27: нд | V27: нд | W27: нд | X27: нд | Y27: нд | Z27: нд | AA27: нд | AB27: нд | AC27: нд | AD27: нд | AE27: нд | AF27: 0 | AG27: нд | AH27: 0 | AI27: нд | AJ27: 0 | AK27: нд
A28: 1.1.1 | B28: Технологическое присоединение энергопринимающих устройств потребителей, всего, в том числе: | C28: нд | D28: нд | E28: нд | F28: нд | G28: нд | H28: нд | I28: нд | J28: нд | K28: нд | L28: нд | M28: нд | N28: нд | O28: нд | P28: нд | Q28: нд | R28: нд | S28: нд | T28: нд | U28: нд | V28: нд | W28: нд | X28: нд | Y28: нд | Z28: нд | AA28: нд | AB28: нд | AC28: нд | AD28: нд | AE28: нд | AF28: 0 | AG28: нд | AH28: 0 | AI28: нд | AJ28: 0 | AK28: нд
A29: 1.1.1.1 | B29: Технологическое присоединение энергопринимающих устройств потребителей максимальной мощностью до 15 кВт включительно, всего | C29: нд | D29: С | E29: 2018 | F29: 2019 | G29: 2019 | H29: нд | I29: нд | J29: нд | K29: нд | L29: нд | M29: нд | N29: нд | O29: нд | P29: нд | Q29: нд | R29: нд | S29: нд | T29: нд | U29: нд | V29: нд | W29: нд | X29: нд | Y29: нд | Z29: нд | AA29: нд | AB29: нд | AC29: нд | AD29: нд | AE29: нд | AF29: 0 | AG29: нд | AH29: 0 | AI29: нд | AJ29: 0 | AK29: нд
A30: 1.1.1.2 | B30: Технологическое присоединение энергопринимающих устройств потребителей максимальной мощностью до 150 кВт включительно, всего | C30: нд | D30: нд | E30: нд | F30: нд | G30: нд | H30: нд | I30: нд | J30: нд | K30: нд | L30: нд | M30: нд | N30: нд | O30: нд | P30: нд | Q30: нд | R30: нд | S30: нд | T30: нд | U30: нд | V30: нд | W30: нд | X30: нд | Y30: нд | Z30: нд | AA30: нд | AB30: нд | AC30: нд | AD30: нд | AE30: нд | AF30: 0 | AG30: нд | AH30: 0 | AI30: нд | AJ30: 0 | AK30: нд
A31: 1.1.1.3 | B31: Технологическое присоединение энергопринимающих устройств потребителей свыше 150 кВт, всего, в том числе: | C31: нд | D31: нд | E31: нд | F31: нд | G31: нд | H31: нд | I31: нд | J31: нд | K31: нд | L31: нд | M31: нд | N31: нд | O31: нд | P31: нд | Q31: нд | R31: нд | S31: нд | T31: нд | U31: нд | V31: нд | W31: нд | X31: нд | Y31: нд | Z31: нд | AA31: нд | AB31: нд | AC31: нд | AD31: нд | AE31: нд | AF31: 0 | AG31: нд | AH31: 0 | AI31: нд | AJ31: 0 | AK31: нд
A32: 1.1.2 | B32: Технологическое присоединение объектов электросетевого хозяйства, всего, в том числе: | C32: нд | D32: нд | E32: нд | F32: нд | G32: нд | H32: нд | I32: нд | J32: нд | K32: нд | L32: нд | M32: нд | N32: нд | O32: нд | P32: нд | Q32: нд | R32: нд | S32: нд | T32: нд | U32: нд | V32: нд | W32: нд | X32: нд | Y32: нд | Z32: нд | AA32: нд | AB32: нд | AC32: нд | AD32: нд | AE32: нд | AF32: 0 | AG32: нд | AH32: 0 | AI32: нд | AJ32: 0 | AK32: нд
A33: 1.1.2.1 | B33: Технологическое присоединение объектов электросетевого хозяйства, принадлежащих иным сетевым организациям и иным лицам, всего, в том числе: | C33: нд | D33: нд | E33: нд | F33: нд | G33: нд | H33: нд | I33: нд | J33: нд | K33: нд | L33: нд | M33: нд | N33: нд | O33: нд | P33: нд | Q33: нд | R33: нд | S33: нд | T33: нд | U33: нд | V33: нд | W33: нд | X33: нд | Y33: нд | Z33: нд | AA33: нд | AB33: нд | AC33: нд | AD33: нд | AE33: нд | AF33: 0 | AG33: нд | AH33: 0 | AI33: нд | AJ33: 0 | AK33: нд
A34: 1.1.2.2 | B34: Технологическое присоединение к электрическим сетям иных сетевых организаций, всего, в том числе: | C34: нд | D34: нд | E34: нд | F34: нд | G34: нд | H34: нд | I34: нд | J34: нд | K34: нд | L34: нд | M34: нд | N34: нд | O34: нд | P34: нд | Q34: нд | R34: нд | S34: нд | T34: нд | U34: нд | V34: нд | W34: нд | X34: нд | Y34: нд | Z34: нд | AA34: нд | AB34: нд | AC34: нд | AD34: нд | AE34: нд | AF34: 0 | AG34: нд | AH34: 0 | AI34: нд | AJ34: 0 | AK34: нд
A35: 1.1.3 | B35: Технологическое присоединение объектов по производству электрической энергии всего, в том числе: | C35: нд | D35: нд | E35: нд | F35: нд | G35: нд | H35: нд | I35: нд | J35: нд | K35: нд | L35: нд | M35: нд | N35: нд | O35: нд | P35: нд | Q35: нд | R35: нд | S35: нд | T35: нд | U35: нд | V35: нд | W35: нд | X35: нд | Y35: нд | Z35: нд | AA35: нд | AB35: нд | AC35: нд | AD35: нд | AE35: нд | AF35: 0 | AG35: нд | AH35: 0 | AI35: нд | AJ35: 0 | AK35: нд
A36: 1.1.3.1 | B36: Наименование объекта по производству электрической энергии, всего, в том числе: | C36: нд | D36: нд | E36: нд | F36: нд | G36: нд | H36: нд | I36: нд | J36: нд | K36: нд | L36: нд | M36: нд | N36: нд | O36: нд | P36: нд | Q36: нд | R36: нд | S36: нд | T36: нд | U36: нд | V36: нд | W36: нд | X36: нд | Y36: нд | Z36: нд | AA36: нд | AB36: нд | AC36: нд | AD36: нд | AE36: нд | AF36: 0 | AG36: нд | AH36: 0 | AI36: нд | AJ36: 0 | AK36: нд
A37: 1.1.3.1 | B37: Строительство новых объектов электросетевого хозяйства (за исключением усиления существующей электрической сети) в целях осуществления технологического присоединения объекта по производству электрической энергии, всего, в том числе: | C37: нд | D37: нд | E37: нд | F37: нд | G37: нд | H37: нд | I37: нд | J37: нд | K37: нд | L37: нд | M37: нд | N37: нд | O37: нд | P37: нд | Q37: нд | R37: нд | S37: нд | T37: нд | U37: нд | V37: нд | W37: нд | X37: нд | Y37: нд | Z37: нд | AA37: нд | AB37: нд | AC37: нд | AD37: нд | AE37: нд | AF37: 0 | AG37: нд | AH37: 0 | AI37: нд | AJ37: 0 | AK37: нд
A38: 1.1.3.1 | B38: Строительство новых объектов электросетевого хозяйства для усиления электрической сети в целях осуществления технологического присоединения объекта по производству электрической энергии, всего, в том числе: | C38: нд | D38: нд | E38: нд | F38: нд | G38: нд | H38: нд | I38: нд | J38: нд | K38: нд | L38: нд | M38: нд | N38: нд | O38: нд | P38: нд | Q38: нд | R38: нд | S38: нд | T38: нд | U38: нд | V38: нд | W38: нд | X38: нд | Y38: нд | Z38: нд | AA38: нд | AB38: нд | AC38: нд | AD38: нд | AE38: нд | AF38: 0 | AG38: нд | AH38: 0 | AI38: нд | AJ38: 0 | AK38: нд
A39: 1.1.3.1 | B39: Реконструкция существующих объектов электросетевого хозяйства для усиления электрической сети в целях осуществления технологического присоединения объекта по производству электрической энергии всего, в том числе: | C39: нд | D39: нд | E39: нд | F39: нд | G39: нд | H39: нд | I39: нд | J39: нд | K39: нд | L39: нд | M39: нд | N39: нд | O39: нд | P39: нд | Q39: нд | R39: нд | S39: нд | T39: нд | U39: нд | V39: нд | W39: нд | X39: нд | Y39: нд | Z39: нд | AA39: нд | AB39: нд | AC39: нд | AD39: нд | AE39: нд | AF39: 0 | AG39: нд | AH39: 0 | AI39: нд | AJ39: 0 | AK39: нд
A40: 1.1.3.2 | B40: Наименование объекта по производству электрической энергии, всего, в том числе: | C40: нд | D40: нд | E40: нд | F40: нд | G40: нд | H40: нд | I40: нд | J40: нд | K40: нд | L40: нд | M40: нд | N40: нд | O40: нд | P40: нд | Q40: нд | R40: нд | S40: нд | T40: нд | U40: нд | V40: нд | W40: нд | X40: нд | Y40: нд | Z40: нд | AA40: нд | AB40: нд | AC40: нд | AD40: нд | AE40: нд | AF40: 0 | AG40: нд | AH40: 0 | AI40: нд | AJ40: 0 | AK40: нд
A41: 1.1.3.2 | B41: Строительство новых объектов электросетевого хозяйства (за исключением усиления существующей электрической сети) в целях осуществления технологического присоединения объекта по производству электрической энергии, всего, в том числе: | C41: нд | D41: нд | E41: нд | F41: нд | G41: нд | H41: нд | I41: нд | J41: нд | K41: нд | L41: нд | M41: нд | N41: нд | O41: нд | P41: нд | Q41: нд | R41: нд | S41: нд | T41: нд | U41: нд | V41: нд | W41: нд | X41: нд | Y41: нд | Z41: нд | AA41: нд | AB41: нд | AC41: нд | AD41: нд | AE41: нд | AF41: 0 | AG41: нд | AH41: 0 | AI41: нд | AJ41: 0 | AK41: нд
... A46: 1.1.4.2 | B46: Реконструкция существующих объектов электросетевого хозяйства для усиления электрической сети в целях осуществления технологического присоединения, всего, в том числе: | C46: нд | D46: нд | E46: нд | F46: нд | G46: нд | H46: нд | I46: нд | J46: нд | K46: нд | L46: нд | M46: нд | N46: нд | O46: нд | P46: нд | Q46: нд | R46: нд | S46: нд | T46: нд | U46: нд | V46: нд | W46: нд | X46: нд | Y46: нд | Z46: нд | AA46: нд | AB46: нд | AC46: нд | AD46: нд | AE46: нд | AF46: 0 | AG46: нд | AH46: 0 | AI46: нд | AJ46: 0 | AK46: нд
A47: 1.2.2 | B47: Техническое перевооружение и реконструкция | C47: нд | D47: нд | E47: нд | F47: нд | G47: нд | H47: нд | I47: 290.40212 | J47: нд | K47: нд | L47: нд | M47: нд | N47: нд | O47: нд | P47: 290.40212 | Q47: нд | R47: 290.40212 | S47: нд | T47: нд | U47: нд | V47: нд | W47: нд | X47: нд | Y47: нд | Z47: 290.40212 | AA47: нд | AB47: нд | AC47: нд | AD47: нд | AE47: нд | AF47: 124.76832 | AG47: нд | AH47: 179.98455 | AI47: нд | AJ47: 304.74798 | AK47: нд
B48: Кабельные линии 0,4 кВ. | C48: нд | D48: нд | E48: нд | F48: нд | G48: нд | H48: нд | I48: 3.3550847 | J48: нд | K48: нд | L48: нд | M48: нд | N48: нд | O48: нд | P48: 3.3550847 | Q48: нд | R48: 3.3550847 | S48: нд | T48: нд | U48: нд | V48: нд | W48: нд | X48: нд | Y48: нд | Z48: 3.3550847 | AA48: нд | AB48: нд | AC48: нд | AD48: нд | AE48: нд | AF48: 1.7003837 | AG48: нд | AH48: 1.8204422 | AI48: нд | AJ48: 3.5208259 | AK48: нд
A49: 1.2.2.1 | B49: КЛ 0,4 кВ "ТП103-ВРУ ж/дома, Набережная VIАрмии, д.207а", г.Вологда | C49: ='д) план ввода ОС'!C51 -> I_KL04_1.2.2.1 | D49: С | E49: 2018 | F49: 2018 | G49: 2018 | H49: нд | I49: 0.53644068 | J49: нд | K49: нд | L49: нд | M49: нд | N49: нд | O49: нд | P49: 0.53644068 | Q49: нд | R49: 0.53644068 | S49: нд | T49: нд | U49: нд | V49: нд | W49: нд | X49: нд | Y49: нд | Z49: 0.53644068 | AA49: нд | AB49: нд | AC49: нд | AD49: нд | AE49: нд | AF49: 0.56294085 | AG49: нд | AH49: 0 | AI49: нд | AJ49: 0.56294085 | AK49: нд
A50: 1.2.2.2 | B50: КЛ 0,4 кВ "ТП103-ВРУ ж/дома, ул.Машиностроительная, д.4", г.Вологда | C50: ='д) план ввода ОС'!C52 -> I_KL04_1.2.2.2 | D50: С | E50: 2018 | F50: 2018 | G50: 2018 | H50: нд | I50: 0.59915254 | J50: нд | K50: нд | L50: нд | M50: нд | N50: нд | O50: нд | P50: 0.59915254 | Q50: нд | R50: 0.59915254 | S50: нд | T50: нд | U50: нд | V50: нд | W50: нд | X50: нд | Y50: нд | Z50: 0.59915254 | AA50: нд | AB50: нд | AC50: нд | AD50: нд | AE50: нд | AF50: 0.62875068 | AG50: нд | AH50: 0 | AI50: нд | AJ50: 0.62875068 | AK50: нд
A51: 1.2.2.3 | B51: КЛ 0,4 кВ "ТП 48-ВРУ 60 кв.ж/дома, ул.Советская,55", г.Сокол | C51: ='д) план ввода ОС'!C53 -> I_KL04_1.2.2.3 | D51: С | E51: 2018 | F51: 2018 | G51: 2018 | H51: нд | I51: 0.22372881 | J51: нд | K51: нд | L51: нд | M51: нд | N51: нд | O51: нд | P51: 0.22372881 | Q51: нд | R51: 0.22372881 | S51: нд | T51: нд | U51: нд | V51: нд | W51: нд | X51: нд | Y51: нд | Z51: 0.22372881 | AA51: нд | AB51: нд | AC51: нд | AD51: нд | AE51: нд | AF51: 0.23478102 | AG51: нд | AH51: 0 | AI51: нд | AJ51: 0.23478102 | AK51: нд
A52: 1.2.2.4 | B52: КЛ 0,4 кВ "ТП 48 - ВРУ 70 кв.жилого дома, ул.Кирова,38", г.Сокол | C52: ='д) план ввода ОС'!C54 -> I_KL04_1.2.2.4 | D52: С | E52: 2018 | F52: 2018 | G52: 2018 | H52: нд | I52: 0.26101695 | J52: нд | K52: нд | L52: нд | M52: нд | N52: нд | O52: нд | P52: 0.26101695 | Q52: нд | R52: 0.26101695 | S52: нд | T52: нд | U52: нд | V52: нд | W52: нд | X52: нд | Y52: нд | Z52: 0.26101695 | AA52: нд | AB52: нд | AC52: нд | AD52: нд | AE52: нд | AF52: 0.27391119 | AG52: нд | AH52: 0 | AI52: нд | AJ52: 0.27391119 | AK52: нд
A53: 1.2.2.5 | B53: КЛ 0,4 кВ направлением "ТП5 - здание хирургии, ул.Колхозная", с.Устье | C53: ='д) план ввода ОС'!C55 -> J_KL04_1.2.2.5 | D53: С | E53: 2019 | F53: 2019 | G53: 2019 | H53: нд | I53: 0.01779661 | J53: нд | K53: нд | L53: нд | M53: нд | N53: нд | O53: нд | P53: 0.01779661 | Q53: нд | R53: 0.01779661 | S53: нд | T53: нд | U53: нд | V53: нд | W53: нд | X53: нд | Y53: нд | Z53: 0.01779661 | AA53: нд | AB53: нд | AC53: нд | AD53: нд | AE53: нд | AF53: 0 | AG53: нд | AH53: 0.018675763 | AI53: нд | AJ53: 0.018675763 | AK53: нд
A54: 1.2.2.6 | B54: КЛ 0,4 кВ направлением "ТП5 - ВРУ поликлиника, ул.Советская", с.Устье | C54: ='д) план ввода ОС'!C56 -> J_KL04_1.2.2.6 | D54: С | E54: 2019 | F54: 2019 | G54: 2019 | H54: нд | I54: 0.25338983 | J54: нд | K54: нд | L54: нд | M54: нд | N54: нд | O54: нд | P54: 0.25338983 | Q54: нд | R54: 0.25338983 | S54: нд | T54: нд | U54: нд | V54: нд | W54: нд | X54: нд | Y54: нд | Z54: 0.25338983 | AA54: нд | AB54: нд | AC54: нд | AD54: нд | AE54: нд | AF54: 0 | AG54: нд | AH54: 0.26590729 | AI54: нд | AJ54: 0.26590729 | AK54: нд
A55: 1.2.2.7 | B55: КЛ 0,4 кВ направлением "ТП5 - ВРУ здания, ул.Лебедевой", с.Устье | C55: ='д) план ввода ОС'!C57 -> J_KL04_1.2.2.7 | D55: С | E55: 2019 | F55: 2019 | G55: 2019 | H55: нд | I55: 0.03559322 | J55: нд | K55: нд | L55: нд | M55: нд | N55: нд | O55: нд | P55: 0.03559322 | Q55: нд | R55: 0.03559322 | S55: нд | T55: нд | U55: нд | V55: нд | W55: нд | X55: нд | Y55: нд | Z55: 0.03559322 | AA55: нд | AB55: нд | AC55: нд | AD55: нд | AE55: нд | AF55: 0 | AG55: нд | AH55: 0.037351525 | AI55: нд | AJ55: 0.037351525 | AK55: нд
A56: 1.2.2.8 | B56: КЛ 0,4 кВ направлением "ТП5 - ВРУ терап.отделение, ул.Колхозная" с.Устье | C56: ='д) план ввода ОС'!C58 -> J_KL04_1.2.2.8 | D56: С | E56: 2019 | F56: 2019 | G56: 2019 | H56: нд | I56: 0.11525424 | J56: нд | K56: нд | L56: нд | M56: нд | N56: нд | O56: нд | P56: 0.11525424 | Q56: нд | R56: 0.11525424 | S56: нд | T56: нд | U56: нд | V56: нд | W56: нд | X56: нд | Y56: нд | Z56: 0.11525424 | AA56: нд | AB56: нд | AC56: нд | AD56: нд | AE56: нд | AF56: 0 | AG56: нд | AH56: 0.1209478 | AI56: нд | AJ56: 0.1209478 | AK56: нд
A57: 1.2.2.9 | B57: КЛ 0,4 кВ направлением "ТП193 - ВРУ жилого дома, Гагарина, 51, 53, 55" г.Вологда | C57: ='д) план ввода ОС'!C59 -> J_KL04_1.2.2.9 | D57: С | E57: 2019 | F57: 2019 | G57: 2019 | H57: нд | I57: 0.34237288 | J57: нд | K57: нд | L57: нд | M57: нд | N57: нд | O57: нд | P57: 0.34237288 | Q57: нд | R57: 0.34237288 | S57: нд | T57: нд | U57: нд | V57: нд | W57: нд | X57: нд | Y57: нд | Z57: 0.34237288 | AA57: нд | AB57: нд | AC57: нд | AD57: нд | AE57: нд | AF57: 0 | AG57: нд | AH57: 0.3592861 | AI57: нд | AJ57: 0.3592861 | AK57: нд
A58: 1.2.2.10 | B58: КЛ 0,4 кВ направлением "ТП23, ф.7,8 - ВРУ жилого дома, Воровского,58а; ул.Благовещенская, 65-65а" г.Вологда | C58: ='д) план ввода ОС'!C60 -> J_KL04_1.2.2.10 | D58: С | E58: 2019 | F58: 2019 | G58: 2019 | H58: нд | I58: 0.97033898 | J58: нд | K58: нд | L58: нд | M58: нд | N58: нд | O58: нд | P58: 0.97033898 | Q58: нд | R58: 0.97033898 | S58: нд | T58: нд | U58: нд | V58: нд | W58: нд | X58: нд | Y58: нд | Z58: 0.97033898 | AA58: нд | AB58: нд | AC58: нд | AD58: нд | AE58: нд | AF58: 0 | AG58: нд | AH58: 1.0182737 | AI58: нд | AJ58: 1.0182737 | AK58: нд
B59: Кабельные линии 6-10 кВ. | C59: ='д) план ввода ОС'!C61 -> 0 | D59: нд | E59: нд | F59: нд | G59: нд | H59: нд | I59: 10.539831 | J59: нд | K59: нд | L59: нд | M59: нд | N59: нд | O59: нд | P59: 10.539831 | Q59: нд | R59: 10.539831 | S59: нд | T59: нд | U59: нд | V59: нд | W59: нд | X59: нд | Y59: нд | Z59: 10.539831 | AA59: нд | AB59: нд | AC59: нд | AD59: нд | AE59: нд | AF59: 6.6743619 | AG59: нд | AH59: 4.3861363 | AI59: нд | AJ59: 11.060498 | AK59: нд
A60: 1.2.2.10 | B60: КЛ-10 кВ "ТП27 - Л5, Л6", г.Белозерск | C60: ='д) план ввода ОС'!C62 -> I_KL10_1.2.2.11 | D60: С | E60: 2018 | F60: 2018 | G60: 2018 | H60: нд | I60: 1.8559322 | J60: нд | K60: нд | L60: нд | M60: нд | N60: нд | O60: нд | P60: 1.8559322 | Q60: нд | R60: 1.8559322 | S60: нд | T60: нд | U60: нд | V60: нд | W60: нд | X60: нд | Y60: нд | Z60: 1.8559322 | AA60: нд | AB60: нд | AC60: нд | AD60: нд | AE60: нд | AF60: 1.9476153 | AG60: нд | AH60: 0 | AI60: нд | AJ60: 1.9476153 | AK60: нд
A61: 1.2.2.11 | B61: КЛ-6 кВ "ЗРУ - ТП-164" г.Вологда | C61: ='д) план ввода ОС'!C63 -> I_KL10_1.2.2.12 | D61: С | E61: 2018 | F61: 2018 | G61: 2018 | H61: нд | I61: 2.959322 | J61: нд | K61: нд | L61: нд | M61: нд | N61: нд | O61: нд | P61: 2.959322 | Q61: нд | R61: 2.959322 | S61: нд | T61: нд | U61: нд | V61: нд | W61: нд | X61: нд | Y61: нд | Z61: 2.959322 | AA61: нд | AB61: нд | AC61: нд | AD61: нд | AE61: нд | AF61: 3.1055125 | AG61: нд | AH61: 0 | AI61: нд | AJ61: 3.1055125 | AK61: нд
A62: 1.2.2.12 | B62: КЛ 6 кВ "ТП-32 - ТП-132", г.Вологда | C62: ='д) план ввода ОС'!C64 -> I_KL10_1.2.2.13 | D62: нд | E62: 2018 | F62: 2018 | G62: 2018 | H62: нд | I62: 1.5449153 | J62: нд | K62: нд | L62: нд | M62: нд | N62: нд | O62: нд | P62: 1.5449153 | Q62: нд | R62: 1.5449153 | S62: нд | T62: нд | U62: нд | V62: нд | W62: нд | X62: нд | Y62: нд | Z62: 1.5449153 | AA62: нд | AB62: нд | AC62: нд | AD62: нд | AE62: нд | AF62: 1.6212341 | AG62: нд | AH62: 0 | AI62: нд | AJ62: 1.6212341 | AK62: нд
A63: 1.2.2.13 | B63: КЛ 10 кВ направлением "ПС Белозерск - ТП31", г.Белозерск | C63: ='д) план ввода ОС'!C65 -> J_KL10_1.2.2.14 | D63: С | E63: 2019 | F63: 2019 | G63: 2019 | H63: нд | I63: 1.279661 | J63: нд | K63: нд | L63: нд | M63: нд | N63: нд | O63: нд | P63: 1.279661 | Q63: нд | R63: 1.279661 | S63: нд | T63: нд | U63: нд | V63: нд | W63: нд | X63: нд | Y63: нд | Z63: 1.279661 | AA63: нд | AB63: нд | AC63: нд | AD63: нд | AE63: нд | AF63: 0 | AG63: нд | AH63: 1.3428763 | AI63: нд | AJ63: 1.3428763 | AK63: нд
A64: 1.2.2.14 | B64: КЛ 10 кВ направлением "ТП7 - Л3", г.Белозерск | C64: ='д) план ввода ОС'!C66 -> J_KL10_1.2.2.15 | D64: С | E64: 2019 | F64: 2019 | G64: 2019 | H64: нд | I64: 0.29237288 | J64: нд | K64: нд | L64: нд | M64: нд | N64: нд | O64: нд | P64: 0.29237288 | Q64: нд | R64: 0.29237288 | S64: нд | T64: нд | U64: нд | V64: нд | W64: нд | X64: нд | Y64: нд | Z64: 0.29237288 | AA64: нд | AB64: нд | AC64: нд | AD64: нд | AE64: нд | AF64: 0 | AG64: нд | AH64: 0.3068161 | AI64: нд | AJ64: 0.3068161 | AK64: нд
A65: 1.2.2.15 | B65: КЛ 10 кВ направлением "ТП-488 - ТП-128", г.Вологда | C65: ='д) план ввода ОС'!C67 -> J_KL10_1.2.2.16 | D65: нд | E65: 2019 | F65: 2019 | G65: 2019 | H65: нд | I65: 1.2618644 | J65: нд | K65: нд | L65: нд | M65: нд | N65: нд | O65: нд | P65: 1.2618644 | Q65: нд | R65: 1.2618644 | S65: нд | T65: нд | U65: нд | V65: нд | W65: нд | X65: нд | Y65: нд | Z65: 1.2618644 | AA65: нд | AB65: нд | AC65: нд | AD65: нд | AE65: нд | AF65: 0 | AG65: нд | AH65: 1.3242005 | AI65: нд | AJ65: 1.3242005 | AK65: нд
A66: 1.2.2.16 | B66: КЛ 10 кВ направлением "РП13, ф.8 - ТП-40", г.Вологда | C66: ='д) план ввода ОС'!C68 -> J_KL10_1.2.2.17 | D66: С | E66: 2019 | F66: 2019 | G66: 2019 | H66: нд | I66: 1.3457627 | J66: нд | K66: нд | L66: нд | M66: нд | N66: нд | O66: нд | P66: 1.3457627 | Q66: нд | R66: 1.3457627 | S66: нд | T66: нд | U66: нд | V66: нд | W66: нд | X66: нд | Y66: нд | Z66: 1.3457627 | AA66: нд | AB66: нд | AC66: нд | AD66: нд | AE66: нд | AF66: 0 | AG66: нд | AH66: 1.4122434 | AI66: нд | AJ66: 1.4122434 | AK66: нд
B67: Воздушные линии 0,4 кВ. | C67: ='д) план ввода ОС'!C69 -> 0 | D67: нд | E67: нд | F67: нд | G67: нд | H67: нд | I67: 19.709322 | J67: нд | K67: нд | L67: нд | M67: нд | N67: нд | O67: нд | P67: 19.709322 | Q67: нд | R67: 19.709322 | S67: нд | T67: нд | U67: нд | V67: нд | W67: нд | X67: нд | Y67: нд | Z67: 19.709322 | AA67: нд | AB67: нд | AC67: нд | AD67: нд | AE67: нд | AF67: 16.126076 | AG67: нд | AH67: 4.5568861 | AI67: нд | AJ67: 20.682963 | AK67: нд
A68: 1.2.2.16 | B68: ВЛ 0,4 кВ от ТП1-07, ф.Вянгинская, г.Вытегра | C68: ='д) план ввода ОС'!C70 -> I_VL04_1.2.2.18 | D68: С | E68: 2018 | F68: 2018 | G68: 2018 | H68: нд | I68: 2.5288136 | J68: нд | K68: нд | L68: нд | M68: нд | N68: нд | O68: нд | P68: 2.5288136 | Q68: нд | R68: 2.5288136 | S68: нд | T68: нд | U68: нд | V68: нд | W68: нд | X68: нд | Y68: нд | Z68: 2.5288136 | AA68: нд | AB68: нд | AC68: нд | AD68: нд | AE68: нд | AF68: 2.6537369 | AG68: нд | AH68: 0 | AI68: нд | AJ68: 2.6537369 | AK68: нд
A69: 1.2.2.17 | B69: ВЛ 0,4кВ от ТП1-26 ф.Пенсионный фонд, г.Вытегра | C69: ='д) план ввода ОС'!C71 -> I_VL04_1.2.2.19 | D69: С | E69: 2018 | F69: 2018 | G69: 2018 | H69: нд | I69: 1.2347458 | J69: нд | K69: нд | L69: нд | M69: нд | N69: нд | O69: нд | P69: 1.2347458 | Q69: нд | R69: 1.2347458 | S69: нд | T69: нд | U69: нд | V69: нд | W69: нд | X69: нд | Y69: нд | Z69: 1.2347458 | AA69: нд | AB69: нд | AC69: нд | AD69: нд | AE69: нд | AF69: 1.2957422 | AG69: нд | AH69: 0 | AI69: нд | AJ69: 1.2957422 | AK69: нд
A70: 1.2.2.18 | B70: ВЛ 0,4 кВ от ТП-107, г.Харовск, ул.Зеленая | C70: ='д) план ввода ОС'!C72 -> I_VL04_1.2.2.20 | D70: С | E70: 2018 | F70: 2018 | G70: 2018 | H70: нд | I70: 1.8550847 | J70: нд | K70: нд | L70: нд | M70: нд | N70: нд | O70: нд | P70: 1.8550847 | Q70: нд | R70: 1.8550847 | S70: нд | T70: нд | U70: нд | V70: нд | W70: нд | X70: нд | Y70: нд | Z70: 1.8550847 | AA70: нд | AB70: нд | AC70: нд | AD70: нд | AE70: нд | AF70: 1.9467259 | AG70: нд | AH70: 0 | AI70: нд | AJ70: 1.9467259 | AK70: нд
A71: 1.2.2.19 | B71: ВЛ 0,4 кВ от ТП-107, г.Харовск, ул.Советская | C71: ='д) план ввода ОС'!C73 -> I_VL04_1.2.2.21 | D71: С | E71: 2018 | F71: 2018 | G71: 2018 | H71: нд | I71: 1.9847458 | J71: нд | K71: нд | L71: нд | M71: нд | N71: нд | O71: нд | P71: 1.9847458 | Q71: нд | R71: 1.9847458 | S71: нд | T71: нд | U71: нд | V71: нд | W71: нд | X71: нд | Y71: нд | Z71: 1.9847458 | AA71: нд | AB71: нд | AC71: нд | AD71: нд | AE71: нд | AF71: 2.0827922 | AG71: нд | AH71: 0 | AI71: нд | AJ71: 2.0827922 | AK71: нд
A72: 1.2.2.20 | B72: ВЛ 0,4 кВ от ТП-72, г.Сокол, ул.Пушкинская… | C72: ='д) план ввода ОС'!C74 -> I_VL04_1.2.2.22 | D72: С | E72: 2018 | F72: 2018 | G72: 2018 | H72: нд | I72: 0.56101695 | J72: нд | K72: нд | L72: нд | M72: нд | N72: нд | O72: нд | P72: 0.56101695 | Q72: нд | R72: 0.56101695 | S72: нд | T72: нд | U72: нд | V72: нд | W72: нд | X72: нд | Y72: нд | Z72: 0.56101695 | AA72: нд | AB72: нд | AC72: нд | AD72: нд | AE72: нд | AF72: 0.58873119 | AG72: нд | AH72: 0 | AI72: нд | AJ72: 0.58873119 | AK72: нд
A73: 1.2.2.21 | B73: ВЛ-0,4кВ №1, №2, от ТП "Поселок" д.Поповка Череповецкого р-на | C73: ='д) план ввода ОС'!C75 -> I_VL04_1.2.2.23 | D73: С | E73: 2018 | F73: 2018 | G73: 2018 | H73: нд | I73: 1.4033898 | J73: нд | K73: нд | L73: нд | M73: нд | N73: нд | O73: нд | P73: 1.4033898 | Q73: нд | R73: 1.4033898 | S73: нд | T73: нд | U73: нд | V73: нд | W73: нд | X73: нд | Y73: нд | Z73: 1.4033898 | AA73: нд | AB73: нд | AC73: нд | AD73: нд | AE73: нд | AF73: 1.4727173 | AG73: нд | AH73: 0 | AI73: нд | AJ73: 1.4727173 | AK73: нд
A74: 1.2.2.22 | B74: ВЛ-0,4 кВ ф. 3 от ТП№32 г. Бабаево | C74: ='д) план ввода ОС'!C76 -> I_VL04_1.2.2.24 | D74: С | E74: 2018 | F74: 2018 | G74: 2018 | H74: нд | I74: 1.4033898 | J74: нд | K74: нд | L74: нд | M74: нд | N74: нд | O74: нд | P74: 1.4033898 | Q74: нд | R74: 1.4033898 | S74: нд | T74: нд | U74: нд | V74: нд | W74: нд | X74: нд | Y74: нд | Z74: 1.4033898 | AA74: нд | AB74: нд | AC74: нд | AD74: нд | AE74: нд | AF74: 1.4727173 | AG74: нд | AH74: 0 | AI74: нд | AJ74: 1.4727173 | AK74: нд
A75: 1.2.2.23 | B75: ВЛ-0,4кВ "Очистные" от КТП-№10 п.Хохлово | C75: ='д) план ввода ОС'!C77 -> I_VL04_1.2.2.25 | D75: С | E75: 2018 | F75: 2018 | G75: 2018 | H75: нд | I75: 0.74830508 | J75: нд | K75: нд | L75: нд | M75: нд | N75: нд | O75: нд | P75: 0.74830508 | Q75: нд | R75: 0.74830508 | S75: нд | T75: нд | U75: нд | V75: нд | W75: нд | X75: нд | Y75: нд | Z75: 0.74830508 | AA75: нд | AB75: нд | AC75: нд | AD75: нд | AE75: нд | AF75: 0.78527136 | AG75: нд | AH75: 0 | AI75: нд | AJ75: 0.78527136 | AK75: нд
A76: 1.2.2.24 | B76: ВЛ-0,4кВ ул.50лет Победы от КТП-№61 п.Сазоново | C76: ='д) план ввода ОС'!C78 -> I_VL04_1.2.2.26 | D76: С | E76: 2018 | F76: 2018 | G76: 2018 | H76: нд | I76: 1.4033898 | J76: нд | K76: нд | L76: нд | M76: нд | N76: нд | O76: нд | P76: 1.4033898 | Q76: нд | R76: 1.4033898 | S76: нд | T76: нд | U76: нд | V76: нд | W76: нд | X76: нд | Y76: нд | Z76: 1.4033898 | AA76: нд | AB76: нд | AC76: нд | AD76: нд | AE76: нд | AF76: 1.4727173 | AG76: нд | AH76: 0 | AI76: нд | AJ76: 1.4727173 | AK76: нд
A77: 1.2.2.25 | B77: ВЛ-0,4кВ ф.Исполкомовская, ВЛ-0,4кВ ф.Райисполкомовская от КТП-№5 п.Шексна | C77: ='д) план ввода ОС'!C79 -> I_VL04_1.2.2.27 | D77: С | E77: 2018 | F77: 2018 | G77: 2018 | H77: нд | I77: 1.4957627 | J77: нд | K77: нд | L77: нд | M77: нд | N77: нд | O77: нд | P77: 1.4957627 | Q77: нд | R77: 1.4957627 | S77: нд | T77: нд | U77: нд | V77: нд | W77: нд | X77: нд | Y77: нд | Z77: 1.4957627 | AA77: нд | AB77: нд | AC77: нд | AD77: нд | AE77: нд | AF77: 1.5696534 | AG77: нд | AH77: 0 | AI77: нд | AJ77: 1.5696534 | AK77: нд
A78: 1.2.2.26 | B78: ВЛ-0,4кВ ф.Типография от КТП-№26 п.Шексна | C78: ='д) план ввода ОС'!C80 -> I_VL04_1.2.2.28 | D78: С | E78: 2018 | F78: 2018 | G78: 2018 | H78: нд | I78: 0.74830508 | J78: нд | K78: нд | L78: нд | M78: нд | N78: нд | O78: нд | P78: 0.74830508 | Q78: нд | R78: 0.74830508 | S78: нд | T78: нд | U78: нд | V78: нд | W78: нд | X78: нд | Y78: нд | Z78: 0.74830508 | AA78: нд | AB78: нд | AC78: нд | AD78: нд | AE78: нд | AF78: 0.78527136 | AG78: нд | AH78: 0 | AI78: нд | AJ78: 0.78527136 | AK78: нд
A79: 1.2.2.27 | B79: ВЛ - 0,4 кВ ф.№1 от ТП№8 г. Бабаево | C79: ='д) план ввода ОС'!C81 -> J_VL04_1.2.2.29 | D79: С | E79: 2019 | F79: 2019 | G79: 2019 | H79: нд | I79: 1.8711864 | J79: нд | K79: нд | L79: нд | M79: нд | N79: нд | O79: нд | P79: 1.8711864 | Q79: нд | R79: 1.8711864 | S79: нд | T79: нд | U79: нд | V79: нд | W79: нд | X79: нд | Y79: нд | Z79: 1.8711864 | AA79: нд | AB79: нд | AC79: нд | AD79: нд | AE79: нд | AF79: 0 | AG79: нд | AH79: 1.9636231 | AI79: нд | AJ79: 1.9636231 | AK79: нд
... A82: 1.2.2.30 | B82: ВЛ 0,4 кВ направлением от КТП-42, г.Тотьма | C82: ='д) план ввода ОС'!C84 -> J_VL04_1.2.2.32 | D82: С | E82: 2019 | F82: 2019 | G82: 2019 | H82: нд | I82: 0.77711864 | J82: нд | K82: нд | L82: нд | M82: нд | N82: нд | O82: нд | P82: 0.77711864 | Q82: нд | R82: 0.77711864 | S82: нд | T82: нд | U82: нд | V82: нд | W82: нд | X82: нд | Y82: нд | Z82: 0.77711864 | AA82: нд | AB82: нд | AC82: нд | AD82: нд | AE82: нд | AF82: 0 | AG82: нд | AH82: 0.81550831 | AI82: нд | AJ82: 0.81550831 | AK82: нд
B83: Воздушные линии 6-10 кВ. | C83: ='д) план ввода ОС'!C85 -> 0 | D83: нд | E83: нд | F83: нд | G83: нд | H83: нд | I83: 49.261017 | J83: нд | K83: нд | L83: нд | M83: нд | N83: нд | O83: нд | P83: 49.261017 | Q83: нд | R83: 49.261017 | S83: нд | T83: нд | U83: нд | V83: нд | W83: нд | X83: нд | Y83: нд | Z83: 49.261017 | AA83: нд | AB83: нд | AC83: нд | AD83: нд | AE83: нд | AF83: 35.057075 | AG83: нд | AH83: 16.637437 | AI83: нд | AJ83: 51.694511 | AK83: нд
A84: 1.2.2.30 | B84: ВЛ-10кВ фидер «город Тотьма» от районной ПС 110/35/10 кВ «Тотьма-1» до РП-1 г. Тотьма | C84: ='д) план ввода ОС'!C86 -> I_VL10_1.2.2.33 | D84: С | E84: 2018 | F84: 2018 | G84: 2018 | H84: нд | I84: 10.25 | J84: нд | K84: нд | L84: нд | M84: нд | N84: нд | O84: нд | P84: 10.25 | Q84: нд | R84: 10.25 | S84: нд | T84: нд | U84: нд | V84: нд | W84: нд | X84: нд | Y84: нд | Z84: 10.25 | AA84: нд | AB84: нд | AC84: нд | AD84: нд | AE84: нд | AF84: 10.75635 | AG84: нд | AH84: 0 | AI84: нд | AJ84: 10.75635 | AK84: нд
A85: 1.2.2.31 | B85: ВЛ-10 кВ "Колошма" Бабаевского р-на | C85: ='д) план ввода ОС'!C87 -> I_VL10_1.2.2.34 | D85: С | E85: 2018 | F85: 2018 | G85: 2018 | H85: нд | I85: 7.6228814 | J85: нд | K85: нд | L85: нд | M85: нд | N85: нд | O85: нд | P85: 7.6228814 | Q85: нд | R85: 7.6228814 | S85: нд | T85: нд | U85: нд | V85: нд | W85: нд | X85: нд | Y85: нд | Z85: 7.6228814 | AA85: нд | AB85: нд | AC85: нд | AD85: нд | AE85: нд | AF85: 7.9994517 | AG85: нд | AH85: 0 | AI85: нд | AJ85: 7.9994517 | AK85: нд
A86: 1.2.2.32 | B86: ВЛ-10 кВ на КТП №61 п.Сазоново Чагодощенского р-на | C86: ='д) план ввода ОС'!C88 -> I_VL10_1.2.2.35 | D86: С | E86: 2018 | F86: 2018 | G86: 2018 | H86: нд | I86: 0.72288136 | J86: нд | K86: нд | L86: нд | M86: нд | N86: нд | O86: нд | P86: 0.72288136 | Q86: нд | R86: 0.72288136 | S86: нд | T86: нд | U86: нд | V86: нд | W86: нд | X86: нд | Y86: нд | Z86: 0.72288136 | AA86: нд | AB86: нд | AC86: нд | AD86: нд | AE86: нд | AF86: 0.75859169 | AG86: нд | AH86: 0 | AI86: нд | AJ86: 0.75859169 | AK86: нд
A87: 1.2.2.33 | B87: ВЛ-10 кВ на ТП "Поселок" д.Поповка Череповецкого р-на | C87: ='д) план ввода ОС'!C89 -> I_VL10_1.2.2.36 | D87: С | E87: 2018 | F87: 2018 | G87: 2018 | H87: нд | I87: 0.72288136 | J87: нд | K87: нд | L87: нд | M87: нд | N87: нд | O87: нд | P87: 0.72288136 | Q87: нд | R87: 0.72288136 | S87: нд | T87: нд | U87: нд | V87: нд | W87: нд | X87: нд | Y87: нд | Z87: 0.72288136 | AA87: нд | AB87: нд | AC87: нд | AD87: нд | AE87: нд | AF87: 0.75859169 | AG87: нд | AH87: 0 | AI87: нд | AJ87: 0.75859169 | AK87: нд
A88: 1.2.2.34 | B88: ЛЭП №2 (г.Вологда, ул.8-я Садовая, Цветочная) | C88: ='д) план ввода ОС'!C90 -> I_VL10_1.2.2.37 | D88: С | E88: 2018 | F88: 2018 | G88: 2018 | H88: нд | I88: 4.7364407 | J88: нд | K88: нд | L88: нд | M88: нд | N88: нд | O88: нд | P88: 4.7364407 | Q88: нд | R88: 4.7364407 | S88: нд | T88: нд | U88: нд | V88: нд | W88: нд | X88: нд | Y88: нд | Z88: 4.7364407 | AA88: нд | AB88: нд | AC88: нд | AD88: нд | AE88: нд | AF88: 4.9704208 | AG88: нд | AH88: 0 | AI88: нд | AJ88: 4.9704208 | AK88: нд
A89: 1.2.2.35 | B89: ЛЭП №3 (г.Вологда, ул.Луначарского) | C89: ='д) план ввода ОС'!C91 -> I_VL10_1.2.2.38 | D89: С | E89: 2018 | F89: 2018 | G89: 2018 | H89: нд | I89: 1.7288136 | J89: нд | K89: нд | L89: нд | M89: нд | N89: нд | O89: нд | P89: 1.7288136 | Q89: нд | R89: 1.7288136 | S89: нд | T89: нд | U89: нд | V89: нд | W89: нд | X89: нд | Y89: нд | Z89: 1.7288136 | AA89: нд | AB89: нд | AC89: нд | AD89: нд | AE89: нд | AF89: 1.8142169 | AG89: нд | AH89: 0 | AI89: нд | AJ89: 1.8142169 | AK89: нд
A90: 1.2.2.36 | B90: ВЛ-10кВ "Колошма" Бабаевского р-на | C90: ='д) план ввода ОС'!C92 -> I_VL10_1.2.2.39 | D90: С | E90: 2018 | F90: 2019 | G90: 2019 | H90: нд | I90: 7.6228814 | J90: нд | K90: нд | L90: нд | M90: нд | N90: нд | O90: нд | P90: 7.6228814 | Q90: нд | R90: 7.6228814 | S90: нд | T90: нд | U90: нд | V90: нд | W90: нд | X90: нд | Y90: нд | Z90: 7.6228814 | AA90: нд | AB90: нд | AC90: нд | AD90: нд | AE90: нд | AF90: 7.9994517 | AG90: нд | AH90: 0 | AI90: нд | AJ90: 7.9994517 | AK90: нд
A91: 1.2.2.37 | B91: ВЛ-6кВ ф.9 с ПС Белоусово г.Вытегра | C91: ='д) план ввода ОС'!C93 -> J_VL10_1.2.2.40 | D91: С | E91: 2019 | F91: 2019 | G91: 2019 | H91: нд | I91: 4.5720339 | J91: нд | K91: нд | L91: нд | M91: нд | N91: нд | O91: нд | P91: 4.5720339 | Q91: нд | R91: 4.5720339 | S91: нд | T91: нд | U91: нд | V91: нд | W91: нд | X91: нд | Y91: нд | Z91: 4.5720339 | AA91: нд | AB91: нд | AC91: нд | AD91: нд | AE91: нд | AF91: 0 | AG91: нд | AH91: 4.7978924 | AI91: нд | AJ91: 4.7978924 | AK91: нд
A92: 1.2.2.38 | B92: ЛЭП 10 кВ ф."Липин Бор" от ПС 110/35/10 кВ "Вашки" | C92: ='д) план ввода ОС'!C94 -> J_VL10_1.2.2.41 | D92: С | E92: 2019 | F92: 2019 | G92: 2019 | H92: нд | I92: 11.282203 | J92: нд | K92: нд | L92: нд | M92: нд | N92: нд | O92: нд | P92: 11.282203 | Q92: нд | R92: 11.282203 | S92: нд | T92: нд | U92: нд | V92: нд | W92: нд | X92: нд | Y92: нд | Z92: 11.282203 | AA92: нд | AB92: нд | AC92: нд | AD92: нд | AE92: нд | AF92: 0 | AG92: нд | AH92: 11.839544 | AI92: нд | AJ92: 11.839544 | AK92: нд
B93: ТП, РП, ПС. | C93: ='д) план ввода ОС'!C95 -> 0 | D93: нд | E93: нд | F93: нд | G93: нд | H93: нд | I93: 171.94831 | J93: нд | K93: нд | L93: нд | M93: нд | N93: нд | O93: нд | P93: 171.94831 | Q93: нд | R93: 171.94831 | S93: нд | T93: нд | U93: нд | V93: нд | W93: нд | X93: нд | Y93: нд | Z93: 171.94831 | AA93: нд | AB93: нд | AC93: нд | AD93: нд | AE93: нд | AF93: 48.651251 | AG93: нд | AH93: 131.7913 | AI93: нд | AJ93: 180.44255 | AK93: нд
A94: 1.2.2.38 | B94: Реконструкция РТП-27 с заменой оборудования, КСО на I с.ш., г.Вологда | C94: ='д) план ввода ОС'!C96 -> I_RP_1.2.2.42 | D94: С | E94: 2018 | F94: 2018 | G94: 2018 | H94: нд | I94: 15.336441 | J94: нд | K94: нд | L94: нд | M94: нд | N94: нд | O94: нд | P94: 15.336441 | Q94: нд | R94: 15.336441 | S94: нд | T94: нд | U94: нд | V94: нд | W94: нд | X94: нд | Y94: нд | Z94: 15.336441 | AA94: нд | AB94: нд | AC94: нд | AD94: нд | AE94: нд | AF94: 16.094061 | AG94: нд | AH94: 0 | AI94: нд | AJ94: 16.094061 | AK94: нд
A95: 1.2.2.39 | B95: Реконструкция РТП-7с заменой оборудования КСО на I с.ш., г.Сокол | C95: ='д) план ввода ОС'!C97 -> I_RP_1.2.2.43 | D95: С | E95: 2018 | F95: 2018 | G95: 2018 | H95: нд | I95: 11.178814 | J95: нд | K95: нд | L95: нд | M95: нд | N95: нд | O95: нд | P95: 11.178814 | Q95: нд | R95: 11.178814 | S95: нд | T95: нд | U95: нд | V95: нд | W95: нд | X95: нд | Y95: нд | Z95: 11.178814 | AA95: нд | AB95: нд | AC95: нд | AD95: нд | AE95: нд | AF95: 11.731047 | AG95: нд | AH95: 0 | AI95: нд | AJ95: 11.731047 | AK95: нд
A96: 1.2.2.40 | B96: Реконструкция РП 10 кВ с заменой оборудования, КСО, I с.ш. г.Белозерск | C96: ='д) план ввода ОС'!C98 -> I_RP_1.2.2.44 | D96: С | E96: 2018 | F96: 2018 | G96: 2018 | H96: нд | I96: 11.178814 | J96: нд | K96: нд | L96: нд | M96: нд | N96: нд | O96: нд | P96: 11.178814 | Q96: нд | R96: 11.178814 | S96: нд | T96: нд | U96: нд | V96: нд | W96: нд | X96: нд | Y96: нд | Z96: 11.178814 | AA96: нд | AB96: нд | AC96: нд | AD96: нд | AE96: нд | AF96: 11.731047 | AG96: нд | AH96: 0 | AI96: нд | AJ96: 11.731047 | AK96: нд
A97: 1.2.2.41 | B97: Реконструкция ТП-34, г.Сокол (перевод нагрузки на проект.РТП 10/0,4 кВ). Проектные работы. | C97: ='д) план ввода ОС'!C99 -> I_RP_1.2.2.45 | D97: С | E97: 2018 | F97: 2018 | G97: 2018 | H97: нд | I97: 0.58644068 | J97: нд | K97: нд | L97: нд | M97: нд | N97: нд | O97: нд | P97: 0.58644068 | Q97: 0.58644068 | R97: нд | S97: нд | T97: нд | U97: нд | V97: нд | W97: нд | X97: нд | Y97: нд | Z97: 0.58644068 | AA97: нд | AB97: нд | AC97: нд | AD97: нд | AE97: нд | AF97: 0.61541085 | AG97: нд | AH97: 0 | AI97: нд | AJ97: 0.61541085 | AK97: нд
A98: 1.2.2.42 | B98: Реконструкция РП-1, п.Шексна | C98: ='д) план ввода ОС'!C100 -> I_RP_1.2.2.46 | D98: С | E98: 2018 | F98: 2018 | G98: 2018 | H98: нд | I98: 2.5152542 | J98: нд | K98: нд | L98: нд | M98: нд | N98: нд | O98: нд | P98: 2.5152542 | Q98: нд | R98: 2.5152542 | S98: нд | T98: нд | U98: нд | V98: нд | W98: нд | X98: нд | Y98: нд | Z98: 2.5152542 | AA98: нд | AB98: нд | AC98: нд | AD98: нд | AE98: нд | AF98: 2.6395078 | AG98: нд | AH98: 0 | AI98: нд | AJ98: 2.6395078 | AK98: нд
A99: 1.2.2.43 | B99: Реконструкция ПС 35/6 кВ "Северная". Проектные работы. | C99: ='д) план ввода ОС'!C101 -> I_PS_1.2.2.47 | D99: П | E99: 2018 | F99: 2018 | G99: 2018 | H99: нд | I99: 5.5652542 | J99: нд | K99: нд | L99: нд | M99: нд | N99: нд | O99: нд | P99: 5.5652542 | Q99: нд | R99: 5.5652542 | S99: нд | T99: нд | U99: нд | V99: нд | W99: нд | X99: нд | Y99: нд | Z99: 5.5652542 | AA99: нд | AB99: нд | AC99: нд | AD99: нд | AE99: нд | AF99: 5.8401778 | AG99: нд | AH99: 0 | AI99: нд | AJ99: 5.8401778 | AK99: нд
A100: 1.2.2.44 | B100: ПС Городская 35/6 кВ (2 этап) | C100: ='д) план ввода ОС'!C102 -> J_PS_1.2.2.48 | D100: С | E100: 2019 | F100: 2019 | G100: 2019 | H100: нд | I100: 16.50678 | J100: нд | K100: нд | L100: нд | M100: нд | N100: нд | O100: нд | P100: 16.50678 | Q100: нд | R100: 16.50678 | S100: нд | T100: нд | U100: нд | V100: нд | W100: нд | X100: нд | Y100: нд | Z100: 16.50678 | AA100: нд | AB100: нд | AC100: нд | AD100: нд | AE100: нд | AF100: 0 | AG100: нд | AH100: 17.322215 | AI100: нд | AJ100: 17.322215 | AK100: нд
A101: 1.2.2.45 | B101: ПС Городская 35/6 кВ (3 этап) | C101: ='д) план ввода ОС'!C103 -> J_PS_1.2.2.49 | D101: С | E101: 2019 | F101: 2019 | G101: 2019 | H101: нд | I101: 64.867797 | J101: нд | K101: нд | L101: нд | M101: нд | N101: нд | O101: нд | P101: 64.867797 | Q101: нд | R101: 64.867797 | S101: нд | T101: нд | U101: нд | V101: нд | W101: нд | X101: нд | Y101: нд | Z101: 64.867797 | AA101: нд | AB101: нд | AC101: нд | AD101: нд | AE101: нд | AF101: 0 | AG101: нд | AH101: 68.072266 | AI101: нд | AJ101: 68.072266 | AK101: нд
A102: 1.2.2.46 | B102: РП-27 II секция, г.Вологда | C102: ='д) план ввода ОС'!C104 -> J_RP_1.2.2.50 | D102: С | E102: 2019 | F102: 2019 | G102: 2019 | H102: нд | I102: 15.336441 | J102: нд | K102: нд | L102: нд | M102: нд | N102: нд | O102: нд | P102: 15.336441 | Q102: нд | R102: 15.336441 | S102: нд | T102: нд | U102: нд | V102: нд | W102: нд | X102: нд | Y102: нд | Z102: 15.336441 | AA102: нд | AB102: нд | AC102: нд | AD102: нд | AE102: нд | AF102: 0 | AG102: нд | AH102: 16.094061 | AI102: нд | AJ102: 16.094061 | AK102: нд
A103: 1.2.2.47 | B103: РП-7 II секция, г.Сокол | C103: ='д) план ввода ОС'!C105 -> J_RP_1.2.2.51 | D103: С | E103: 2019 | F103: 2019 | G103: 2019 | H103: нд | I103: 11.179661 | J103: нд | K103: нд | L103: нд | M103: нд | N103: нд | O103: нд | P103: 11.179661 | Q103: нд | R103: 11.179661 | S103: нд | T103: нд | U103: нд | V103: нд | W103: нд | X103: нд | Y103: нд | Z103: 11.179661 | AA103: нд | AB103: нд | AC103: нд | AD103: нд | AE103: нд | AF103: 0 | AG103: нд | AH103: 11.731936 | AI103: нд | AJ103: 11.731936 | AK103: нд
A104: 1.2.2.48 | B104: РП 10 кВ II секция, г.Белозерск | C104: ='д) план ввода ОС'!C106 -> J_RP_1.2.2.52 | D104: С | E104: 2019 | F104: 2019 | G104: 2019 | H104: нд | I104: 11.179661 | J104: нд | K104: нд | L104: нд | M104: нд | N104: нд | O104: нд | P104: 11.179661 | Q104: нд | R104: 11.179661 | S104: нд | T104: нд | U104: нд | V104: нд | W104: нд | X104: нд | Y104: нд | Z104: 11.179661 | AA104: нд | AB104: нд | AC104: нд | AD104: нд | AE104: нд | AF104: 0 | AG104: нд | AH104: 11.731936 | AI104: нд | AJ104: 11.731936 | AK104: нд
A105: 1.2.2.49 | B105: Замена ТП-1 г.Белозерск | C105: ='д) план ввода ОС'!C107 -> J_TP_1.2.2.53 | D105: С | E105: 2019 | F105: 2019 | G105: 2019 | H105: нд | I105: 1.4347458 | J105: нд | K105: нд | L105: нд | M105: нд | N105: нд | O105: нд | P105: 1.4347458 | Q105: нд | R105: 1.4347458 | S105: нд | T105: нд | U105: нд | V105: нд | W105: нд | X105: нд | Y105: нд | Z105: 1.4347458 | AA105: нд | AB105: нд | AC105: нд | AD105: нд | AE105: нд | AF105: 0 | AG105: нд | AH105: 1.5056222 | AI105: нд | AJ105: 1.5056222 | AK105: нд
A106: 1.2.2.50 | B106: РП-84 Октябрьское п.Новые углы инв. 100146 (ПО Череповецкое) | C106: ='д) план ввода ОС'!C108 -> J_RP_1.2.2.54 | D106: С | E106: 2019 | F106: 2019 | G106: 2019 | H106: нд | I106: 5.0822034 | J106: нд | K106: нд | L106: нд | M106: нд | N106: нд | O106: нд | P106: 5.0822034 | Q106: нд | R106: нд | S106: 5.0822034 | T106: нд | U106: нд | V106: нд | W106: нд | X106: нд | Y106: нд | Z106: 5.0822034 | AA106: нд | AB106: нд | AC106: нд | AD106: нд | AE106: нд | AF106: 0 | AG106: нд | AH106: 5.3332642 | AI106: нд | AJ106: 5.3332642 | AK106: нд
A107: 1.2.3. | B107: Оборудование, не входящее в сметы строек | C107: ='д) план ввода ОС'!C109 -> 0 | D107: нд | E107: нд | F107: нд | G107: нд | H107: нд | I107: 35.588559 | J107: нд | K107: нд | L107: нд | M107: нд | N107: нд | O107: нд | P107: 35.588559 | Q107: нд | R107: нд | S107: 35.588559 | T107: нд | U107: нд | V107: нд | W107: нд | X107: нд | Y107: нд | Z107: 35.588559 | AA107: нд | AB107: нд | AC107: нд | AD107: нд | AE107: нд | AF107: 16.559176 | AG107: нд | AH107: 20.792349 | AI107: нд | AJ107: 37.346634 | AK107: нд
A108: 1.2.3.1 | B108: Оборудование, инструмент, средства механизации | C108: ='д) план ввода ОС'!C110 -> I_INSTR_1.2.3.1 | D108: нд | E108: 2018 | F108: 2019 | G108: 2019 | H108: нд | I108: 5.0885593 | J108: нд | K108: нд | L108: нд | M108: нд | N108: нд | O108: нд | P108: 5.0885593 | Q108: нд | R108: нд | S108: 5.0885593 | T108: нд | U108: нд | V108: нд | W108: нд | X108: нд | Y108: нд | Z108: 5.0885593 | AA108: нд | AB108: нд | AC108: нд | AD108: нд | AE108: нд | AF108: 1.8675763 | AG108: нд | AH108: 3.4772492 | AI108: нд | AJ108: 5.3399342 | AK108: нд
A109: 1.2.3.2 | B109: Создание и модернизация систем телемеханики и связи, оргтехника, програмное обеспечение | C109: ='д) план ввода ОС'!C111 -> I_TEL_1.2.3.2 | D109: нд | E109: 2018 | F109: 2019 | G109: 2019 | H109: нд | I109: 30.5 | J109: нд | K109: нд | L109: нд | M109: нд | N109: нд | O109: нд | P109: 30.5 | Q109: нд | R109: нд | S109: нд | T109: 30.5 | U109: нд | V109: нд | W109: нд | X109: нд | Y109: нд | Z109: 30.5 | AA109: нд | AB109: нд | AC109: нд | AD109: нд | AE109: нд | AF109: 14.6916 | AG109: нд | AH109: 17.3151 | AI109: нд | AJ109: 32.0067 | AK109: нд
A110: 1.2.4 | B110: Новое строительство | C110: ='д) план ввода ОС'!C112 | D110: нд | E110: нд | F110: нд | G110: нд | H110: нд | I110: 292.10085 | J110: нд | K110: нд | L110: нд | M110: нд | N110: нд | O110: нд | P110: 292.10085 | Q110: нд | R110: =R111+R114+R120 -> 152.98305 | S110: =S111 -> 139.1178 | T110: нд | U110: нд | V110: нд | W110: нд | X110: нд | Y110: нд | Z110: 292.10085 | AA110: нд | AB110: нд | AC110: нд | AD110: нд | AE110: нд | AF110: 153.12169 | AG110: нд | AH110: 153.42762 | AI110: нд | AJ110: 306.53063 | AK110: нд
A111: 1.2.4.1 | B111: Энергосбережение и повышение энергетической эффективности | C111: ='д) план ввода ОС'!C113 -> 0 | D111: нд | E111: нд | F111: нд | G111: нд | H111: нд | I111: 146.6178 | J111: нд | K111: нд | L111: нд | M111: нд | N111: нд | O111: нд | P111: 146.6178 | Q111: нд | R111: =R113 -> 7.5 | S111: =S112 -> 139.1178 | T111: нд | U111: нд | V111: нд | W111: нд | X111: нд | Y111: нд | Z111: 146.6178 | AA111: нд | AB111: нд | AC111: нд | AD111: нд | AE111: нд | AF111: 118.70671 | AG111: нд | AH111: 35.172686 | AI111: нд | AJ111: 153.86072 | AK111: нд
A112: 1.2.4.2 | B112: АСКУЭ | C112: ='д) план ввода ОС'!C114 -> I_ASCUE_1.2.4.2 | D112: С | E112: 2018 | F112: 2019 | G112: 2019 | H112: нд | I112: 139.1178 | J112: нд | K112: нд | L112: нд | M112: нд | N112: нд | O112: нд | P112: 139.1178 | Q112: нд | R112: нд | S112: 139.1178 | T112: нд | U112: нд | V112: нд | W112: нд | X112: нд | Y112: нд | Z112: 139.1178 | AA112: нд | AB112: нд | AC112: нд | AD112: нд | AE112: нд | AF112: 115.55851 | AG112: нд | AH112: 30.450386 | AI112: нд | AJ112: 145.99022 | AK112: нд
A113: 1.2.4.3 | B113: Силовые трансформаторы | C113: ='д) план ввода ОС'!C115 -> I_TR_1.2.4.3 | D113: С | E113: 2018 | F113: 2019 | G113: 2019 | H113: нд | I113: 7.5 | J113: нд | K113: нд | L113: нд | M113: нд | N113: нд | O113: нд | P113: 7.5 | Q113: нд | R113: 7.5 | S113: нд | T113: нд | U113: нд | V113: нд | W113: нд | X113: нд | Y113: нд | Z113: 7.5 | AA113: нд | AB113: нд | AC113: нд | AD113: нд | AE113: нд | AF113: 3.1482 | AG113: нд | AH113: 4.7223 | AI113: нд | AJ113: 7.8705 | AK113: нд
...

Sheet д) план ввода ОС
A4: План ввода основных средств
A6: Инвестиционная программа АО "Вологдаоблэнерго"
A7: полное наименование субъекта электроэнергетики
A9: Год раскрытия информации: 2017 год
A11: Утвержденные плановые значения показателей приведены в соответствии с Инвестиционной программой АО "Вологдаоблэнерго" на 2015-2019 гг, утвержденной Департаментом ТЭК Вологодской области 31.12.2014 г.
A12: реквизиты решения органа исполнительной власти, утвердившего инвестиционную программу
A14: Номер группы инвести-ционных проектов | B14: Наименование инвестиционного проекта (группы инвестиционных проектов) | C14: Идентифика-тор инвестицион-ного проекта | D14: Первоначальная стоимость принимаемых к учету основных средств и нематериальных активов, млн рублей (без НДС) | F14: Принятие основных средств и нематериальных активов к бухгалтерскому учету в 2017 год | T14: Принятие основных средств и нематериальных активов к бухгалтерскому учету | AH14: Принятие основных средств и нематериальных активов к бухгалтерскому учету | BX14: Краткое обоснование корректировки утвержденного плана
T15: 2017 год | AH15: 2018 год | AV15: 2019 | BJ15: Итого за период реализации инвестиционной программы
F16: План (Утвержденный план) | M16: Факт (Предложение по корректировке утвержденного плана) | T16: План (Утвержденный план) | AA16: Факт (Предложение по корректировке утвержденного плана) | AH16: План (Утвержденный план) | AO16: Факт (Предложение по корректировке утвержденного плана) | AV16: План (Утвержденный план) | BC16: Факт (Предложение по корректировке утвержденного плана) | BJ16: План | BQ16: Предложение по корректировке утвержденного плана
D17: План | E17: Предложение по корректировке утвержденного плана | F17: нематериальные активы | G17: основные средства | M17: нематериальные активы | N17: основные средства | T17: нематериальные активы | U17: основные средства | AA17: нематериальные активы | AB17: основные средства | AH17: нематериальные активы | AI17: основные средства | AO17: нематериальные активы | AP17: основные средства | AV17: нематериальные активы | AW17: основные средства | BC17: нематериальные активы | BD17: основные средства | BJ17: нематериальные активы | BK17: основные средства | BQ17: нематериальные активы | BR17: основные средства
F18: млн рублей (без НДС) | G18: млн рублей (без НДС) | H18: МВ×А | I18: Мвар | J18: км ЛЭП | K18: МВт | L18: Другое | M18: млн рублей (без НДС) | N18: млн рублей (без НДС) | O18: МВ×А | P18: Мвар | Q18: км ЛЭП | R18: МВт | S18: Другое | T18: млн рублей (без НДС) | U18: млн рублей (без НДС) | V18: МВ×А | W18: Мвар | X18: км ЛЭП | Y18: МВт | Z18: Другое | AA18: млн рублей (без НДС) | AB18: млн рублей (без НДС) | AC18: МВ×А | AD18: Мвар | AE18: км ЛЭП | AF18: МВт | AG18: Другое | AH18: млн рублей (без НДС) | AI18: млн рублей (без НДС) | AJ18: МВ×А | AK18: Мвар | AL18: км ЛЭП | AM18: МВт | AN18: Другое | AO18: млн рублей (без НДС) | AP18: млн рублей (без НДС) | AQ18: МВ×А | AR18: Мвар | AS18: км ЛЭП | AT18: МВт | AU18: Другое | AV18: млн рублей (без НДС) | AW18: млн рублей (без НДС) | AX18: МВ×А | AY18: Мвар | AZ18: км ЛЭП | BA18: МВт | BB18: Другое | BC18: млн рублей (без НДС) | BD18: млн рублей (без НДС) | BE18: МВ×А | BF18: Мвар | BG18: км ЛЭП | BH18: МВт | BI18: Другое | BJ18: млн рублей (без НДС) | BK18: млн рублей (без НДС) | BL18: МВ×А | BM18: Мвар | BN18: км ЛЭП | BO18: МВт | BP18: Другое | BQ18: млн рублей (без НДС) | BR18: млн рублей (без НДС) | BS18: МВ×А | BT18: Мвар | BU18: км ЛЭП | BV18: МВт | BW18: Другое
A19: 1 | B19: 2 | C19: 3 | D19: 4 | E19: 5 | F19: 6.1.1 | G19: 6.1.2 | H19: 6.1.3 | I19: 6.1.4 | J19: 6.1.5 | K19: 6.1.6 | L19: 6.1.7 | M19: 6.2.1 | N19: 6.2.2 | O19: 6.2.3 | P19: 6.2.4 | Q19: 6.2.5 | R19: 6.2.6 | S19: 6.2.7 | T19: 7.1.1 | U19: 7.1.2 | V19: 7.1.3 | W19: 7.1.4 | X19: 7.1.5 | Y19: 7.1.6 | Z19: 7.1.7 | AA19: 7.2.1 | AB19: 7.2.2 | AC19: 7.2.3 | AD19: 7.2.4 | AE19: 7.2.5 | AF19: 7.2.6 | AG19: 7.2.7 | AH19: 7.3.1 | AI19: 7.3.2 | AJ19: 7.3.3 | AK19: 7.3.4 | AL19: 7.3.5 | AM19: 7.3.6 | AN19: 7.3.7 | AO19: 7.4.1 | AP19: 7.4.2 | AQ19: 7.4.3 | AR19: 7.4.4 | AS19: 7.4.5 | AT19: 7.4.6 | AU19: 7.4.7 | AV19: 7.5.1 | AW19: 7.5.2 | AX19: 7.5.3 | AY19: 7.5.4 | AZ19: 7.5.5 | BA19: 7.5.6 | BB19: 7.5.7 | BC19: 7.6.1 | BD19: 7.6.2 | BE19: 7.6.3 | BF19: 7.6.4 | BG19: 7.6.5 | BH19: 7.6.6 | BI19: 7.6.7 | BJ19: 8.1.1 | BK19: 8.1.2 | BL19: 8.1.3 | BM19: 8.1.4 | BN19: 8.1.5 | BO19: 8.1.6 | BP19: 8.1.7 | BQ19: 8.2.1 | BR19: 8.2.2 | BS19: 8.2.3 | BT19: 8.2.4 | BU19: 8.2.5 | BV19: 8.2.6 | BW19: 8.2.7 | BX19: 9
A20: 0 | B20: ВСЕГО по инвестиционной программе, в том числе: | C20: нд | D20: =156.241+164.053 -> 320.294 | E20: 653.59878 | F20: нд | G20: нд | H20: нд | I20: нд | J20: нд | K20: нд | L20: нд | M20: нд | N20: нд | O20: нд | P20: нд | Q20: нд | R20: нд | S20: нд | T20: нд | U20: нд | V20: нд | W20: нд | X20: нд | Y20: нд | Z20: нд | AA20: нд | AB20: нд | AC20: нд | AD20: нд | AE20: нд | AF20: нд | AG20: нд | AH20: нд | AI20: нд | AJ20: нд | AK20: нд | AL20: нд | AM20: нд | AN20: нд | AO20: нд | AP20: 296.62803 | AQ20: 7.8 | AR20: нд | AS20: 53.9 | AT20: нд | AU20: 75 | AV20: нд | AW20: нд | AX20: нд | AY20: нд | AZ20: нд | BA20: нд | BB20: нд | BC20: нд | BD20: 356.98809 | BE20: 29 | BF20: нд | BG20: 82.557 | BH20: нд | BI20: 83 | BJ20: нд | BK20: нд | BL20: нд | BM20: нд | BN20: нд | BO20: нд | BP20: нд | BQ20: нд | BR20: 653.59878 | BS20: 36.35 | BT20: нд | BU20: 82.557 | BV20: нд | BW20: 158 | BX20: нд
A21: 0.1 | B21: Технологическое присоединение, всего | C21: нд | D21: нд | E21: 0 | F21: нд | G21: нд | H21: нд | I21: нд | J21: нд | K21: нд | L21: нд | M21: нд | N21: нд | O21: нд | P21: нд | Q21: нд | R21: нд | S21: нд | T21: нд | U21: нд | V21: нд | W21: нд | X21: нд | Y21: нд | Z21: нд | AA21: нд | AB21: нд | AC21: нд | AD21: нд | AE21: нд | AF21: нд | AG21: нд | AH21: нд | AI21: нд | AJ21: нд | AK21: нд | AL21: нд | AM21: нд | AN21: нд | AO21: нд | AP21: 0 | AQ21: нд | AR21: нд | AS21: нд | AT21: нд | AU21: нд | AV21: нд | AW21: нд | AX21: нд | AY21: нд | AZ21: нд | BA21: нд | BB21: нд | BC21: нд | BD21: 0 | BE21: нд | BF21: нд | BG21: нд | BH21: нд | BI21: нд | BJ21: нд | BK21: нд | BL21: нд | BM21: нд | BN21: нд | BO21: нд | BP21: нд | BQ21: нд | BR21: 0 | BS21: нд | BT21: нд | BU21: нд | BV21: нд | BW21: нд | BX21: нд
A22: 0.2 | B22: Реконструкция, модернизация, техническое перевооружение, всего | C22: нд | D22: нд | E22: 304.74798 | F22: нд | G22: нд | H22: нд | I22: нд | J22: нд | K22: нд | L22: нд | M22: нд | N22: нд | O22: нд | P22: нд | Q22: нд | R22: нд | S22: нд | T22: нд | U22: нд | V22: нд | W22: нд | X22: нд | Y22: нд | Z22: нд | AA22: нд | AB22: нд | AC22: нд | AD22: нд | AE22: нд | AF22: нд | AG22: нд | AH22: нд | AI22: нд | AJ22: нд | AK22: нд | AL22: нд | AM22: нд | AN22: нд | AO22: нд | AP22: 124.76832 | AQ22: нд | AR22: нд | AS22: 42.1 | AT22: нд | AU22: нд | AV22: нд | AW22: нд | AX22: нд | AY22: нд | AZ22: нд | BA22: нд | BB22: нд | BC22: нд | BD22: 179.98455 | BE22: нд | BF22: нд | BG22: 20.23 | BH22: нд | BI22: нд | BJ22: нд | BK22: нд | BL22: нд | BM22: нд | BN22: нд | BO22: нд | BP22: нд | BQ22: нд | BR22: 304.74798 | BS22: нд | BT22: нд | BU22: 62.407 | BV22: нд | BW22: нд | BX22: нд
A23: 0.3 | B23: Инвестиционные проекты, реализация которых обуславливается схемами и программами перспективного развития электроэнергетики, всего | C23: нд | D23: нд | E23: 0 | F23: нд | G23: нд | H23: нд | I23: нд | J23: нд | K23: нд | L23: нд | M23: нд | N23: нд | O23: нд | P23: нд | Q23: нд | R23: нд | S23: нд | T23: нд | U23: нд | V23: нд | W23: нд | X23: нд | Y23: нд | Z23: нд | AA23: нд | AB23: нд | AC23: нд | AD23: нд | AE23: нд | AF23: нд | AG23: нд | AH23: нд | AI23: нд | AJ23: нд | AK23: нд | AL23: нд | AM23: нд | AN23: нд | AO23: нд | AP23: 0 | AQ23: нд | AR23: нд | AS23: нд | AT23: нд | AU23: нд | AV23: нд | AW23: нд | AX23: нд | AY23: нд | AZ23: нд | BA23: нд | BB23: нд | BC23: нд | BD23: 0 | BE23: нд | BF23: нд | BG23: нд | BH23: нд | BI23: нд | BJ23: нд | BK23: нд | BL23: нд | BM23: нд | BN23: нд | BO23: нд | BP23: нд | BQ23: нд | BR23: 0 | BS23: нд | BT23: нд | BU23: нд | BV23: нд | BW23: нд | BX23: нд
A24: 0.4 | B24: Прочее новое строительство объектов электросетевого хозяйства, всего | C24: нд | D24: нд | E24: 306.53063 | F24: нд | G24: нд | H24: нд | I24: нд | J24: нд | K24: нд | L24: нд | M24: нд | N24: нд | O24: нд | P24: нд | Q24: нд | R24: нд | S24: нд | T24: нд | U24: нд | V24: нд | W24: нд | X24: нд | Y24: нд | Z24: нд | AA24: нд | AB24: нд | AC24: нд | AD24: нд | AE24: нд | AF24: нд | AG24: нд | AH24: нд | AI24: нд | AJ24: нд | AK24: нд | AL24: нд | AM24: нд | AN24: нд | AO24: нд | AP24: 153.12169 | AQ24: нд | AR24: нд | AS24: 11.8 | AT24: нд | AU24: нд | AV24: нд | AW24: нд | AX24: нд | AY24: нд | AZ24: нд | BA24: нд | BB24: нд | BC24: нд | BD24: 153.42762 | BE24: нд | BF24: нд | BG24: 8.35 | BH24: нд | BI24: нд | BJ24: нд | BK24: нд | BL24: нд | BM24: нд | BN24: нд | BO24: нд | BP24: нд | BQ24: нд | BR24: 306.53063 | BS24: нд | BT24: нд | BU24: 20.15 | BV24: нд | BW24: нд | BX24: нд
A25: 0.5 | B25: Покупка земельных участков для целей реализации инвестиционных проектов, всего | C25: нд | D25: нд | E25: 0 | F25: нд | G25: нд | H25: нд | I25: нд | J25: нд | K25: нд | L25: нд | M25: нд | N25: нд | O25: нд | P25: нд | Q25: нд | R25: нд | S25: нд | T25: нд | U25: нд | V25: нд | W25: нд | X25: нд | Y25: нд | Z25: нд | AA25: нд | AB25: нд | AC25: нд | AD25: нд | AE25: нд | AF25: нд | AG25: нд | AH25: нд | AI25: нд | AJ25: нд | AK25: нд | AL25: нд | AM25: нд | AN25: нд | AO25: нд | AP25: 0 | AQ25: нд | AR25: нд | AS25: нд | AT25: нд | AU25: нд | AV25: нд | AW25: нд | AX25: нд | AY25: нд | AZ25: нд | BA25: нд | BB25: нд | BC25: нд | BD25: 0 | BE25: нд | BF25: нд | BG25: нд | BH25: нд | BI25: нд | BJ25: нд | BK25: нд | BL25: нд | BM25: нд | BN25: нд | BO25: нд | BP25: нд | BQ25: нд | BR25: 0 | BS25: нд | BT25: нд | BU25: нд | BV25: нд | BW25: нд | BX25: нд
A26: 0.6 | B26: Прочие инвестиционные проекты, всего | C26: нд | D26: нд | E26: 0 | F26: нд | G26: нд | H26: нд | I26: нд | J26: нд | K26: нд | L26: нд | M26: нд | N26: нд | O26: нд | P26: нд | Q26: нд | R26: нд | S26: нд | T26: нд | U26: нд | V26: нд | W26: нд | X26: нд | Y26: нд | Z26: нд | AA26: нд | AB26: нд | AC26: нд | AD26: нд | AE26: нд | AF26: нд | AG26: нд | AH26: нд | AI26: нд | AJ26: нд | AK26: нд | AL26: нд | AM26: нд | AN26: нд | AO26: нд | AP26: 0 | AQ26: нд | AR26: нд | AS26: нд | AT26: нд | AU26: нд | AV26: нд | AW26: нд | AX26: нд | AY26: нд | AZ26: нд | BA26: нд | BB26: нд | BC26: нд | BD26: 0 | BE26: нд | BF26: нд | BG26: нд | BH26: нд | BI26: нд | BJ26: нд | BK26: нд | BL26: нд | BM26: нд | BN26: нд | BO26: нд | BP26: нд | BQ26: нд | BR26: 0 | BS26: нд | BT26: нд | BU26: нд | BV26: нд | BW26: нд | BX26: нд
C27: нд | D27: нд | E27: 0 | F27: нд | G27: нд | H27: нд | I27: нд | J27: нд | K27: нд | L27: нд | M27: нд | N27: нд | O27: нд | P27: нд | Q27: нд | R27: нд | S27: нд | T27: нд | U27: нд | V27: нд | W27: нд | X27: нд | Y27: нд | Z27: нд | AA27: нд | AB27: нд | AC27: нд | AD27: нд | AE27: нд | AF27: нд | AG27: нд | AH27: нд | AI27: нд | AJ27: нд | AK27: нд | AL27: нд | AM27: нд | AN27: нд | AO27: нд | AP27: 0 | AQ27: нд | AR27: нд | AS27: нд | AT27: нд | AU27: нд | AV27: нд | AW27: нд | AX27: нд | AY27: нд | AZ27: нд | BA27: нд | BB27: нд | BC27: нд | BD27: 0 | BE27: нд | BF27: нд | BG27: нд | BH27: нд | BI27: нд | BJ27: нд | BK27: нд | BL27: нд | BM27: нд | BN27: нд | BO27: нд | BP27: нд | BQ27: нд | BR27: 0 | BS27: нд | BT27: нд | BU27: нд | BV27: нд | BW27: нд | BX27: нд
A28: 1 | B28: Вологодская область | C28: нд | D28: нд | E28: 0 | F28: нд | G28: нд | H28: нд | I28: нд | J28: нд | K28: нд | L28: нд | M28: нд | N28: нд | O28: нд | P28: нд | Q28: нд | R28: нд | S28: нд | T28: нд | U28: нд | V28: нд | W28: нд | X28: нд | Y28: нд | Z28: нд | AA28: нд | AB28: нд | AC28: нд | AD28: нд | AE28: нд | AF28: нд | AG28: нд | AH28: нд | AI28: нд | AJ28: нд | AK28: нд | AL28: нд | AM28: нд | AN28: нд | AO28: нд | AP28: 0 | AQ28: нд | AR28: нд | AS28: нд | AT28: нд | AU28: нд | AV28: нд | AW28: нд | AX28: нд | AY28: нд | AZ28: нд | BA28: нд | BB28: нд | BC28: нд | BD28: 0 | BE28: нд | BF28: нд | BG28: нд | BH28: нд | BI28: нд | BJ28: нд | BK28: нд | BL28: нд | BM28: нд | BN28: нд | BO28: нд | BP28: нд | BQ28: нд | BR28: 0 | BS28: нд | BT28: нд | BU28: нд | BV28: нд | BW28: нд | BX28: нд
A29: 1.1 | B29: Технологическое присоединение, всего, в том числе: | C29: нд | D29: нд | E29: 0 | F29: нд | G29: нд | H29: нд | I29: нд | J29: нд | K29: нд | L29: нд | M29: нд | N29: нд | O29: нд | P29: нд | Q29: нд | R29: нд | S29: нд | T29: нд | U29: нд | V29: нд | W29: нд | X29: нд | Y29: нд | Z29: нд | AA29: нд | AB29: нд | AC29: нд | AD29: нд | AE29: нд | AF29: нд | AG29: нд | AH29: нд | AI29: нд | AJ29: нд | AK29: нд | AL29: нд | AM29: нд | AN29: нд | AO29: нд | AP29: 0 | AQ29: нд | AR29: нд | AS29: нд | AT29: нд | AU29: нд | AV29: нд | AW29: нд | AX29: нд | AY29: нд | AZ29: нд | BA29: нд | BB29: нд | BC29: нд | BD29: 0 | BE29: нд | BF29: нд | BG29: нд | BH29: нд | BI29: нд | BJ29: нд | BK29: нд | BL29: нд | BM29: нд | BN29: нд | BO29: нд | BP29: нд | BQ29: нд | BR29: 0 | BS29: нд | BT29: нд | BU29: нд | BV29: нд | BW29: нд | BX29: нд
A30: 1.1.1 | B30: Технологическое присоединение энергопринимающих устройств потребителей, всего, в том числе: | C30: нд | D30: нд | E30: 0 | F30: нд | G30: нд | H30: нд | I30: нд | J30: нд | K30: нд | L30: нд | M30: нд | N30: нд | O30: нд | P30: нд | Q30: нд | R30: нд | S30: нд | T30: нд | U30: нд | V30: нд | W30: нд | X30: нд | Y30: нд | Z30: нд | AA30: нд | AB30: нд | AC30: нд | AD30: нд | AE30: нд | AF30: нд | AG30: нд | AH30: нд | AI30: нд | AJ30: нд | AK30: нд | AL30: нд | AM30: нд | AN30: нд | AO30: нд | AP30: 0 | AQ30: нд | AR30: нд | AS30: нд | AT30: нд | AU30: нд | AV30: нд | AW30: нд | AX30: нд | AY30: нд | AZ30: нд | BA30: нд | BB30: нд | BC30: нд | BD30: 0 | BE30: нд | BF30: нд | BG30: нд | BH30: нд | BI30: нд | BJ30: нд | BK30: нд | BL30: нд | BM30: нд | BN30: нд | BO30: нд | BP30: нд | BQ30: нд | BR30: 0 | BS30: нд | BT30: нд | BU30: нд | BV30: нд | BW30: нд | BX30: нд
A31: 1.1.1.1 | B31: Технологическое присоединение энергопринимающих устройств потребителей максимальной мощностью до 15 кВт включительно, всего | C31: нд | D31: нд | E31: 0 | F31: нд | G31: нд | H31: нд | I31: нд | J31: нд | K31: нд | L31: нд | M31: нд | N31: нд | O31: нд | P31: нд | Q31: нд | R31: нд | S31: нд | T31: нд | U31: нд | V31: нд | W31: нд | X31: нд | Y31: нд | Z31: нд | AA31: нд | AB31: нд | AC31: нд | AD31: нд | AE31: нд | AF31: нд | AG31: нд | AH31: нд | AI31: нд | AJ31: нд | AK31: нд | AL31: нд | AM31: нд | AN31: нд | AO31: нд | AP31: 0 | AQ31: нд | AR31: нд | AS31: нд | AT31: нд | AU31: нд | AV31: нд | AW31: нд | AX31: нд | AY31: нд | AZ31: нд | BA31: нд | BB31: нд | BC31: нд | BD31: 0 | BE31: нд | BF31: нд | BG31: нд | BH31: нд | BI31: нд | BJ31: нд | BK31: нд | BL31: нд | BM31: нд | BN31: нд | BO31: нд | BP31: нд | BQ31: нд | BR31: 0 | BS31: нд | BT31: нд | BU31: нд | BV31: нд | BW31: нд | BX31: нд
A32: 1.1.1.2 | B32: Технологическое присоединение энергопринимающих устройств потребителей максимальной мощностью до 150 кВт включительно, всего | C32: нд | D32: нд | E32: 0 | F32: нд | G32: нд | H32: нд | I32: нд | J32: нд | K32: нд | L32: нд | M32: нд | N32: нд | O32: нд | P32: нд | Q32: нд | R32: нд | S32: нд | T32: нд | U32: нд | V32: нд | W32: нд | X32: нд | Y32: нд | Z32: нд | AA32: нд | AB32: нд | AC32: нд | AD32: нд | AE32: нд | AF32: нд | AG32: нд | AH32: нд | AI32: нд | AJ32: нд | AK32: нд | AL32: нд | AM32: нд | AN32: нд | AO32: нд | AP32: 0 | AQ32: нд | AR32: нд | AS32: нд | AT32: нд | AU32: нд | AV32: нд | AW32: нд | AX32: нд | AY32: нд | AZ32: нд | BA32: нд | BB32: нд | BC32: нд | BD32: 0 | BE32: нд | BF32: нд | BG32: нд | BH32: нд | BI32: нд | BJ32: нд | BK32: нд | BL32: нд | BM32: нд | BN32: нд | BO32: нд | BP32: нд | BQ32: нд | BR32: 0 | BS32: нд | BT32: нд | BU32: нд | BV32: нд | BW32: нд | BX32: нд
A33: 1.1.1.3 | B33: Технологическое присоединение энергопринимающих устройств потребителей свыше 150 кВт, всего, в том числе: | C33: нд | D33: нд | E33: 0 | F33: нд | G33: нд | H33: нд | I33: нд | J33: нд | K33: нд | L33: нд | M33: нд | N33: нд | O33: нд | P33: нд | Q33: нд | R33: нд | S33: нд | T33: нд | U33: нд | V33: нд | W33: нд | X33: нд | Y33: нд | Z33: нд | AA33: нд | AB33: нд | AC33: нд | AD33: нд | AE33: нд | AF33: нд | AG33: нд | AH33: нд | AI33: нд | AJ33: нд | AK33: нд | AL33: нд | AM33: нд | AN33: нд | AO33: нд | AP33: 0 | AQ33: нд | AR33: нд | AS33: нд | AT33: нд | AU33: нд | AV33: нд | AW33: нд | AX33: нд | AY33: нд | AZ33: нд | BA33: нд | BB33: нд | BC33: нд | BD33: 0 | BE33: нд | BF33: нд | BG33: нд | BH33: нд | BI33: нд | BJ33: нд | BK33: нд | BL33: нд | BM33: нд | BN33: нд | BO33: нд | BP33: нд | BQ33: нд | BR33: 0 | BS33: нд | BT33: нд | BU33: нд | BV33: нд | BW33: нд | BX33: нд
A34: 1.1.2 | B34: Технологическое присоединение объектов электросетевого хозяйства, всего, в том числе: | C34: нд | D34: нд | E34: 0 | F34: нд | G34: нд | H34: нд | I34: нд | J34: нд | K34: нд | L34: нд | M34: нд | N34: нд | O34: нд | P34: нд | Q34: нд | R34: нд | S34: нд | T34: нд | U34: нд | V34: нд | W34: нд | X34: нд | Y34: нд | Z34: нд | AA34: нд | AB34: нд | AC34: нд | AD34: нд | AE34: нд | AF34: нд | AG34: нд | AH34: нд | AI34: нд | AJ34: нд | AK34: нд | AL34: нд | AM34: нд | AN34: нд | AO34: нд | AP34: 0 | AQ34: нд | AR34: нд | AS34: нд | AT34: нд | AU34: нд | AV34: нд | AW34: нд | AX34: нд | AY34: нд | AZ34: нд | BA34: нд | BB34: нд | BC34: нд | BD34: 0 | BE34: нд | BF34: нд | BG34: нд | BH34: нд | BI34: нд | BJ34: нд | BK34: нд | BL34: нд | BM34: нд | BN34: нд | BO34: нд | BP34: нд | BQ34: нд | BR34: 0 | BS34: нд | BT34: нд | BU34: нд | BV34: нд | BW34: нд | BX34: нд
A35: 1.1.2.1 | B35: Технологическое присоединение объектов электросетевого хозяйства, принадлежащих иным сетевым организациям и иным лицам, всего, в том числе: | C35: нд | D35: нд | E35: 0 | F35: нд | G35: нд | H35: нд | I35: нд | J35: нд | K35: нд | L35: нд | M35: нд | N35: нд | O35: нд | P35: нд | Q35: нд | R35: нд | S35: нд | T35: нд | U35: нд | V35: нд | W35: нд | X35: нд | Y35: нд | Z35: нд | AA35: нд | AB35: нд | AC35: нд | AD35: нд | AE35: нд | AF35: нд | AG35: нд | AH35: нд | AI35: нд | AJ35: нд | AK35: нд | AL35: нд | AM35: нд | AN35: нд | AO35: нд | AP35: 0 | AQ35: нд | AR35: нд | AS35: нд | AT35: нд | AU35: нд | AV35: нд | AW35: нд | AX35: нд | AY35: нд | AZ35: нд | BA35: нд | BB35: нд | BC35: нд | BD35: 0 | BE35: нд | BF35: нд | BG35: нд | BH35: нд | BI35: нд | BJ35: нд | BK35: нд | BL35: нд | BM35: нд | BN35: нд | BO35: нд | BP35: нд | BQ35: нд | BR35: 0 | BS35: нд | BT35: нд | BU35: нд | BV35: нд | BW35: нд | BX35: нд
A36: 1.1.2.2 | B36: Технологическое присоединение к электрическим сетям иных сетевых организаций, всего, в том числе: | C36: нд | D36: нд | E36: 0 | F36: нд | G36: нд | H36: нд | I36: нд | J36: нд | K36: нд | L36: нд | M36: нд | N36: нд | O36: нд | P36: нд | Q36: нд | R36: нд | S36: нд | T36: нд | U36: нд | V36: нд | W36: нд | X36: нд | Y36: нд | Z36: нд | AA36: нд | AB36: нд | AC36: нд | AD36: нд | AE36: нд | AF36: нд | AG36: нд | AH36: нд | AI36: нд | AJ36: нд | AK36: нд | AL36: нд | AM36: нд | AN36: нд | AO36: нд | AP36: 0 | AQ36: нд | AR36: нд | AS36: нд | AT36: нд | AU36: нд | AV36: нд | AW36: нд | AX36: нд | AY36: нд | AZ36: нд | BA36: нд | BB36: нд | BC36: нд | BD36: 0 | BE36: нд | BF36: нд | BG36: нд | BH36: нд | BI36: нд | BJ36: нд | BK36: нд | BL36: нд | BM36: нд | BN36: нд | BO36: нд | BP36: нд | BQ36: нд | BR36: 0 | BS36: нд | BT36: нд | BU36: нд | BV36: нд | BW36: нд | BX36: нд
A37: 1.1.3 | B37: Технологическое присоединение объектов по производству электрической энергии всего, в том числе: | C37: нд | D37: нд | E37: 0 | F37: нд | G37: нд | H37: нд | I37: нд | J37: нд | K37: нд | L37: нд | M37: нд | N37: нд | O37: нд | P37: нд | Q37: нд | R37: нд | S37: нд | T37: нд | U37: нд | V37: нд | W37: нд | X37: нд | Y37: нд | Z37: нд | AA37: нд | AB37: нд | AC37: нд | AD37: нд | AE37: нд | AF37: нд | AG37: нд | AH37: нд | AI37: нд | AJ37: нд | AK37: нд | AL37: нд | AM37: нд | AN37: нд | AO37: нд | AP37: 0 | AQ37: нд | AR37: нд | AS37: нд | AT37: нд | AU37: нд | AV37: нд | AW37: нд | AX37: нд | AY37: нд | AZ37: нд | BA37: нд | BB37: нд | BC37: нд | BD37: 0 | BE37: нд | BF37: нд | BG37: нд | BH37: нд | BI37: нд | BJ37: нд | BK37: нд | BL37: нд | BM37: нд | BN37: нд | BO37: нд | BP37: нд | BQ37: нд | BR37: 0 | BS37: нд | BT37: нд | BU37: нд | BV37: нд | BW37: нд | BX37: нд
A38: 1.1.3.1 | B38: Наименование объекта по производству электрической энергии, всего, в том числе: | C38: нд | D38: нд | E38: 0 | F38: нд | G38: нд | H38: нд | I38: нд | J38: нд | K38: нд | L38: нд | M38: нд | N38: нд | O38: нд | P38: нд | Q38: нд | R38: нд | S38: нд | T38: нд | U38: нд | V38: нд | W38: нд | X38: нд | Y38: нд | Z38: нд | AA38: нд | AB38: нд | AC38: нд | AD38: нд | AE38: нд | AF38: нд | AG38: нд | AH38: нд | AI38: нд | AJ38: нд | AK38: нд | AL38: нд | AM38: нд | AN38: нд | AO38: нд | AP38: 0 | AQ38: нд | AR38: нд | AS38: нд | AT38: нд | AU38: нд | AV38: нд | AW38: нд | AX38: нд | AY38: нд | AZ38: нд | BA38: нд | BB38: нд | BC38: нд | BD38: 0 | BE38: нд | BF38: нд | BG38: нд | BH38: нд | BI38: нд | BJ38: нд | BK38: нд | BL38: нд | BM38: нд | BN38: нд | BO38: нд | BP38: нд | BQ38: нд | BR38: 0 | BS38: нд | BT38: нд | BU38: нд | BV38: нд | BW38: нд | BX38: нд
A39: 1.1.3.1 | B39: Строительство новых объектов электросетевого хозяйства (за исключением усиления существующей электрической сети) в целях осуществления технологического присоединения объекта по производству электрической энергии, всего, в том числе: | C39: нд | D39: нд | E39: 0 | F39: нд | G39: нд | H39: нд | I39: нд | J39: нд | K39: нд | L39: нд | M39: нд | N39: нд | O39: нд | P39: нд | Q39: нд | R39: нд | S39: нд | T39: нд | U39: нд | V39: нд | W39: нд | X39: нд | Y39: нд | Z39: нд | AA39: нд | AB39: нд | AC39: нд | AD39: нд | AE39: нд | AF39: нд | AG39: нд | AH39: нд | AI39: нд | AJ39: нд | AK39: нд | AL39: нд | AM39: нд | AN39: нд | AO39: нд | AP39: 0 | AQ39: нд | AR39: нд | AS39: нд | AT39: нд | AU39: нд | AV39: нд | AW39: нд | AX39: нд | AY39: нд | AZ39: нд | BA39: нд | BB39: нд | BC39: нд | BD39: 0 | BE39: нд | BF39: нд | BG39: нд | BH39: нд | BI39: нд | BJ39: нд | BK39: нд | BL39: нд | BM39: нд | BN39: нд | BO39: нд | BP39: нд | BQ39: нд | BR39: 0 | BS39: нд | BT39: нд | BU39: нд | BV39: нд | BW39: нд | BX39: нд
... A49: 1.2.2 | B49: Техническое перевооружение и реконструкция | C49: нд | D49: нд | E49: 304.74798 | F49: нд | G49: нд | H49: нд | I49: нд | J49: нд | K49: нд | L49: нд | M49: нд | N49: нд | O49: нд | P49: нд | Q49: нд | R49: нд | S49: нд | T49: нд | U49: нд | V49: нд | W49: нд | X49: нд | Y49: нд | Z49: нд | AA49: нд | AB49: нд | AC49: нд | AD49: нд | AE49: нд | AF49: нд | AG49: нд | AH49: нд | AI49: нд | AJ49: нд | AK49: нд | AL49: нд | AM49: нд | AN49: нд | AO49: нд | AP49: 124.76832 | AQ49: нд | AR49: нд | AS49: нд | AT49: нд | AU49: нд | AV49: нд | AW49: нд | AX49: нд | AY49: нд | AZ49: нд | BA49: нд | BB49: нд | BC49: нд | BD49: 179.98455 | BE49: нд | BF49: нд | BG49: нд | BH49: нд | BI49: нд | BJ49: нд | BK49: нд | BL49: нд | BM49: нд | BN49: нд | BO49: нд | BP49: нд | BQ49: нд | BR49: 304.74798 | BS49: нд | BT49: нд | BU49: нд | BV49: нд | BW49: нд | BX49: нд
B50: Кабельные линии 0,4 кВ. | C50: нд | D50: нд | E50: 3.5208259 | F50: нд | G50: нд | H50: нд | I50: нд | J50: нд | K50: нд | L50: нд | M50: нд | N50: нд | O50: нд | P50: нд | Q50: нд | R50: нд | S50: нд | T50: нд | U50: нд | V50: нд | W50: нд | X50: нд | Y50: нд | Z50: нд | AA50: нд | AB50: нд | AC50: нд | AD50: нд | AE50: нд | AF50: нд | AG50: нд | AH50: нд | AI50: нд | AJ50: нд | AK50: нд | AL50: нд | AM50: нд | AN50: нд | AO50: нд | AP50: 1.7003837 | AQ50: нд | AR50: нд | AS50: нд | AT50: нд | AU50: нд | AV50: нд | AW50: нд | AX50: нд | AY50: нд | AZ50: нд | BA50: нд | BB50: нд | BC50: нд | BD50: 1.8204422 | BE50: нд | BF50: нд | BG50: нд | BH50: нд | BI50: нд | BJ50: нд | BK50: нд | BL50: нд | BM50: нд | BN50: нд | BO50: нд | BP50: нд | BQ50: нд | BR50: 3.5208259 | BS50: нд | BT50: нд | BU50: нд | BV50: нд | BW50: нд | BX50: нд
A51: 1.2.2.1 | B51: КЛ 0,4 кВ "ТП103-ВРУ ж/дома, Набережная VIАрмии, д.207а", г.Вологда | C51: =[1]Лист2!$E$3 -> I_KL04_1.2.2.1 | D51: нд | E51: 0.56294085 | F51: нд | G51: нд | H51: нд | I51: нд | J51: нд | K51: нд | L51: нд | M51: нд | N51: нд | O51: нд | P51: нд | Q51: нд | R51: нд | S51: нд | T51: нд | U51: нд | V51: нд | W51: нд | X51: нд | Y51: нд | Z51: нд | AA51: нд | AB51: нд | AC51: нд | AD51: нд | AE51: нд | AF51: нд | AG51: нд | AH51: нд | AI51: нд | AJ51: нд | AK51: нд | AL51: нд | AM51: нд | AN51: нд | AO51: нд | AP51: 0.56294085 | AQ51: нд | AR51: нд | AS51: 0.25 | AT51: нд | AU51: нд | AV51: нд | AW51: нд | AX51: нд | AY51: нд | AZ51: нд | BA51: нд | BB51: нд | BC51: нд | BD51: 0 | BE51: нд | BF51: нд | BG51: нд | BH51: нд | BI51: нд | BJ51: нд | BK51: нд | BL51: нд | BM51: нд | BN51: нд | BO51: нд | BP51: нд | BQ51: нд | BR51: 0.56294085 | BS51: нд | BT51: нд | BU51: 0.25 | BV51: нд | BW51: нд | BX51: нд
A52: 1.2.2.2 | B52: КЛ 0,4 кВ "ТП103-ВРУ ж/дома, ул.Машиностроительная, д.4", г.Вологда | C52: I_KL04_1.2.2.2 | D52: нд | E52: 0.62875068 | F52: нд | G52: нд | H52: нд | I52: нд | J52: нд | K52: нд | L52: нд | M52: нд | N52: нд | O52: нд | P52: нд | Q52: нд | R52: нд | S52: нд | T52: нд | U52: нд | V52: нд | W52: нд | X52: нд | Y52: нд | Z52: нд | AA52: нд | AB52: нд | AC52: нд | AD52: нд | AE52: нд | AF52: нд | AG52: нд | AH52: нд | AI52: нд | AJ52: нд | AK52: нд | AL52: нд | AM52: нд | AN52: нд | AO52: нд | AP52: 0.62875068 | AQ52: нд | AR52: нд | AS52: 0.28 | AT52: нд | AU52: нд | AV52: нд | AW52: нд | AX52: нд | AY52: нд | AZ52: нд | BA52: нд | BB52: нд | BC52: нд | BD52: 0 | BE52: нд | BF52: нд | BG52: нд | BH52: нд | BI52: нд | BJ52: нд | BK52: нд | BL52: нд | BM52: нд | BN52: нд | BO52: нд | BP52: нд | BQ52: нд | BR52: 0.62875068 | BS52: нд | BT52: нд | BU52: 0.28 | BV52: нд | BW52: нд | BX52: нд
A53: 1.2.2.3 | B53: КЛ 0,4 кВ "ТП 48-ВРУ 60 кв.ж/дома, ул.Советская,55", г.Сокол | C53: I_KL04_1.2.2.3 | D53: нд | E53: 0.23478102 | F53: нд | G53: нд | H53: нд | I53: нд | J53: нд | K53: нд | L53: нд | M53: нд | N53: нд | O53: нд | P53: нд | Q53: нд | R53: нд | S53: нд | T53: нд | U53: нд | V53: нд | W53: нд | X53: нд | Y53: нд | Z53: нд | AA53: нд | AB53: нд | AC53: нд | AD53: нд | AE53: нд | AF53: нд | AG53: нд | AH53: нд | AI53: нд | AJ53: нд | AK53: нд | AL53: нд | AM53: нд | AN53: нд | AO53: нд | AP53: 0.23478102 | AQ53: нд | AR53: нд | AS53: 0.12 | AT53: нд | AU53: нд | AV53: нд | AW53: нд | AX53: нд | AY53: нд | AZ53: нд | BA53: нд | BB53: нд | BC53: нд | BD53: 0 | BE53: нд | BF53: нд | BG53: нд | BH53: нд | BI53: нд | BJ53: нд | BK53: нд | BL53: нд | BM53: нд | BN53: нд | BO53: нд | BP53: нд | BQ53: нд | BR53: 0.23478102 | BS53: нд | BT53: нд | BU53: 0.12 | BV53: нд | BW53: нд | BX53: нд
A54: 1.2.2.4 | B54: КЛ 0,4 кВ "ТП 48 - ВРУ 70 кв.жилого дома, ул.Кирова,38", г.Сокол | C54: I_KL04_1.2.2.4 | D54: нд | E54: 0.27391119 | F54: нд | G54: нд | H54: нд | I54: нд | J54: нд | K54: нд | L54: нд | M54: нд | N54: нд | O54: нд | P54: нд | Q54: нд | R54: нд | S54: нд | T54: нд | U54: нд | V54: нд | W54: нд | X54: нд | Y54: нд | Z54: нд | AA54: нд | AB54: нд | AC54: нд | AD54: нд | AE54: нд | AF54: нд | AG54: нд | AH54: нд | AI54: нд | AJ54: нд | AK54: нд | AL54: нд | AM54: нд | AN54: нд | AO54: нд | AP54: 0.27391119 | AQ54: нд | AR54: нд | AS54: 0.14 | AT54: нд | AU54: нд | AV54: нд | AW54: нд | AX54: нд | AY54: нд | AZ54: нд | BA54: нд | BB54: нд | BC54: нд | BD54: 0 | BE54: нд | BF54: нд | BG54: нд | BH54: нд | BI54: нд | BJ54: нд | BK54: нд | BL54: нд | BM54: нд | BN54: нд | BO54: нд | BP54: нд | BQ54: нд | BR54: 0.27391119 | BS54: нд | BT54: нд | BU54: 0.14 | BV54: нд | BW54: нд | BX54: нд
A55: 1.2.2.5 | B55: КЛ 0,4 кВ направлением "ТП5 - здание хирургии, ул.Колхозная", с.Устье | C55: ='а) Идентификатор ИП'!E7 -> J_KL04_1.2.2.5 | D55: нд | E55: 0.018675763 | F55: нд | G55: нд | H55: нд | I55: нд | J55: нд | K55: нд | L55: нд | M55: нд | N55: нд | O55: нд | P55: нд | Q55: нд | R55: нд | S55: нд | T55: нд | U55: нд | V55: нд | W55: нд | X55: нд | Y55: нд | Z55: нд | AA55: нд | AB55: нд | AC55: нд | AD55: нд | AE55: нд | AF55: нд | AG55: нд | AH55: нд | AI55: нд | AJ55: нд | AK55: нд | AL55: нд | AM55: нд | AN55: нд | AO55: нд | AP55: 0 | AQ55: нд | AR55: нд | AS55: нд | AT55: нд | AU55: нд | AV55: нд | AW55: нд | AX55: нд | AY55: нд | AZ55: нд | BA55: нд | BB55: нд | BC55: нд | BD55: 0.018675763 | BE55: нд | BF55: нд | BG55: 0.02 | BH55: нд | BI55: нд | BJ55: нд | BK55: нд | BL55: нд | BM55: нд | BN55: нд | BO55: нд | BP55: нд | BQ55: нд | BR55: 0.018675763 | BS55: нд | BT55: нд | BU55: 0.02 | BV55: нд | BW55: нд | BX55: нд
A56: 1.2.2.6 | B56: КЛ 0,4 кВ направлением "ТП5 - ВРУ поликлиника, ул.Советская", с.Устье | C56: ='а) Идентификатор ИП'!E8 -> J_KL04_1.2.2.6 | D56: нд | E56: 0.26590729 | F56: нд | G56: нд | H56: нд | I56: нд | J56: нд | K56: нд | L56: нд | M56: нд | N56: нд | O56: нд | P56: нд | Q56: нд | R56: нд | S56: нд | T56: нд | U56: нд | V56: нд | W56: нд | X56: нд | Y56: нд | Z56: нд | AA56: нд | AB56: нд | AC56: нд | AD56: нд | AE56: нд | AF56: нд | AG56: нд | AH56: нд | AI56: нд | AJ56: нд | AK56: нд | AL56: нд | AM56: нд | AN56: нд | AO56: нд | AP56: 0 | AQ56: нд | AR56: нд | AS56: нд | AT56: нд | AU56: нд | AV56: нд | AW56: нд | AX56: нд | AY56: нд | AZ56: нд | BA56: нд | BB56: нд | BC56: нд | BD56: 0.26590729 | BE56: нд | BF56: нд | BG56: 0.25 | BH56: нд | BI56: нд | BJ56: нд | BK56: нд | BL56: нд | BM56: нд | BN56: нд | BO56: нд | BP56: нд | BQ56: нд | BR56: 0.26590729 | BS56: нд | BT56: нд | BU56: 0.25 | BV56: нд | BW56: нд | BX56: нд
A57: 1.2.2.7 | B57: КЛ 0,4 кВ направлением "ТП5 - ВРУ здания, ул.Лебедевой", с.Устье | C57: ='а) Идентификатор ИП'!E9 -> J_KL04_1.2.2.7 | D57: нд | E57: 0.037351525 | F57: нд | G57: нд | H57: нд | I57: нд | J57: нд | K57: нд | L57: нд | M57: нд | N57: нд | O57: нд | P57: нд | Q57: нд | R57: нд | S57: нд | T57: нд | U57: нд | V57: нд | W57: нд | X57: нд | Y57: нд | Z57: нд | AA57: нд | AB57: нд | AC57: нд | AD57: нд | AE57: нд | AF57: нд | AG57: нд | AH57: нд | AI57: нд | AJ57: нд | AK57: нд | AL57: нд | AM57: нд | AN57: нд | AO57: нд | AP57: 0 | AQ57: нд | AR57: нд | AS57: нд | AT57: нд | AU57: нд | AV57: нд | AW57: нд | AX57: нд | AY57: нд | AZ57: нд | BA57: нд | BB57: нд | BC57: нд | BD57: 0.037351525 | BE57: нд | BF57: нд | BG57: 0.04 | BH57: нд | BI57: нд | BJ57: нд | BK57: нд | BL57: нд | BM57: нд | BN57: нд | BO57: нд | BP57: нд | BQ57: нд | BR57: 0.037351525 | BS57: нд | BT57: нд | BU57: 0.04 | BV57: нд | BW57: нд | BX57: нд
A58: 1.2.2.8 | B58: КЛ 0,4 кВ направлением "ТП5 - ВРУ терап.отделение, ул.Колхозная" с.Устье | C58: ='а) Идентификатор ИП'!E10 -> J_KL04_1.2.2.8 | D58: нд | E58: 0.1209478 | F58: нд | G58: нд | H58: нд | I58: нд | J58: нд | K58: нд | L58: нд | M58: нд | N58: нд | O58: нд | P58: нд | Q58: нд | R58: нд | S58: нд | T58: нд | U58: нд | V58: нд | W58: нд | X58: нд | Y58: нд | Z58: нд | AA58: нд | AB58: нд | AC58: нд | AD58: нд | AE58: нд | AF58: нд | AG58: нд | AH58: нд | AI58: нд | AJ58: нд | AK58: нд | AL58: нд | AM58: нд | AN58: нд | AO58: нд | AP58: 0 | AQ58: нд | AR58: нд | AS58: нд | AT58: нд | AU58: нд | AV58: нд | AW58: нд | AX58: нд | AY58: нд | AZ58: нд | BA58: нд | BB58: нд | BC58: нд | BD58: 0.1209478 | BE58: нд | BF58: нд | BG58: 0.12 | BH58: нд | BI58: нд | BJ58: нд | BK58: нд | BL58: нд | BM58: нд | BN58: нд | BO58: нд | BP58: нд | BQ58: нд | BR58: 0.1209478 | BS58: нд | BT58: нд | BU58: 0.12 | BV58: нд | BW58: нд | BX58: нд
A59: 1.2.2.9 | B59: КЛ 0,4 кВ направлением "ТП193 - ВРУ жилого дома, Гагарина, 51, 53, 55" г.Вологда | C59: ='а) Идентификатор ИП'!E11 -> J_KL04_1.2.2.9 | D59: нд | E59: 0.3592861 | F59: нд | G59: нд | H59: нд | I59: нд | J59: нд | K59: нд | L59: нд | M59: нд | N59: нд | O59: нд | P59: нд | Q59: нд | R59: нд | S59: нд | T59: нд | U59: нд | V59: нд | W59: нд | X59: нд | Y59: нд | Z59: нд | AA59: нд | AB59: нд | AC59: нд | AD59: нд | AE59: нд | AF59: нд | AG59: нд | AH59: нд | AI59: нд | AJ59: нд | AK59: нд | AL59: нд | AM59: нд | AN59: нд | AO59: нд | AP59: 0 | AQ59: нд | AR59: нд | AS59: нд | AT59: нд | AU59: нд | AV59: нд | AW59: нд | AX59: нд | AY59: нд | AZ59: нд | BA59: нд | BB59: нд | BC59: нд | BD59: 0.3592861 | BE59: нд | BF59: нд | BG59: 0.326 | BH59: нд | BI59: нд | BJ59: нд | BK59: нд | BL59: нд | BM59: нд | BN59: нд | BO59: нд | BP59: нд | BQ59: нд | BR59: 0.3592861 | BS59: нд | BT59: нд | BU59: 0.326 | BV59: нд | BW59: нд | BX59: нд
A60: 1.2.2.10 | B60: КЛ 0,4 кВ направлением "ТП23, ф.7,8 - ВРУ жилого дома, Воровского,58а; ул.Благовещенская, 65-65а" г.Вологда | C60: ='а) Идентификатор ИП'!E12 -> J_KL04_1.2.2.10 | D60: нд | E60: 1.0182737 | F60: нд | G60: нд | H60: нд | I60: нд | J60: нд | K60: нд | L60: нд | M60: нд | N60: нд | O60: нд | P60: нд | Q60: нд | R60: нд | S60: нд | T60: нд | U60: нд | V60: нд | W60: нд | X60: нд | Y60: нд | Z60: нд | AA60: нд | AB60: нд | AC60: нд | AD60: нд | AE60: нд | AF60: нд | AG60: нд | AH60: нд | AI60: нд | AJ60: нд | AK60: нд | AL60: нд | AM60: нд | AN60: нд | AO60: нд | AP60: 0 | AQ60: нд | AR60: нд | AS60: нд | AT60: нд | AU60: нд | AV60: нд | AW60: нд | AX60: нд | AY60: нд | AZ60: нд | BA60: нд | BB60: нд | BC60: нд | BD60: 1.0182737 | BE60: нд | BF60: нд | BG60: 0.52 | BH60: нд | BI60: нд | BJ60: нд | BK60: нд | BL60: нд | BM60: нд | BN60: нд | BO60: нд | BP60: нд | BQ60: нд | BR60: 1.0182737 | BS60: нд | BT60: нд | BU60: 0.52 | BV60: нд | BW60: нд | BX60: нд
B61: Кабельные линии 6-10 кВ. | E61: 11.060498 | F61: нд | G61: нд | H61: нд | I61: нд | J61: нд | K61: нд | L61: нд | M61: нд | N61: нд | O61: нд | P61: нд | Q61: нд | R61: нд | S61: нд | T61: нд | U61: нд | V61: нд | W61: нд | X61: нд | Y61: нд | Z61: нд | AA61: нд | AB61: нд | AC61: нд | AD61: нд | AE61: нд | AF61: нд | AG61: нд | AH61: нд | AI61: нд | AJ61: нд | AK61: нд | AL61: нд | AM61: нд | AN61: нд | AO61: нд | AP61: 6.6743619 | AQ61: нд | AR61: нд | AS61: нд | AT61: нд | AU61: нд | AV61: нд | AW61: нд | AX61: нд | AY61: нд | AZ61: нд | BA61: нд | BB61: нд | BC61: нд | BD61: 4.3861363 | BE61: нд | BF61: нд | BG61: нд | BH61: нд | BI61: нд | BJ61: нд | BK61: нд | BL61: нд | BM61: нд | BN61: нд | BO61: нд | BP61: нд | BQ61: нд | BR61: 11.060498 | BS61: нд | BT61: нд | BU61: нд | BV61: нд | BW61: нд | BX61: нд
A62: 1.2.2.10 | B62: КЛ-10 кВ "ТП27 - Л5, Л6", г.Белозерск | C62: ='а) Идентификатор ИП'!E14 -> I_KL10_1.2.2.11 | D62: нд | E62: 1.9476153 | F62: нд | G62: нд | H62: нд | I62: нд | J62: нд | K62: нд | L62: нд | M62: нд | N62: нд | O62: нд | P62: нд | Q62: нд | R62: нд | S62: нд | T62: нд | U62: нд | V62: нд | W62: нд | X62: нд | Y62: нд | Z62: нд | AA62: нд | AB62: нд | AC62: нд | AD62: нд | AE62: нд | AF62: нд | AG62: нд | AH62: нд | AI62: нд | AJ62: нд | AK62: нд | AL62: нд | AM62: нд | AN62: нд | AO62: нд | AP62: 1.9476153 | AQ62: нд | AR62: нд | AS62: 0.36 | AT62: нд | AU62: нд | AV62: нд | AW62: нд | AX62: нд | AY62: нд | AZ62: нд | BA62: нд | BB62: нд | BC62: нд | BD62: 0 | BE62: нд | BF62: нд | BG62: нд | BH62: нд | BI62: нд | BJ62: нд | BK62: нд | BL62: нд | BM62: нд | BN62: нд | BO62: нд | BP62: нд | BQ62: нд | BR62: 1.9476153 | BS62: нд | BT62: нд | BU62: 0.36 | BV62: нд | BW62: нд | BX62: нд
A63: 1.2.2.11 | B63: КЛ-6 кВ "ЗРУ - ТП-164" г.Вологда | C63: ='а) Идентификатор ИП'!E15 -> I_KL10_1.2.2.12 | D63: нд | E63: 3.1055125 | F63: нд | G63: нд | H63: нд | I63: нд | J63: нд | K63: нд | L63: нд | M63: нд | N63: нд | O63: нд | P63: нд | Q63: нд | R63: нд | S63: нд | T63: нд | U63: нд | V63: нд | W63: нд | X63: нд | Y63: нд | Z63: нд | AA63: нд | AB63: нд | AC63: нд | AD63: нд | AE63: нд | AF63: нд | AG63: нд | AH63: нд | AI63: нд | AJ63: нд | AK63: нд | AL63: нд | AM63: нд | AN63: нд | AO63: нд | AP63: 3.1055125 | AQ63: нд | AR63: нд | AS63: 0.9 | AT63: нд | AU63: нд | AV63: нд | AW63: нд | AX63: нд | AY63: нд | AZ63: нд | BA63: нд | BB63: нд | BC63: нд | BD63: 0 | BE63: нд | BF63: нд | BG63: нд | BH63: нд | BI63: нд | BJ63: нд | BK63: нд | BL63: нд | BM63: нд | BN63: нд | BO63: нд | BP63: нд | BQ63: нд | BR63: 3.1055125 | BS63: нд | BT63: нд | BU63: 0.9 | BV63: нд | BW63: нд | BX63: нд
A64: 1.2.2.12 | B64: КЛ 6 кВ "ТП-32 - ТП-132", г.Вологда | C64: ='а) Идентификатор ИП'!E16 -> I_KL10_1.2.2.13 | D64: нд | E64: 1.6212341 | F64: нд | G64: нд | H64: нд | I64: нд | J64: нд | K64: нд | L64: нд | M64: нд | N64: нд | O64: нд | P64: нд | Q64: нд | R64: нд | S64: нд | T64: нд | U64: нд | V64: нд | W64: нд | X64: нд | Y64: нд | Z64: нд | AA64: нд | AB64: нд | AC64: нд | AD64: нд | AE64: нд | AF64: нд | AG64: нд | AH64: нд | AI64: нд | AJ64: нд | AK64: нд | AL64: нд | AM64: нд | AN64: нд | AO64: нд | AP64: 1.6212341 | AQ64: нд | AR64: нд | AS64: 0.45 | AT64: нд | AU64: нд | AV64: нд | AW64: нд | AX64: нд | AY64: нд | AZ64: нд | BA64: нд | BB64: нд | BC64: нд | BD64: 0 | BE64: нд | BF64: нд | BG64: нд | BH64: нд | BI64: нд | BJ64: нд | BK64: нд | BL64: нд | BM64: нд | BN64: нд | BO64: нд | BP64: нд | BQ64: нд | BR64: 1.6212341 | BS64: нд | BT64: нд | BU64: 0.45 | BV64: нд | BW64: нд | BX64: нд
A65: 1.2.2.13 | B65: КЛ 10 кВ направлением "ПС Белозерск - ТП31", г.Белозерск | C65: ='а) Идентификатор ИП'!E17 -> J_KL10_1.2.2.14 | D65: нд | E65: 1.3428763 | F65: нд | G65: нд | H65: нд | I65: нд | J65: нд | K65: нд | L65: нд | M65: нд | N65: нд | O65: нд | P65: нд | Q65: нд | R65: нд | S65: нд | T65: нд | U65: нд | V65: нд | W65: нд | X65: нд | Y65: нд | Z65: нд | AA65: нд | AB65: нд | AC65: нд | AD65: нд | AE65: нд | AF65: нд | AG65: нд | AH65: нд | AI65: нд | AJ65: нд | AK65: нд | AL65: нд | AM65: нд | AN65: нд | AO65: нд | AP65: 0 | AQ65: нд | AR65: нд | AS65: нд | AT65: нд | AU65: нд | AV65: нд | AW65: нд | AX65: нд | AY65: нд | AZ65: нд | BA65: нд | BB65: нд | BC65: нд | BD65: 1.3428763 | BE65: нд | BF65: нд | BG65: 0.95 | BH65: нд | BI65: нд | BJ65: нд | BK65: нд | BL65: нд | BM65: нд | BN65: нд | BO65: нд | BP65: нд | BQ65: нд | BR65: 1.3428763 | BS65: нд | BT65: нд | BU65: 0.95 | BV65: нд | BW65: нд | BX65: нд
A66: 1.2.2.14 | B66: КЛ 10 кВ направлением "ТП7 - Л3", г.Белозерск | C66: ='а) Идентификатор ИП'!E18 -> J_KL10_1.2.2.15 | D66: нд | E66: 0.3068161 | F66: нд | G66: нд | H66: нд | I66: нд | J66: нд | K66: нд | L66: нд | M66: нд | N66: нд | O66: нд | P66: нд | Q66: нд | R66: нд | S66: нд | T66: нд | U66: нд | V66: нд | W66: нд | X66: нд | Y66: нд | Z66: нд | AA66: нд | AB66: нд | AC66: нд | AD66: нд | AE66: нд | AF66: нд | AG66: нд | AH66: нд | AI66: нд | AJ66: нд | AK66: нд | AL66: нд | AM66: нд | AN66: нд | AO66: нд | AP66: 0 | AQ66: нд | AR66: нд | AS66: нд | AT66: нд | AU66: нд | AV66: нд | AW66: нд | AX66: нд | AY66: нд | AZ66: нд | BA66: нд | BB66: нд | BC66: нд | BD66: 0.3068161 | BE66: нд | BF66: нд | BG66: 0.11 | BH66: нд | BI66: нд | BJ66: нд | BK66: нд | BL66: нд | BM66: нд | BN66: нд | BO66: нд | BP66: нд | BQ66: нд | BR66: 0.3068161 | BS66: нд | BT66: нд | BU66: 0.11 | BV66: нд | BW66: нд | BX66: нд
A67: 1.2.2.15 | B67: КЛ 10 кВ направлением "ТП-488 - ТП-128", г.Вологда | C67: ='а) Идентификатор ИП'!E19 -> J_KL10_1.2.2.16 | D67: нд | E67: 1.3242005 | F67: нд | G67: нд | H67: нд | I67: нд | J67: нд | K67: нд | L67: нд | M67: нд | N67: нд | O67: нд | P67: нд | Q67: нд | R67: нд | S67: нд | T67: нд | U67: нд | V67: нд | W67: нд | X67: нд | Y67: нд | Z67: нд | AA67: нд | AB67: нд | AC67: нд | AD67: нд | AE67: нд | AF67: нд | AG67: нд | AH67: нд | AI67: нд | AJ67: нд | AK67: нд | AL67: нд | AM67: нд | AN67: нд | AO67: нд | AP67: 0 | AQ67: нд | AR67: нд | AS67: нд | AT67: нд | AU67: нд | AV67: нд | AW67: нд | AX67: нд | AY67: нд | AZ67: нд | BA67: нд | BB67: нд | BC67: нд | BD67: 1.3242005 | BE67: нд | BF67: нд | BG67: 0.14 | BH67: нд | BI67: нд | BJ67: нд | BK67: нд | BL67: нд | BM67: нд | BN67: нд | BO67: нд | BP67: нд | BQ67: нд | BR67: 1.3242005 | BS67: нд | BT67: нд | BU67: 0.14 | BV67: нд | BW67: нд | BX67: нд
A68: 1.2.2.16 | B68: КЛ 10 кВ направлением "РП13, ф.8 - ТП-40", г.Вологда | C68: ='а) Идентификатор ИП'!E20 -> J_KL10_1.2.2.17 | D68: нд | E68: 1.4122434 | F68: нд | G68: нд | H68: нд | I68: нд | J68: нд | K68: нд | L68: нд | M68: нд | N68: нд | O68: нд | P68: нд | Q68: нд | R68: нд | S68: нд | T68: нд | U68: нд | V68: нд | W68: нд | X68: нд | Y68: нд | Z68: нд | AA68: нд | AB68: нд | AC68: нд | AD68: нд | AE68: нд | AF68: нд | AG68: нд | AH68: нд | AI68: нд | AJ68: нд | AK68: нд | AL68: нд | AM68: нд | AN68: нд | AO68: нд | AP68: 0 | AQ68: нд | AR68: нд | AS68: нд | AT68: нд | AU68: нд | AV68: нд | AW68: нд | AX68: нд | AY68: нд | AZ68: нд | BA68: нд | BB68: нд | BC68: нд | BD68: 1.4122434 | BE68: нд | BF68: нд | BG68: 0.12 | BH68: нд | BI68: нд | BJ68: нд | BK68: нд | BL68: нд | BM68: нд | BN68: нд | BO68: нд | BP68: нд | BQ68: нд | BR68: 1.4122434 | BS68: нд | BT68: нд | BU68: 0.12 | BV68: нд | BW68: нд | BX68: нд
B69: Воздушные линии 0,4 кВ. | E69: 20.682963 | F69: нд | G69: нд | H69: нд | I69: нд | J69: нд | K69: нд | L69: нд | M69: нд | N69: нд | O69: нд | P69: нд | Q69: нд | R69: нд | S69: нд | T69: нд | U69: нд | V69: нд | W69: нд | X69: нд | Y69: нд | Z69: нд | AA69: нд | AB69: нд | AC69: нд | AD69: нд | AE69: нд | AF69: нд | AG69: нд | AH69: нд | AI69: нд | AJ69: нд | AK69: нд | AL69: нд | AM69: нд | AN69: нд | AO69: нд | AP69: 16.126076 | AQ69: нд | AR69: нд | AS69: нд | AT69: нд | AU69: нд | AV69: нд | AW69: нд | AX69: нд | AY69: нд | AZ69: нд | BA69: нд | BB69: нд | BC69: нд | BD69: 4.5568861 | BE69: нд | BF69: нд | BG69: нд | BH69: нд | BI69: нд | BJ69: нд | BK69: нд | BL69: нд | BM69: нд | BN69: нд | BO69: нд | BP69: нд | BQ69: нд | BR69: 20.682963 | BS69: нд | BT69: нд | BU69: нд | BV69: нд | BW69: нд | BX69: нд
A70: 1.2.2.16 | B70: ВЛ 0,4 кВ от ТП1-07, ф.Вянгинская, г.Вытегра | C70: ='а) Идентификатор ИП'!E22 -> I_VL04_1.2.2.18 | D70: нд | E70: 2.6537369 | F70: нд | G70: нд | H70: нд | I70: нд | J70: нд | K70: нд | L70: нд | M70: нд | N70: нд | O70: нд | P70: нд | Q70: нд | R70: нд | S70: нд | T70: нд | U70: нд | V70: нд | W70: нд | X70: нд | Y70: нд | Z70: нд | AA70: нд | AB70: нд | AC70: нд | AD70: нд | AE70: нд | AF70: нд | AG70: нд | AH70: нд | AI70: нд | AJ70: нд | AK70: нд | AL70: нд | AM70: нд | AN70: нд | AO70: нд | AP70: 2.6537369 | AQ70: нд | AR70: нд | AS70: 2.93 | AT70: нд | AU70: нд | AV70: нд | AW70: нд | AX70: нд | AY70: нд | AZ70: нд | BA70: нд | BB70: нд | BC70: нд | BD70: 0 | BE70: нд | BF70: нд | BG70: нд | BH70: нд | BI70: нд | BJ70: нд | BK70: нд | BL70: нд | BM70: нд | BN70: нд | BO70: нд | BP70: нд | BQ70: нд | BR70: 2.6537369 | BS70: нд | BT70: нд | BU70: 2.93 | BV70: нд | BW70: нд | BX70: нд
A71: 1.2.2.17 | B71: ВЛ 0,4кВ от ТП1-26 ф.Пенсионный фонд, г.Вытегра | C71: ='а) Идентификатор ИП'!E23 -> I_VL04_1.2.2.19 | D71: нд | E71: 1.2957422 | F71: нд | G71: нд | H71: нд | I71: нд | J71: нд | K71: нд | L71: нд | M71: нд | N71: нд | O71: нд | P71: нд | Q71: нд | R71: нд | S71: нд | T71: нд | U71: нд | V71: нд | W71: нд | X71: нд | Y71: нд | Z71: нд | AA71: нд | AB71: нд | AC71: нд | AD71: нд | AE71: нд | AF71: нд | AG71: нд | AH71: нд | AI71: нд | AJ71: нд | AK71: нд | AL71: нд | AM71: нд | AN71: нд | AO71: нд | AP71: 1.2957422 | AQ71: нд | AR71: нд | AS71: 1.431 | AT71: нд | AU71: нд | AV71: нд | AW71: нд | AX71: нд | AY71: нд | AZ71: нд | BA71: нд | BB71: нд | BC71: нд | BD71: 0 | BE71: нд | BF71: нд | BG71: нд | BH71: нд | BI71: нд | BJ71: нд | BK71: нд | BL71: нд | BM71: нд | BN71: нд | BO71: нд | BP71: нд | BQ71: нд | BR71: 1.2957422 | BS71: нд | BT71: нд | BU71: 1.431 | BV71: нд | BW71: нд | BX71: нд
A72: 1.2.2.18 | B72: ВЛ 0,4 кВ от ТП-107, г.Харовск, ул.Зеленая | C72: ='а) Идентификатор ИП'!E24 -> I_VL04_1.2.2.20 | D72: нд | E72: 1.9467259 | F72: нд | G72: нд | H72: нд | I72: нд | J72: нд | K72: нд | L72: нд | M72: нд | N72: нд | O72: нд | P72: нд | Q72: нд | R72: нд | S72: нд | T72: нд | U72: нд | V72: нд | W72: нд | X72: нд | Y72: нд | Z72: нд | AA72: нд | AB72: нд | AC72: нд | AD72: нд | AE72: нд | AF72: нд | AG72: нд | AH72: нд | AI72: нд | AJ72: нд | AK72: нд | AL72: нд | AM72: нд | AN72: нд | AO72: нд | AP72: 1.9467259 | AQ72: нд | AR72: нд | AS72: 2.3 | AT72: нд | AU72: нд | AV72: нд | AW72: нд | AX72: нд | AY72: нд | AZ72: нд | BA72: нд | BB72: нд | BC72: нд | BD72: 0 | BE72: нд | BF72: нд | BG72: нд | BH72: нд | BI72: нд | BJ72: нд | BK72: нд | BL72: нд | BM72: нд | BN72: нд | BO72: нд | BP72: нд | BQ72: нд | BR72: 1.9467259 | BS72: нд | BT72: нд | BU72: 2.3 | BV72: нд | BW72: нд | BX72: нд
A73: 1.2.2.19 | B73: ВЛ 0,4 кВ от ТП-107, г.Харовск, ул.Советская | C73: ='а) Идентификатор ИП'!E25 -> I_VL04_1.2.2.21 | D73: нд | E73: 2.0827922 | F73: нд | G73: нд | H73: нд | I73: нд | J73: нд | K73: нд | L73: нд | M73: нд | N73: нд | O73: нд | P73: нд | Q73: нд | R73: нд | S73: нд | T73: нд | U73: нд | V73: нд | W73: нд | X73: нд | Y73: нд | Z73: нд | AA73: нд | AB73: нд | AC73: нд | AD73: нд | AE73: нд | AF73: нд | AG73: нд | AH73: нд | AI73: нд | AJ73: нд | AK73: нд | AL73: нд | AM73: нд | AN73: нд | AO73: нд | AP73: 2.0827922 | AQ73: нд | AR73: нд | AS73: 2.15 | AT73: нд | AU73: нд | AV73: нд | AW73: нд | AX73: нд | AY73: нд | AZ73: нд | BA73: нд | BB73: нд | BC73: нд | BD73: 0 | BE73: нд | BF73: нд | BG73: нд | BH73: нд | BI73: нд | BJ73: нд | BK73: нд | BL73: нд | BM73: нд | BN73: нд | BO73: нд | BP73: нд | BQ73: нд | BR73: 2.0827922 | BS73: нд | BT73: нд | BU73: 2.15 | BV73: нд | BW73: нд | BX73: нд
A74: 1.2.2.20 | B74: ВЛ 0,4 кВ от ТП-72, г.Сокол, ул.Пушкинская… | C74: ='а) Идентификатор ИП'!E26 -> I_VL04_1.2.2.22 | D74: нд | E74: 0.58873119 | F74: нд | G74: нд | H74: нд | I74: нд | J74: нд | K74: нд | L74: нд | M74: нд | N74: нд | O74: нд | P74: нд | Q74: нд | R74: нд | S74: нд | T74: нд | U74: нд | V74: нд | W74: нд | X74: нд | Y74: нд | Z74: нд | AA74: нд | AB74: нд | AC74: нд | AD74: нд | AE74: нд | AF74: нд | AG74: нд | AH74: нд | AI74: нд | AJ74: нд | AK74: нд | AL74: нд | AM74: нд | AN74: нд | AO74: нд | AP74: 0.58873119 | AQ74: нд | AR74: нд | AS74: 0.6 | AT74: нд | AU74: нд | AV74: нд | AW74: нд | AX74: нд | AY74: нд | AZ74: нд | BA74: нд | BB74: нд | BC74: нд | BD74: 0 | BE74: нд | BF74: нд | BG74: нд | BH74: нд | BI74: нд | BJ74: нд | BK74: нд | BL74: нд | BM74: нд | BN74: нд | BO74: нд | BP74: нд | BQ74: нд | BR74: 0.58873119 | BS74: нд | BT74: нд | BU74: 0.6 | BV74: нд | BW74: нд | BX74: нд
A75: 1.2.2.21 | B75: ВЛ-0,4кВ №1, №2, от ТП "Поселок" д.Поповка Череповецкого р-на | C75: ='а) Идентификатор ИП'!E27 -> I_VL04_1.2.2.23 | D75: нд | E75: 1.4727173 | F75: нд | G75: нд | H75: нд | I75: нд | J75: нд | K75: нд | L75: нд | M75: нд | N75: нд | O75: нд | P75: нд | Q75: нд | R75: нд | S75: нд | T75: нд | U75: нд | V75: нд | W75: нд | X75: нд | Y75: нд | Z75: нд | AA75: нд | AB75: нд | AC75: нд | AD75: нд | AE75: нд | AF75: нд | AG75: нд | AH75: нд | AI75: нд | AJ75: нд | AK75: нд | AL75: нд | AM75: нд | AN75: нд | AO75: нд | AP75: 1.4727173 | AQ75: нд | AR75: нд | AS75: 1.5 | AT75: нд | AU75: нд | AV75: нд | AW75: нд | AX75: нд | AY75: нд | AZ75: нд | BA75: нд | BB75: нд | BC75: нд | BD75: 0 | BE75: нд | BF75: нд | BG75: нд | BH75: нд | BI75: нд | BJ75: нд | BK75: нд | BL75: нд | BM75: нд | BN75: нд | BO75: нд | BP75: нд | BQ75: нд | BR75: 1.4727173 | BS75: нд | BT75: нд | BU75: 1.5 | BV75: нд | BW75: нд | BX75: нд
A76: 1.2.2.22 | B76: ВЛ-0,4 кВ ф. 3 от ТП№32 г. Бабаево | C76: ='а) Идентификатор ИП'!E28 -> I_VL04_1.2.2.24 | D76: нд | E76: 1.4727173 | F76: нд | G76: нд | H76: нд | I76: нд | J76: нд | K76: нд | L76: нд | M76: нд | N76: нд | O76: нд | P76: нд | Q76: нд | R76: нд | S76: нд | T76: нд | U76: нд | V76: нд | W76: нд | X76: нд | Y76: нд | Z76: нд | AA76: нд | AB76: нд | AC76: нд | AD76: нд | AE76: нд | AF76: нд | AG76: нд | AH76: нд | AI76: нд | AJ76: нд | AK76: нд | AL76: нд | AM76: нд | AN76: нд | AO76: нд | AP76: 1.4727173 | AQ76: нд | AR76: нд | AS76: 1.5 | AT76: нд | AU76: нд | AV76: нд | AW76: нд | AX76: нд | AY76: нд | AZ76: нд | BA76: нд | BB76: нд | BC76: нд | BD76: 0 | BE76: нд | BF76: нд | BG76: нд | BH76: нд | BI76: нд | BJ76: нд | BK76: нд | BL76: нд | BM76: нд | BN76: нд | BO76: нд | BP76: нд | BQ76: нд | BR76: 1.4727173 | BS76: нд | BT76: нд | BU76: 1.5 | BV76: нд | BW76: нд | BX76: нд
A77: 1.2.2.23 | B77: ВЛ-0,4кВ "Очистные" от КТП-№10 п.Хохлово | C77: ='а) Идентификатор ИП'!E29 -> I_VL04_1.2.2.25 | D77: нд | E77: 0.78527136 | F77: нд | G77: нд | H77: нд | I77: нд | J77: нд | K77: нд | L77: нд | M77: нд | N77: нд | O77: нд | P77: нд | Q77: нд | R77: нд | S77: нд | T77: нд | U77: нд | V77: нд | W77: нд | X77: нд | Y77: нд | Z77: нд | AA77: нд | AB77: нд | AC77: нд | AD77: нд | AE77: нд | AF77: нд | AG77: нд | AH77: нд | AI77: нд | AJ77: нд | AK77: нд | AL77: нд | AM77: нд | AN77: нд | AO77: нд | AP77: 0.78527136 | AQ77: нд | AR77: нд | AS77: 0.8 | AT77: нд | AU77: нд | AV77: нд | AW77: нд | AX77: нд | AY77: нд | AZ77: нд | BA77: нд | BB77: нд | BC77: нд | BD77: 0 | BE77: нд | BF77: нд | BG77: нд | BH77: нд | BI77: нд | BJ77: нд | BK77: нд | BL77: нд | BM77: нд | BN77: нд | BO77: нд | BP77: нд | BQ77: нд | BR77: 0.78527136 | BS77: нд | BT77: нд | BU77: 0.8 | BV77: нд | BW77: нд | BX77: нд
A78: 1.2.2.24 | B78: ВЛ-0,4кВ ул.50лет Победы от КТП-№61 п.Сазоново | C78: ='а) Идентификатор ИП'!E30 -> I_VL04_1.2.2.26 | D78: нд | E78: 1.4727173 | F78: нд | G78: нд | H78: нд | I78: нд | J78: нд | K78: нд | L78: нд | M78: нд | N78: нд | O78: нд | P78: нд | Q78: нд | R78: нд | S78: нд | T78: нд | U78: нд | V78: нд | W78: нд | X78: нд | Y78: нд | Z78: нд | AA78: нд | AB78: нд | AC78: нд | AD78: нд | AE78: нд | AF78: нд | AG78: нд | AH78: нд | AI78: нд | AJ78: нд | AK78: нд | AL78: нд | AM78: нд | AN78: нд | AO78: нд | AP78: 1.4727173 | AQ78: нд | AR78: нд | AS78: 1.5 | AT78: нд | AU78: нд | AV78: нд | AW78: нд | AX78: нд | AY78: нд | AZ78: нд | BA78: нд | BB78: нд | BC78: нд | BD78: 0 | BE78: нд | BF78: нд | BG78: нд | BH78: нд | BI78: нд | BJ78: нд | BK78: нд | BL78: нд | BM78: нд | BN78: нд | BO78: нд | BP78: нд | BQ78: нд | BR78: 1.4727173 | BS78: нд | BT78: нд | BU78: 1.5 | BV78: нд | BW78: нд | BX78: нд
A79: 1.2.2.25 | B79: ВЛ-0,4кВ ф.Исполкомовская, ВЛ-0,4кВ ф.Райисполкомовская от КТП-№5 п.Шексна | C79: ='а) Идентификатор ИП'!E31 -> I_VL04_1.2.2.27 | D79: нд | E79: 1.5696534 | F79: нд | G79: нд | H79: нд | I79: нд | J79: нд | K79: нд | L79: нд | M79: нд | N79: нд | O79: нд | P79: нд | Q79: нд | R79: нд | S79: нд | T79: нд | U79: нд | V79: нд | W79: нд | X79: нд | Y79: нд | Z79: нд | AA79: нд | AB79: нд | AC79: нд | AD79: нд | AE79: нд | AF79: нд | AG79: нд | AH79: нд | AI79: нд | AJ79: нд | AK79: нд | AL79: нд | AM79: нд | AN79: нд | AO79: нд | AP79: 1.5696534 | AQ79: нд | AR79: нд | AS79: 1.6 | AT79: нд | AU79: нд | AV79: нд | AW79: нд | AX79: нд | AY79: нд | AZ79: нд | BA79: нд | BB79: нд | BC79: нд | BD79: 0 | BE79: нд | BF79: нд | BG79: нд | BH79: нд | BI79: нд | BJ79: нд | BK79: нд | BL79: нд | BM79: нд | BN79: нд | BO79: нд | BP79: нд | BQ79: нд | BR79: 1.5696534 | BS79: нд | BT79: нд | BU79: 1.6 | BV79: нд | BW79: нд | BX79: нд
A80: 1.2.2.26 | B80: ВЛ-0,4кВ ф.Типография от КТП-№26 п.Шексна | C80: ='а) Идентификатор ИП'!E32 -> I_VL04_1.2.2.28 | D80: нд | E80: 0.78527136 | F80: нд | G80: нд | H80: нд | I80: нд | J80: нд | K80: нд | L80: нд | M80: нд | N80: нд | O80: нд | P80: нд | Q80: нд | R80: нд | S80: нд | T80: нд | U80: нд | V80: нд | W80: нд | X80: нд | Y80: нд | Z80: нд | AA80: нд | AB80: нд | AC80: нд | AD80: нд | AE80: нд | AF80: нд | AG80: нд | AH80: нд | AI80: нд | AJ80: нд | AK80: нд | AL80: нд | AM80: нд | AN80: нд | AO80: нд | AP80: 0.78527136 | AQ80: нд | AR80: нд | AS80: 0.8 | AT80: нд | AU80: нд | AV80: нд | AW80: нд | AX80: нд | AY80: нд | AZ80: нд | BA80: нд | BB80: нд | BC80: нд | BD80: 0 | BE80: нд | BF80: нд | BG80: нд | BH80: нд | BI80: нд | BJ80: нд | BK80: нд | BL80: нд | BM80: нд | BN80: нд | BO80: нд | BP80: нд | BQ80: нд | BR80: 0.78527136 | BS80: нд | BT80: нд | BU80: 0.8 | BV80: нд | BW80: нд | BX80: нд
A81: 1.2.2.27 | B81: ВЛ - 0,4 кВ ф.№1 от ТП№8 г. Бабаево | C81: ='а) Идентификатор ИП'!E33 -> J_VL04_1.2.2.29 | D81: нд | E81: 1.9636231 | F81: нд | G81: нд | H81: нд | I81: нд | J81: нд | K81: нд | L81: нд | M81: нд | N81: нд | O81: нд | P81: нд | Q81: нд | R81: нд | S81: нд | T81: нд | U81: нд | V81: нд | W81: нд | X81: нд | Y81: нд | Z81: нд | AA81: нд | AB81: нд | AC81: нд | AD81: нд | AE81: нд | AF81: нд | AG81: нд | AH81: нд | AI81: нд | AJ81: нд | AK81: нд | AL81: нд | AM81: нд | AN81: нд | AO81: нд | AP81: 0 | AQ81: нд | AR81: нд | AS81: нд | AT81: нд | AU81: нд | AV81: нд | AW81: нд | AX81: нд | AY81: нд | AZ81: нд | BA81: нд | BB81: нд | BC81: нд | BD81: 1.9636231 | BE81: нд | BF81: нд | BG81: 2 | BH81: нд | BI81: нд | BJ81: нд | BK81: нд | BL81: нд | BM81: нд | BN81: нд | BO81: нд | BP81: нд | BQ81: нд | BR81: 1.9636231 | BS81: нд | BT81: нд | BU81: 2 | BV81: нд | BW81: нд | BX81: нд
A82: 1.2.2.28 | B82: ВЛ-0,4 ТП1-109 ф.Никонова, Вытегра | C82: ='а) Идентификатор ИП'!E34 -> J_VL04_1.2.2.30 | D82: нд | E82: 1.3250898 | F82: нд | G82: нд | H82: нд | I82: нд | J82: нд | K82: нд | L82: нд | M82: нд | N82: нд | O82: нд | P82: нд | Q82: нд | R82: нд | S82: нд | T82: нд | U82: нд | V82: нд | W82: нд | X82: нд | Y82: нд | Z82: нд | AA82: нд | AB82: нд | AC82: нд | AD82: нд | AE82: нд | AF82: нд | AG82: нд | AH82: нд | AI82: нд | AJ82: нд | AK82: нд | AL82: нд | AM82: нд | AN82: нд | AO82: нд | AP82: 0 | AQ82: нд | AR82: нд | AS82: нд | AT82: нд | AU82: нд | AV82: нд | AW82: нд | AX82: нд | AY82: нд | AZ82: нд | BA82: нд | BB82: нд | BC82: нд | BD82: 1.3250898 | BE82: нд | BF82: нд | BG82: 1.35 | BH82: нд | BI82: нд | BJ82: нд | BK82: нд | BL82: нд | BM82: нд | BN82: нд | BO82: нд | BP82: нд | BQ82: нд | BR82: 1.3250898 | BS82: нд | BT82: нд | BU82: 1.35 | BV82: нд | BW82: нд | BX82: нд
A83: 1.2.2.29 | B83: ВЛ 0,4 кВ направлением "ТП8 - ф.Заречная-1, ф.Заречная-2", с.Шуйское | C83: ='а) Идентификатор ИП'!E35 -> J_VL04_1.2.2.31 | D83: нд | E83: 0.45266492 | F83: нд | G83: нд | H83: нд | I83: нд | J83: нд | K83: нд | L83: нд | M83: нд | N83: нд | O83: нд | P83: нд | Q83: нд | R83: нд | S83: нд | T83: нд | U83: нд | V83: нд | W83: нд | X83: нд | Y83: нд | Z83: нд | AA83: нд | AB83: нд | AC83: нд | AD83: нд | AE83: нд | AF83: нд | AG83: нд | AH83: нд | AI83: нд | AJ83: нд | AK83: нд | AL83: нд | AM83: нд | AN83: нд | AO83: нд | AP83: 0 | AQ83: нд | AR83: нд | AS83: нд | AT83: нд | AU83: нд | AV83: нд | AW83: нд | AX83: нд | AY83: нд | AZ83: нд | BA83: нд | BB83: нд | BC83: нд | BD83: 0.45266492 | BE83: нд | BF83: нд | BG83: 0.5 | BH83: нд | BI83: нд | BJ83: нд | BK83: нд | BL83: нд | BM83: нд | BN83: нд | BO83: нд | BP83: нд | BQ83: нд | BR83: 0.45266492 | BS83: нд | BT83: нд | BU83: 0.5 | BV83: нд | BW83: нд | BX83: нд
A84: 1.2.2.30 | B84: ВЛ 0,4 кВ направлением от КТП-42, г.Тотьма | C84: ='а) Идентификатор ИП'!E36 -> J_VL04_1.2.2.32 | D84: нд | E84: 0.81550831 | F84: нд | G84: нд | H84: нд | I84: нд | J84: нд | K84: нд | L84: нд | M84: нд | N84: нд | O84: нд | P84: нд | Q84: нд | R84: нд | S84: нд | T84: нд | U84: нд | V84: нд | W84: нд | X84: нд | Y84: нд | Z84: нд | AA84: нд | AB84: нд | AC84: нд | AD84: нд | AE84: нд | AF84: нд | AG84: нд | AH84: нд | AI84: нд | AJ84: нд | AK84: нд | AL84: нд | AM84: нд | AN84: нд | AO84: нд | AP84: 0 | AQ84: нд | AR84: нд | AS84: нд | AT84: нд | AU84: нд | AV84: нд | AW84: нд | AX84: нд | AY84: нд | AZ84: нд | BA84: нд | BB84: нд | BC84: нд | BD84: 0.81550831 | BE84: нд | BF84: нд | BG84: 0.9 | BH84: нд | BI84: нд | BJ84: нд | BK84: нд | BL84: нд | BM84: нд | BN84: нд | BO84: нд | BP84: нд | BQ84: нд | BR84: 0.81550831 | BS84: нд | BT84: нд | BU84: 0.9 | BV84: нд | BW84: нд | BX84: нд
B85: Воздушные линии 6-10 кВ. | E85: 51.694511 | F85: нд | G85: нд | H85: нд | I85: нд | J85: нд | K85: нд | L85: нд | M85: нд | N85: нд | O85: нд | P85: нд | Q85: нд | R85: нд | S85: нд | T85: нд | U85: нд | V85: нд | W85: нд | X85: нд | Y85: нд | Z85: нд | AA85: нд | AB85: нд | AC85: нд | AD85: нд | AE85: нд | AF85: нд | AG85: нд | AH85: нд | AI85: нд | AJ85: нд | AK85: нд | AL85: нд | AM85: нд | AN85: нд | AO85: нд | AP85: 35.057075 | AQ85: нд | AR85: нд | AS85: нд | AT85: нд | AU85: нд | AV85: нд | AW85: нд | AX85: нд | AY85: нд | AZ85: нд | BA85: нд | BB85: нд | BC85: нд | BD85: 16.637437 | BE85: нд | BF85: нд | BG85: нд | BH85: нд | BI85: нд | BJ85: нд | BK85: нд | BL85: нд | BM85: нд | BN85: нд | BO85: нд | BP85: нд | BQ85: нд | BR85: 51.694511 | BS85: нд | BT85: нд | BU85: нд | BV85: нд | BW85: нд | BX85: нд
A86: 1.2.2.30 | B86: ВЛ-10кВ фидер «город Тотьма» от районной ПС 110/35/10 кВ «Тотьма-1» до РП-1 г. Тотьма | C86: ='а) Идентификатор ИП'!E38 -> I_VL10_1.2.2.33 | D86: нд | E86: 10.75635 | F86: нд | G86: нд | H86: нд | I86: нд | J86: нд | K86: нд | L86: нд | M86: нд | N86: нд | O86: нд | P86: нд | Q86: нд | R86: нд | S86: нд | T86: нд | U86: нд | V86: нд | W86: нд | X86: нд | Y86: нд | Z86: нд | AA86: нд | AB86: нд | AC86: нд | AD86: нд | AE86: нд | AF86: нд | AG86: нд | AH86: нд | AI86: нд | AJ86: нд | AK86: нд | AL86: нд | AM86: нд | AN86: нд | AO86: нд | AP86: 10.75635 | AQ86: нд | AR86: нд | AS86: 5.6 | AT86: нд | AU86: нд | AV86: нд | AW86: нд | AX86: нд | AY86: нд | AZ86: нд | BA86: нд | BB86: нд | BC86: нд | BD86: 0 | BE86: нд | BF86: нд | BG86: нд | BH86: нд | BI86: нд | BJ86: нд | BK86: нд | BL86: нд | BM86: нд | BN86: нд | BO86: нд | BP86: нд | BQ86: нд | BR86: 10.75635 | BS86: нд | BT86: нд | BU86: 5.6 | BV86: нд | BW86: нд | BX86: нд
A87: 1.2.2.31 | B87: ВЛ-10 кВ "Колошма" Бабаевского р-на | C87: ='а) Идентификатор ИП'!E39 -> I_VL10_1.2.2.34 | D87: нд | E87: 7.9994517 | F87: нд | G87: нд | H87: нд | I87: нд | J87: нд | K87: нд | L87: нд | M87: нд | N87: нд | O87: нд | P87: нд | Q87: нд | R87: нд | S87: нд | T87: нд | U87: нд | V87: нд | W87: нд | X87: нд | Y87: нд | Z87: нд | AA87: нд | AB87: нд | AC87: нд | AD87: нд | AE87: нд | AF87: нд | AG87: нд | AH87: нд | AI87: нд | AJ87: нд | AK87: нд | AL87: нд | AM87: нд | AN87: нд | AO87: нд | AP87: 7.9994517 | AQ87: нд | AR87: нд | AS87: 7 | AT87: нд | AU87: нд | AV87: нд | AW87: нд | AX87: нд | AY87: нд | AZ87: нд | BA87: нд | BB87: нд | BC87: нд | BD87: 0 | BE87: нд | BF87: нд | BG87: нд | BH87: нд | BI87: нд | BJ87: нд | BK87: нд | BL87: нд | BM87: нд | BN87: нд | BO87: нд | BP87: нд | BQ87: нд | BR87: 7.9994517 | BS87: нд | BT87: нд | BU87: 7 | BV87: нд | BW87: нд | BX87: нд
A88: 1.2.2.32 | B88: ВЛ-10 кВ на КТП №61 п.Сазоново Чагодощенского р-на | C88: ='а) Идентификатор ИП'!E40 -> I_VL10_1.2.2.35 | D88: нд | E88: 0.75859169 | F88: нд | G88: нд | H88: нд | I88: нд | J88: нд | K88: нд | L88: нд | M88: нд | N88: нд | O88: нд | P88: нд | Q88: нд | R88: нд | S88: нд | T88: нд | U88: нд | V88: нд | W88: нд | X88: нд | Y88: нд | Z88: нд | AA88: нд | AB88: нд | AC88: нд | AD88: нд | AE88: нд | AF88: нд | AG88: нд | AH88: нд | AI88: нд | AJ88: нд | AK88: нд | AL88: нд | AM88: нд | AN88: нд | AO88: нд | AP88: 0.75859169 | AQ88: нд | AR88: нд | AS88: 0.4 | AT88: нд | AU88: нд | AV88: нд | AW88: нд | AX88: нд | AY88: нд | AZ88: нд | BA88: нд | BB88: нд | BC88: нд | BD88: 0 | BE88: нд | BF88: нд | BG88: нд | BH88: нд | BI88: нд | BJ88: нд | BK88: нд | BL88: нд | BM88: нд | BN88: нд | BO88: нд | BP88: нд | BQ88: нд | BR88: 0.75859169 | BS88: нд | BT88: нд | BU88: 0.4 | BV88: нд | BW88: нд | BX88: нд
A89: 1.2.2.33 | B89: ВЛ-10 кВ на ТП "Поселок" д.Поповка Череповецкого р-на | C89: ='а) Идентификатор ИП'!E41 -> I_VL10_1.2.2.36 | D89: нд | E89: 0.75859169 | F89: нд | G89: нд | H89: нд | I89: нд | J89: нд | K89: нд | L89: нд | M89: нд | N89: нд | O89: нд | P89: нд | Q89: нд | R89: нд | S89: нд | T89: нд | U89: нд | V89: нд | W89: нд | X89: нд | Y89: нд | Z89: нд | AA89: нд | AB89: нд | AC89: нд | AD89: нд | AE89: нд | AF89: нд | AG89: нд | AH89: нд | AI89: нд | AJ89: нд | AK89: нд | AL89: нд | AM89: нд | AN89: нд | AO89: нд | AP89: 0.75859169 | AQ89: нд | AR89: нд | AS89: 0.4 | AT89: нд | AU89: нд | AV89: нд | AW89: нд | AX89: нд | AY89: нд | AZ89: нд | BA89: нд | BB89: нд | BC89: нд | BD89: 0 | BE89: нд | BF89: нд | BG89: нд | BH89: нд | BI89: нд | BJ89: нд | BK89: нд | BL89: нд | BM89: нд | BN89: нд | BO89: нд | BP89: нд | BQ89: нд | BR89: 0.75859169 | BS89: нд | BT89: нд | BU89: 0.4 | BV89: нд | BW89: нд | BX89: нд
A90: 1.2.2.34 | B90: ЛЭП №2 (г.Вологда, ул.8-я Садовая, Цветочная) | C90: ='а) Идентификатор ИП'!E42 -> I_VL10_1.2.2.37 | D90: нд | E90: 4.9704208 | F90: нд | G90: нд | H90: нд | I90: нд | J90: нд | K90: нд | L90: нд | M90: нд | N90: нд | O90: нд | P90: нд | Q90: нд | R90: нд | S90: нд | T90: нд | U90: нд | V90: нд | W90: нд | X90: нд | Y90: нд | Z90: нд | AA90: нд | AB90: нд | AC90: нд | AD90: нд | AE90: нд | AF90: нд | AG90: нд | AH90: нд | AI90: нд | AJ90: нд | AK90: нд | AL90: нд | AM90: нд | AN90: нд | AO90: нд | AP90: 4.9704208 | AQ90: нд | AR90: нд | AS90: 1.2 | AT90: нд | AU90: нд | AV90: нд | AW90: нд | AX90: нд | AY90: нд | AZ90: нд | BA90: нд | BB90: нд | BC90: нд | BD90: 0 | BE90: нд | BF90: нд | BG90: нд | BH90: нд | BI90: нд | BJ90: нд | BK90: нд | BL90: нд | BM90: нд | BN90: нд | BO90: нд | BP90: нд | BQ90: нд | BR90: 4.9704208 | BS90: нд | BT90: нд | BU90: 1.2 | BV90: нд | BW90: нд | BX90: нд
A91: 1.2.2.35 | B91: ЛЭП №3 (г.Вологда, ул.Луначарского) | C91: ='а) Идентификатор ИП'!E43 -> I_VL10_1.2.2.38 | D91: нд | E91: 1.8142169 | F91: нд | G91: нд | H91: нд | I91: нд | J91: нд | K91: нд | L91: нд | M91: нд | N91: нд | O91: нд | P91: нд | Q91: нд | R91: нд | S91: нд | T91: нд | U91: нд | V91: нд | W91: нд | X91: нд | Y91: нд | Z91: нд | AA91: нд | AB91: нд | AC91: нд | AD91: нд | AE91: нд | AF91: нд | AG91: нд | AH91: нд | AI91: нд | AJ91: нд | AK91: нд | AL91: нд | AM91: нд | AN91: нд | AO91: нд | AP91: 1.8142169 | AQ91: нд | AR91: нд | AS91: 0.96 | AT91: нд | AU91: нд | AV91: нд | AW91: нд | AX91: нд | AY91: нд | AZ91: нд | BA91: нд | BB91: нд | BC91: нд | BD91: 0 | BE91: нд | BF91: нд | BG91: нд | BH91: нд | BI91: нд | BJ91: нд | BK91: нд | BL91: нд | BM91: нд | BN91: нд | BO91: нд | BP91: нд | BQ91: нд | BR91: 1.8142169 | BS91: нд | BT91: нд | BU91: 0.96 | BV91: нд | BW91: нд | BX91: нд
A92: 1.2.2.36 | B92: ВЛ-10кВ "Колошма" Бабаевского р-на | C92: ='а) Идентификатор ИП'!E44 -> I_VL10_1.2.2.39 | D92: нд | E92: 7.9994517 | F92: нд | G92: нд | H92: нд | I92: нд | J92: нд | K92: нд | L92: нд | M92: нд | N92: нд | O92: нд | P92: нд | Q92: нд | R92: нд | S92: нд | T92: нд | U92: нд | V92: нд | W92: нд | X92: нд | Y92: нд | Z92: нд | AA92: нд | AB92: нд | AC92: нд | AD92: нд | AE92: нд | AF92: нд | AG92: нд | AH92: нд | AI92: нд | AJ92: нд | AK92: нд | AL92: нд | AM92: нд | AN92: нд | AO92: нд | AP92: 7.9994517 | AQ92: нд | AR92: нд | AS92: 7 | AT92: нд | AU92: нд | AV92: нд | AW92: нд | AX92: нд | AY92: нд | AZ92: нд | BA92: нд | BB92: нд | BC92: нд | BD92: 0 | BE92: нд | BF92: нд | BG92: нд | BH92: нд | BI92: нд | BJ92: нд | BK92: нд | BL92: нд | BM92: нд | BN92: нд | BO92: нд | BP92: нд | BQ92: нд | BR92: 7.9994517 | BS92: нд | BT92: нд | BU92: 7 | BV92: нд | BW92: нд | BX92: нд
A93: 1.2.2.37 | B93: ВЛ-6кВ ф.9 с ПС Белоусово г.Вытегра | C93: ='а) Идентификатор ИП'!E45 -> J_VL10_1.2.2.40 | D93: нд | E93: 4.7978924 | F93: нд | G93: нд | H93: нд | I93: нд | J93: нд | K93: нд | L93: нд | M93: нд | N93: нд | O93: нд | P93: нд | Q93: нд | R93: нд | S93: нд | T93: нд | U93: нд | V93: нд | W93: нд | X93: нд | Y93: нд | Z93: нд | AA93: нд | AB93: нд | AC93: нд | AD93: нд | AE93: нд | AF93: нд | AG93: нд | AH93: нд | AI93: нд | AJ93: нд | AK93: нд | AL93: нд | AM93: нд | AN93: нд | AO93: нд | AP93: 0 | AQ93: нд | AR93: нд | AS93: нд | AT93: нд | AU93: нд | AV93: нд | AW93: нд | AX93: нд | AY93: нд | AZ93: нд | BA93: нд | BB93: нд | BC93: нд | BD93: 4.7978924 | BE93: нд | BF93: нд | BG93: 2.53 | BH93: нд | BI93: нд | BJ93: нд | BK93: нд | BL93: нд | BM93: нд | BN93: нд | BO93: нд | BP93: нд | BQ93: нд | BR93: 4.7978924 | BS93: нд | BT93: нд | BU93: 2.53 | BV93: нд | BW93: нд | BX93: нд
A94: 1.2.2.38 | B94: ЛЭП 10 кВ ф."Липин Бор" от ПС 110/35/10 кВ "Вашки" | C94: ='а) Идентификатор ИП'!E46 -> J_VL10_1.2.2.41 | D94: нд | E94: 11.839544 | F94: нд | G94: нд | H94: нд | I94: нд | J94: нд | K94: нд | L94: нд | M94: нд | N94: нд | O94: нд | P94: нд | Q94: нд | R94: нд | S94: нд | T94: нд | U94: нд | V94: нд | W94: нд | X94: нд | Y94: нд | Z94: нд | AA94: нд | AB94: нд | AC94: нд | AD94: нд | AE94: нд | AF94: нд | AG94: нд | AH94: нд | AI94: нд | AJ94: нд | AK94: нд | AL94: нд | AM94: нд | AN94: нд | AO94: нд | AP94: 0 | AQ94: нд | AR94: нд | AS94: нд | AT94: нд | AU94: нд | AV94: нд | AW94: нд | AX94: нд | AY94: нд | AZ94: нд | BA94: нд | BB94: нд | BC94: нд | BD94: 11.839544 | BE94: нд | BF94: нд | BG94: 10.36 | BH94: нд | BI94: нд | BJ94: нд | BK94: нд | BL94: нд | BM94: нд | BN94: нд | BO94: нд | BP94: нд | BQ94: нд | BR94: 11.839544 | BS94: нд | BT94: нд | BU94: 10.36 | BV94: нд | BW94: нд | BX94: нд
B95: ТП, РП, ПС. | D95: нд | E95: 180.44255 | F95: нд | G95: нд | H95: нд | I95: нд | J95: нд | K95: нд | L95: нд | M95: нд | N95: нд | O95: нд | P95: нд | Q95: нд | R95: нд | S95: нд | T95: нд | U95: нд | V95: нд | W95: нд | X95: нд | Y95: нд | Z95: нд | AA95: нд | AB95: нд | AC95: нд | AD95: нд | AE95: нд | AF95: нд | AG95: нд | AH95: нд | AI95: нд | AJ95: нд | AK95: нд | AL95: нд | AM95: нд | AN95: нд | AO95: нд | AP95: 48.651251 | AQ95: нд | AR95: нд | AS95: нд | AT95: нд | AU95: нд | AV95: нд | AW95: нд | AX95: нд | AY95: нд | AZ95: нд | BA95: нд | BB95: нд | BC95: нд | BD95: 131.7913 | BE95: нд | BF95: нд | BG95: нд | BH95: нд | BI95: нд | BJ95: нд | BK95: нд | BL95: нд | BM95: нд | BN95: нд | BO95: нд | BP95: нд | BQ95: нд | BR95: 180.44255 | BS95: нд | BT95: нд | BU95: нд | BV95: нд | BW95: нд | BX95: нд
A96: 1.2.2.38 | B96: Реконструкция РТП-27 с заменой оборудования, КСО на I с.ш., г.Вологда | C96: ='а) Идентификатор ИП'!E48 -> I_RP_1.2.2.42 | D96: нд | E96: 16.094061 | F96: нд | G96: нд | H96: нд | I96: нд | J96: нд | K96: нд | L96: нд | M96: нд | N96: нд | O96: нд | P96: нд | Q96: нд | R96: нд | S96: нд | T96: нд | U96: нд | V96: нд | W96: нд | X96: нд | Y96: нд | Z96: нд | AA96: нд | AB96: нд | AC96: нд | AD96: нд | AE96: нд | AF96: нд | AG96: нд | AH96: нд | AI96: нд | AJ96: нд | AK96: нд | AL96: нд | AM96: нд | AN96: нд | AO96: нд | AP96: 16.094061 | AQ96: нд | AR96: нд | AS96: нд | AT96: нд | AU96: 11 | AV96: нд | AW96: нд | AX96: нд | AY96: нд | AZ96: нд | BA96: нд | BB96: нд | BC96: нд | BD96: 0 | BE96: нд | BF96: нд | BG96: нд | BH96: нд | BI96: нд | BJ96: нд | BK96: нд | BL96: нд | BM96: нд | BN96: нд | BO96: нд | BP96: нд | BQ96: нд | BR96: 16.094061 | BS96: нд | BT96: нд | BU96: нд | BV96: нд | BW96: 11 | BX96: нд
